Workbook
Name \0: #REF!
Name \0: #REF!
Name \m: #REF!
Name \m: #REF!
Name \qe2: #REF!
Name \qe2: #REF!
Name \s: #REF!
Name \s: #REF!
Name \z: #REF!
Name \z: #REF!
Name _: #REF!
Name _: #REF!
Name ___RF1996: #REF!
Name ___RF1996: #REF!
Name ___RF1998: #REF!
Name ___RF1998: #REF!
Name ___RF1999: #REF!
Name ___RF1999: #REF!
Name ___RF2000: #REF!
Name ___RF2001: #REF!
Name ___SP1996: #REF!
Name ___SP1998: #REF!
Name ___SP1999: #REF!
Name ___SP2000: #REF!
Name ___SP2001: #REF!
Name __MND5: #REF!
Name __RF1996: #REF!
Name __RF1998: #REF!
Name __RF1999: #REF!
Name __RF2000: #REF!
Name __RF2001: #REF!
Name __SP1996: #REF!
Name __SP1998: #REF!
Name __SP1999: #REF!
Name __SP2000: #REF!
Name __SP2001: #REF!
Name _Hlk77840526: #REF!
Name _Hlk77840526: #REF!
Name _MND5: #REF!
Name _MND5: #REF!
Name _PCF1: #N/A
Name _PCF2: #N/A
Name _PCF3: #N/A
Name _PCF4: #N/A
Name _RCK10: #REF!
Name _RCK15: #REF!
Name _RCK20: #REF!
Name _RCK25: #REF!
Name _RCK30: #REF!
Name _RCK35: #REF!
Name _RF1996: #REF!
Name _RF1998: #REF!
Name _RF1999: #REF!
Name _RF2000: #REF!
Name _RF2001: #REF!
Name _SP1996: #REF!
Name _SP1998: #REF!
Name _SP1999: #REF!
Name _SP2000: #REF!
Name _SP2001: #REF!

Sheet IN
B2: INSERIRE I DATI / COMPILARE SOLO IL FOGLIO "IN" (INPUT) / PAGINA DI INPUT DA NON STAMPARE
I3: RICAVI
B4: ID Investimento | C4: Comune di Lodi (LO) | H4: Composizione canone futuro € + IVA | I4: € + IVA anno 1
B5: Tipo richiesta autorizzat.: | C5: Autorizz. Inv. a Budget | H5: energia elettrica | I5: =C16*C18 -> 183534.64
H6: gestione + manutenzione + oneri sicurezza gestione e manutenzione IP | I6: =C22*C15 -> 187023
B7: Data compilazione | C7: 46079 | H7: gestione + manutenzione + oneri sicurezza gestione e manutenzione IS | I7: =D15*60 -> 19860
H8: Quota annua lavori/servizi extra a scelta del Comune | I8: 40000
H9: servizio luminarie | I9: 60000
B10: Centro di responsabilità | C10: Alessandro Battistini | H10: rata della somma: lavori + oneri sicurezza lavori + spese tecniche e di gara | I10: =-PMT(C42,C47,I44) -> 363630.46
B11: Richiedente | C11: Alessandro Battistini | H11: totale | I11: =SUM(I5:I10) -> 854048.1
B13: INFO Composizione CANONE € + IVA | C13: PL | D13: LANTERNE SEM | I13: opz1 (con quota annua lavori/servizi extra a scelta del Comune | J13: opz1 (senza quota annua lavori/servizi extra a scelta del Comune)
B14: numero unità situazione attuale | C14: 5987 | D14: 331 | H14: VAN progetto | I14: ='RF VAL_INV opz1'!C15 -> 33936.803 | J14: ='RF VAL_INV opz2'!C15 -> 11362.223
B15: numero unità situazione futura | C15: 6033 | D15: 331 | H15: TIR progetto | I15: ='RF VAL_INV opz1'!C16 -> 0.050486187 | J15: ='RF VAL_INV opz2'!C16 -> 0.050029921
B16: €/kWh costi | C16: 0.226 | D16: =C16-0.001 -> 0.225 | H16: VAN azionista | I16: ='RF VAL_INV opz1'!C34 -> 91800.797 | J16: ='RF VAL_INV opz2'!C34 -> 73280.879
B17: kWh/anno energia elettrica attuale | C17: 3448385.8 | D17: =C17/4200/$C$14*1000 -> 137.13784 | H17: TIR azionista | I17: ='RF VAL_INV opz1'!C35 -> 0.074180324 | J17: ='RF VAL_INV opz2'!C35 -> 0.073390158
B18: kWh/anno energia elettrica futuro | C18: 812100.16 | D18: =C18/4200/$C$15*1000 -> 32.049922 | H18: ADSCR | I18: ='RF VAL_INV opz1'!C57 -> 2.5264318 | J18: ='RF VAL_INV opz2'!C57 -> 2.516077
H19: LLCR | I19: ='RF VAL_INV opz1'!C58 -> 1.9733324 | J19: ='RF VAL_INV opz2'!C58 -> 1.9651558
H20: Payback Period (anni) Discounted Cash Flow | I20: ='RF VAL_INV opz1'!C40 -> 23 | J20: ='RF VAL_INV opz2'!C40 -> 24
H21: Payback Period (anni) Cash Flow | I21: ='RF VAL_INV opz1'!C41 -> 15 | J21: ='RF VAL_INV opz2'!C41 -> 15
B22: €/pl + iva gestione e manutenzione | C22: 31
K23: giorni | L23: mesi | M23: anni
I24: data inizio | J24: data fine | K24: =J25-I25 -> #VALUE! | L24: =ROUND(K24/(365/12),2) -> #VALUE! | M24: =ROUND(K24/365,2) -> #VALUE!
C25: COSTI | H25: Progetto | I25: 0/01 | J25: 31/01 | K25: =J26-I26 -> 27 | L25: =ROUND(K25/(365/12),2) -> 0.89 | M25: =ROUND(K25/365,2) -> 0.07
B26: Manutenzione - manodopera | C26: ='Riepilogo Servizio'!D16 -> 53015.85 | D26: =C26/($C$15+$D$15) -> 8.3305861 | H26: validazione e approvazione PE | I26: 01/02 | J26: 28/02 | K26: =J27-I27 -> 274 | L26: =ROUND(K26/(365/12),2) -> 9.01 | M26: =ROUND(K26/365,2) -> 0.75
B27: Manutenzione - materiale | C27: ='Riepilogo Servizio'!F16 -> 17372.355 | D27: =C27/($C$15+$D$15) -> 2.7297855 | H27: Realizzazione | I27: 01/03 | J27: 30/11 | K27: =J28-I28 -> 30 | L27: =ROUND(K27/(365/12),2) -> 0.99 | M27: =ROUND(K27/365,2) -> 0.08
B28: Manutenzione - attrezzature | C28: ='Riepilogo Servizio'!G21 -> 7234.92 | D28: =C28/($C$15+$D$15) -> 1.136851 | H28: Collaudo/Rilascio | I28: 01/12 | J28: 31/12 | K28: =SUM(K24:K27) -> #VALUE! | L28: =ROUND(K28/(365/12),2) -> #VALUE! | M28: =ROUND(K28/365,2) -> #VALUE!
B29: Manutenzione - spese tecniche | C29: ='Riepilogo Servizio'!G25 -> 5751.45 | D29: =C29/($C$15+$D$15) -> 0.90374764 | H29: guardare la corrispondenza tra durata lavori iniziali | J29: totale | L29: durata lavori iniziali | M29: =C49 -> 1
B30: call center | C30: ='Riepilogo Servizio'!G26 -> 2496 | D30: =C30/($C$15+$D$15) -> 0.39220616 | H30: e scorcio temporale tra data avvio progetto e data fine collaudo/rilascio
B31: sistemi informativi | C31: ='Riepilogo Servizio'!G27 -> 3118.5 | D31: =C31/($C$15+$D$15) -> 0.490022
B32: reperibilità e pronto intervento | C32: ='Riepilogo Servizio'!G28 -> 12474 | D32: =C32/($C$15+$D$15) -> 1.960088
B33: servizio luminarie | C33: 48000 | D33: =C33/($C$15+$D$15) -> 7.5424261
B34: materiale di consumo | C34: ='Riepilogo Servizio'!G29 -> 3118.5 | D34: =C34/($C$15+$D$15) -> 0.490022 | H34: Ente erogatore contributo | I34: =C4 -> Comune di Lodi (LO)
B35: lavori/servizi a scelta del Comune | C35: 38000 | D35: =C35/($C$15+$D$15) -> 5.9710874 | H35: Importo lavori | I35: ='QUADRO ECONOMICO'!C3 -> 4982526 | J35: =I35/$C$15 -> 825.87867
B36: FTE medi annui personale | C36: 0.04 | H36: Oneri di sicurezza sui lavori | I36: ='QUADRO ECONOMICO'!C4 -> 99650.52 | J36: =I36/$C$15 -> 16.517573
B37: Costo medio | C37: 46830.95 | H37: spese tecniche e di gara per investimento | I37: ='QUADRO ECONOMICO'!C11+'QUADRO ECONOMICO'!C15+'QUADRO ECONOMICO'!C17 -> 1369347 | J37: =I37/$C$15 -> 226.97613
B38: personale | C38: =C37*C36 -> 1873.238 | D38: =C38/($C$15+$D$15) -> 0.29434915 | H38: spese da QE non investimento: somme a disposizione extra-canone a carico del Comune | I38: ='QUADRO ECONOMICO'!C14+'QUADRO ECONOMICO'!C16+'QUADRO ECONOMICO'!C18 -> 199875.78 | J38: =I38/$C$15 -> 33.130413
B39: spese generali | C39: 5000 | D39: =C39/($C$15+$D$15) -> 0.78566939 | H39: Totale QE | I39: =SUM(I35:I38) -> 6651399.3 | J39: =I39/$C$15 -> 1102.5028
B40: Totale | C40: =SUM(C26:C34)+C38+C39 -> 159454.81 | D40: =C40/(C15+D15) -> 25.055753
B42: tasso % rata lavori Comune | C42: 0.0399 | H42: Totale investimento soggetto ad ammortamento | I42: =(I35/1.265)+I36+I37 -> 5407753.2
B43: tasso % rata lavori HL | C43: 0.0279 | H43: Contributo economico iniziale da parte del Comune | I43: =SUM(K57:K60) -> 0
B44: WACC | C44: ='WACC+FONTI'!C29 -> 0.0498 | H44: Totale investimento soggetto ad ammortamento - contributo economico iniziale da parte del Comune | I44: =I42-I43 -> 5407753.2
B45: Ke | C45: ='WACC+FONTI'!C17 -> 0.070248069
B47: Durata commessa (anni) | C47: 23 | D47: max 30 anni | H47: spese predisposizione offerta e progetto di fattibilità | I47: ='QUADRO ECONOMICO'!C8 -> 116563.15
B48: anni finanziamento | C48: =C47 -> 23 | D48: max 30 anni
B49: periodo variazione iniziale energia (anni) | C49: 1 | D49: max 4 anni
B51: Anno di inizio commessa e di avvio lavori | C51: =YEAR(C7)+1 -> 2027 | R51: 2025 | S51: 2024
B52: Anno di fine | C52: =C51+C47-1 -> 2049 | M52: investimento a debito | P52: 0.4828 | Q52: =(SUM($J$57:$J$60)-SUM($K$57:$K$58))*P52 -> 2610863.3 | R52: 0.4955 | S52: 0.5376
B53: IVA % | C53: 0.22 | M53: investimento equity | P53: =1-P52 -> 0.5172 | Q53: =(SUM($J$57:$J$60)-SUM($K$57:$K$58))*P53 -> 2796890 | R53: =1-R52 -> 0.5045 | S53: 0.4624
B54: IRES | C54: 0.24 | K54: =J55-K55 -> 5407753.2 | M54: investimento totale | P54: =SUM(P52:P53) -> 1 | Q54: =SUM(Q52:Q53) -> 5407753.2 | R54: somma sempre = 100%
B55: IRAP | C55: 0.042 | F55: somma 100 % = | G55: =SUM(G57:G60) -> 1 | J55: =SUM(J57:J60) -> 5407753.2 | K55: =SUM(K57:K58) -> 0
E56: ANNO | F56: ANNO | G56: % | H56: IMPORTO LAVORI + ONERI SICUREZZA LAVORI oltre IVA | I56: SPESE TECNICHE INIZIALI per INVESTIMENTO oltre IVA | J56: IMPORTO LAVORI + ONERI SICUREZZA LAVORI + SPESE TECNICHE oltre IVA | K56: CONTRIBUTO INIZIALE COMUNE oltre IVA | M56: ANNO | N56: ANNO | O56: RATA | P56: QUOTA C | Q56: QUOTA I | R56: K RES
B57: CAPITALE CIRCOLANTE | E57: 1 | F57: =C51 -> 2027 | G57: 1 | H57: =G57*(($I$35/1.265)+$I$36) -> 4038406.3 | I57: =$I$37 -> 1369347 | J57: =H57+I57 -> 5407753.2 | K57: 0 | M57: 1 | N57: =C51 -> 2027 | O57: =IF(M57<=$C$48,PMT($C$43,$C$48,$Q$52)*-1,0) -> 155330.15 | P57: =IF(M57<=$C$48,IF(O57<>0,O57-Q57,0),0) -> 82487.061 | Q57: =IF(M57<=$C$48,IF(O57<>0,$C$43*$Q$52,0),0) -> 72843.085 | R57: =IF(M57<=$C$48,IF(O57<>0,$Q$52-P57,0),0) -> 2528376.2
B58: Giorni Pagamento (nr. giorni): | C58: 60 | E58: =E57+1 -> 2 | F58: =F57+1 -> 2028 | G58: 0 | H58: =(G58*($I$35+$I$36))/1.1 -> 0 | J58: =H58+I58 -> 0 | K58: 0 | M58: =M57+1 -> 2 | N58: =N57+1 -> 2028 | O58: =IF(M58<=$C$48,PMT($C$43,$C$48,$Q$52)*-1,0) -> 155330.15 | P58: =IF(M58<=$C$48,IF(O58<>0,O58-Q58,0),0) -> 84788.45 | Q58: =IF(M58<=$C$48,IF(O58<>0,R57*$C$43,0),0) -> 70541.696 | R58: =IF(M58<=$C$48,R57-P58,0) -> 2443587.7
B59: Giorni Incasso (nr. giorni): | C59: 60 | E59: =E58+1 -> 3 | F59: =F58+1 -> 2029 | G59: 0 | H59: =G59*($I$35+$I$36) -> 0 | J59: =H59+I59 -> 0 | M59: =M58+1 -> 3 | N59: =N58+1 -> 2029 | O59: =IF(M59<=$C$48,PMT($C$43,$C$48,$Q$52)*-1,0) -> 155330.15 | P59: =IF(M59<=$C$48,IF(O59<>0,O59-Q59,0),0) -> 87154.048 | Q59: =IF(M59<=$C$48,IF(O59<>0,R58*$C$43,0),0) -> 68176.098 | R59: =IF(M59<=$C$48,R58-P59,0) -> 2356433.7
B60: Rotazione Magazzino (nr. giorni): | C60: 0 | E60: =E59+1 -> 4 | F60: =F59+1 -> 2030 | G60: 0 | H60: =G60*($I$35+$I$36) -> 0 | J60: =H60+I60 -> 0 | M60: =M59+1 -> 4 | N60: =N59+1 -> 2030 | O60: =IF(M60<=$C$48,PMT($C$43,$C$48,$Q$52)*-1,0) -> 155330.15 | P60: =IF(M60<=$C$48,IF(O60<>0,O60-Q60,0),0) -> 89585.646 | Q60: =IF(M60<=$C$48,IF(O60<>0,R59*$C$43,0),0) -> 65744.5 | R60: =IF(M60<=$C$48,R59-P60,0) -> 2266848
B61: Giorni incasso (%): | C61: =C59/365 -> 0.16438356 | E61: =E60+1 -> 5 | F61: =F60+1 -> 2031 | M61: =M60+1 -> 5 | N61: =N60+1 -> 2031 | O61: =IF(M61<=$C$48,PMT($C$43,$C$48,$Q$52)*-1,0) -> 155330.15 | P61: =IF(M61<=$C$48,IF(O61<>0,O61-Q61,0),0) -> 92085.085 | Q61: =IF(M61<=$C$48,IF(O61<>0,R60*$C$43,0),0) -> 63245.061 | R61: =IF(M61<=$C$48,R60-P61,0) -> 2174763
B62: Giorni pagamento (%): | C62: =C58/365 -> 0.16438356 | E62: =E61+1 -> 6 | F62: =F61+1 -> 2032 | M62: =M61+1 -> 6 | N62: =N61+1 -> 2032 | O62: =IF(M62<=$C$48,PMT($C$43,$C$48,$Q$52)*-1,0) -> 155330.15 | P62: =IF(M62<=$C$48,IF(O62<>0,O62-Q62,0),0) -> 94654.259 | Q62: =IF(M62<=$C$48,IF(O62<>0,R61*$C$43,0),0) -> 60675.887 | R62: =IF(M62<=$C$48,R61-P62,0) -> 2080108.7
B63: Rotazione Magazzino (%): | C63: =+C60/365 -> 0 | E63: =E62+1 -> 7 | F63: =F62+1 -> 2033 | M63: =M62+1 -> 7 | N63: =N62+1 -> 2033 | O63: =IF(M63<=$C$48,PMT($C$43,$C$48,$Q$52)*-1,0) -> 155330.15 | P63: =IF(M63<=$C$48,IF(O63<>0,O63-Q63,0),0) -> 97295.113 | Q63: =IF(M63<=$C$48,IF(O63<>0,R62*$C$43,0),0) -> 58035.033 | R63: =IF(M63<=$C$48,R62-P63,0) -> 1982813.6
E64: =E63+1 -> 8 | F64: =F63+1 -> 2034 | M64: =M63+1 -> 8 | N64: =N63+1 -> 2034 | O64: =IF(M64<=$C$48,PMT($C$43,$C$48,$Q$52)*-1,0) -> 155330.15 | P64: =IF(M64<=$C$48,IF(O64<>0,O64-Q64,0),0) -> 100009.65 | Q64: =IF(M64<=$C$48,IF(O64<>0,R63*$C$43,0),0) -> 55320.499 | R64: =IF(M64<=$C$48,R63-P64,0) -> 1882803.9
E65: =E64+1 -> 9 | F65: =F64+1 -> 2035 | M65: =M64+1 -> 9 | N65: =N64+1 -> 2035 | O65: =IF(M65<=$C$48,PMT($C$43,$C$48,$Q$52)*-1,0) -> 155330.15 | P65: =IF(M65<=$C$48,IF(O65<>0,O65-Q65,0),0) -> 102799.92 | Q65: =IF(M65<=$C$48,IF(O65<>0,R64*$C$43,0),0) -> 52530.23 | R65: =IF(M65<=$C$48,R64-P65,0) -> 1780004
B66: Unità di Budget: | C66: Hera Luce | E66: =E65+1 -> 10 | F66: =F65+1 -> 2036 | M66: =M65+1 -> 10 | N66: =N65+1 -> 2036 | O66: =IF(M66<=$C$48,PMT($C$43,$C$48,$Q$52)*-1,0) -> 155330.15 | P66: =IF(M66<=$C$48,IF(O66<>0,O66-Q66,0),0) -> 105668.03 | Q66: =IF(M66<=$C$48,IF(O66<>0,R65*$C$43,0),0) -> 49662.112 | R66: =IF(M66<=$C$48,R65-P66,0) -> 1674336
B67: Area: | C67: Altri Servizi | E67: =E66+1 -> 11 | F67: =F66+1 -> 2037 | M67: =M66+1 -> 11 | N67: =N66+1 -> 2037 | O67: =IF(M67<=$C$48,PMT($C$43,$C$48,$Q$52)*-1,0) -> 155330.15 | P67: =IF(M67<=$C$48,IF(O67<>0,O67-Q67,0),0) -> 108616.17 | Q67: =IF(M67<=$C$48,IF(O67<>0,R66*$C$43,0),0) -> 46713.974 | R67: =IF(M67<=$C$48,R66-P67,0) -> 1565719.8
B68: Business: | C68: Pubblica Illuminazione | E68: =E67+1 -> 12 | F68: =F67+1 -> 2038 | M68: =M67+1 -> 12 | N68: =N67+1 -> 2038 | O68: =IF(M68<=$C$48,PMT($C$43,$C$48,$Q$52)*-1,0) -> 155330.15 | P68: =IF(M68<=$C$48,IF(O68<>0,O68-Q68,0),0) -> 111646.56 | Q68: =IF(M68<=$C$48,IF(O68<>0,R67*$C$43,0),0) -> 43683.583 | R68: =IF(M68<=$C$48,R67-P68,0) -> 1454073.3
B69: Categoria: | C69: Impianti | E69: =E68+1 -> 13 | F69: =F68+1 -> 2039 | M69: =M68+1 -> 13 | N69: =N68+1 -> 2039 | O69: =IF(M69<=$C$48,PMT($C$43,$C$48,$Q$52)*-1,0) -> 155330.15 | P69: =IF(M69<=$C$48,IF(O69<>0,O69-Q69,0),0) -> 114761.5 | Q69: =IF(M69<=$C$48,IF(O69<>0,R68*$C$43,0),0) -> 40568.644 | R69: =IF(M69<=$C$48,R68-P69,0) -> 1339311.8
B70: Natura: | C70: Nuove Opere/Iniziat. | E70: =E69+1 -> 14 | F70: =F69+1 -> 2040 | M70: =M69+1 -> 14 | N70: =N69+1 -> 2040 | O70: =IF(M70<=$C$48,PMT($C$43,$C$48,$Q$52)*-1,0) -> 155330.15 | P70: =IF(M70<=$C$48,IF(O70<>0,O70-Q70,0),0) -> 117963.35 | Q70: =IF(M70<=$C$48,IF(O70<>0,R69*$C$43,0),0) -> 37366.798 | R70: =IF(M70<=$C$48,R69-P70,0) -> 1221348.4
B71: Motivazione: | C71: Ritorno Economico | E71: =E70+1 -> 15 | F71: =F70+1 -> 2041 | M71: =M70+1 -> 15 | N71: =N70+1 -> 2041 | O71: =IF(M71<=$C$48,PMT($C$43,$C$48,$Q$52)*-1,0) -> 155330.15 | P71: =IF(M71<=$C$48,IF(O71<>0,O71-Q71,0),0) -> 121254.53 | Q71: =IF(M71<=$C$48,IF(O71<>0,R70*$C$43,0),0) -> 34075.621 | R71: =IF(M71<=$C$48,R70-P71,0) -> 1100093.9
B72: Investimento "trasversale" a più UdB: | C72: No | E72: =E71+1 -> 16 | F72: =F71+1 -> 2042 | M72: =M71+1 -> 16 | N72: =N71+1 -> 2042 | O72: =IF(M72<=$C$48,PMT($C$43,$C$48,$Q$52)*-1,0) -> 155330.15 | P72: =IF(M72<=$C$48,IF(O72<>0,O72-Q72,0),0) -> 124637.53 | Q72: =IF(M72<=$C$48,IF(O72<>0,R71*$C$43,0),0) -> 30692.619 | R72: =IF(M72<=$C$48,R71-P72,0) -> 975456.36
B73: Riduzione impatto ambientale: | C73: Si | E73: =E72+1 -> 17 | F73: =F72+1 -> 2043 | M73: =M72+1 -> 17 | N73: =N72+1 -> 2043 | O73: =IF(M73<=$C$48,PMT($C$43,$C$48,$Q$52)*-1,0) -> 155330.15 | P73: =IF(M73<=$C$48,IF(O73<>0,O73-Q73,0),0) -> 128114.91 | Q73: =IF(M73<=$C$48,IF(O73<>0,R72*$C$43,0),0) -> 27215.232 | R73: =IF(M73<=$C$48,R72-P73,0) -> 847341.45
B74: Efficienza energetica: | C74: Si | E74: =E73+1 -> 18 | F74: =F73+1 -> 2044 | M74: =M73+1 -> 18 | N74: =N73+1 -> 2044 | O74: =IF(M74<=$C$48,PMT($C$43,$C$48,$Q$52)*-1,0) -> 155330.15 | P74: =IF(M74<=$C$48,IF(O74<>0,O74-Q74,0),0) -> 131689.32 | Q74: =IF(M74<=$C$48,IF(O74<>0,R73*$C$43,0),0) -> 23640.826 | R74: =IF(M74<=$C$48,R73-P74,0) -> 715652.13
E75: =E74+1 -> 19 | F75: =F74+1 -> 2045 | M75: =M74+1 -> 19 | N75: =N74+1 -> 2045 | O75: =IF(M75<=$C$48,PMT($C$43,$C$48,$Q$52)*-1,0) -> 155330.15 | P75: =IF(M75<=$C$48,IF(O75<>0,O75-Q75,0),0) -> 135363.45 | Q75: =IF(M75<=$C$48,IF(O75<>0,R74*$C$43,0),0) -> 19966.694 | R75: =IF(M75<=$C$48,R74-P75,0) -> 580288.67
E76: =E75+1 -> 20 | F76: =F75+1 -> 2046 | M76: =M75+1 -> 20 | N76: =N75+1 -> 2046 | O76: =IF(M76<=$C$48,PMT($C$43,$C$48,$Q$52)*-1,0) -> 155330.15 | P76: =IF(M76<=$C$48,IF(O76<>0,O76-Q76,0),0) -> 139140.09 | Q76: =IF(M76<=$C$48,IF(O76<>0,R75*$C$43,0),0) -> 16190.054 | R76: =IF(M76<=$C$48,R75-P76,0) -> 441148.58
E77: =E76+1 -> 21 | F77: =F76+1 -> 2047 | M77: =M76+1 -> 21 | N77: =N76+1 -> 2047 | O77: =IF(M77<=$C$48,PMT($C$43,$C$48,$Q$52)*-1,0) -> 155330.15 | P77: =IF(M77<=$C$48,IF(O77<>0,O77-Q77,0),0) -> 143022.1 | Q77: =IF(M77<=$C$48,IF(O77<>0,R76*$C$43,0),0) -> 12308.045 | R77: =IF(M77<=$C$48,R76-P77,0) -> 298126.48
E78: =E77+1 -> 22 | F78: =F77+1 -> 2048 | M78: =M77+1 -> 22 | N78: =N77+1 -> 2048 | O78: =IF(M78<=$C$48,PMT($C$43,$C$48,$Q$52)*-1,0) -> 155330.15 | P78: =IF(M78<=$C$48,IF(O78<>0,O78-Q78,0),0) -> 147012.42 | Q78: =IF(M78<=$C$48,IF(O78<>0,R77*$C$43,0),0) -> 8317.7288 | R78: =IF(M78<=$C$48,R77-P78,0) -> 151114.06
E79: =E78+1 -> 23 | F79: =F78+1 -> 2049 | M79: =M78+1 -> 23 | N79: =N78+1 -> 2049 | O79: =IF(M79<=$C$48,PMT($C$43,$C$48,$Q$52)*-1,0) -> 155330.15 | P79: =IF(M79<=$C$48,IF(O79<>0,O79-Q79,0),0) -> 151114.06 | Q79: =IF(M79<=$C$48,IF(O79<>0,R78*$C$43,0),0) -> 4216.0824 | R79: =IF(M79<=$C$48,R78-P79,0) -> 2.5320332e-09
E80: =E79+1 -> 24 | F80: =F79+1 -> 2050 | M80: =M79+1 -> 24 | N80: =N79+1 -> 2050 | O80: =IF(M80<=$C$48,PMT($C$43,$C$48,$Q$52)*-1,0) -> 0 | P80: =IF(M80<=$C$48,IF(O80<>0,O80-Q80,0),0) -> 0 | Q80: =IF(M80<=$C$48,IF(O80<>0,R79*$C$43,0),0) -> 0 | R80: =IF(M80<=$C$48,R79-P80,0) -> 0
E81: =E80+1 -> 25 | F81: =F80+1 -> 2051 | M81: =M80+1 -> 25 | N81: =N80+1 -> 2051 | O81: =IF(M81<=$C$48,PMT($C$43,$C$48,$Q$52)*-1,0) -> 0 | P81: =IF(M81<=$C$48,IF(O81<>0,O81-Q81,0),0) -> 0 | Q81: =IF(M81<=$C$48,IF(O81<>0,R80*$C$43,0),0) -> 0 | R81: =IF(M81<=$C$48,R80-P81,0) -> 0
E82: =E81+1 -> 26 | F82: =F81+1 -> 2052 | M82: =M81+1 -> 26 | N82: =N81+1 -> 2052 | O82: =IF(M82<=$C$48,PMT($C$43,$C$48,$Q$52)*-1,0) -> 0 | P82: =IF(M82<=$C$48,IF(O82<>0,O82-Q82,0),0) -> 0 | Q82: =IF(M82<=$C$48,IF(O82<>0,R81*$C$43,0),0) -> 0 | R82: =IF(M82<=$C$48,R81-P82,0) -> 0
E83: =E82+1 -> 27 | F83: =F82+1 -> 2053 | M83: =M82+1 -> 27 | N83: =N82+1 -> 2053 | O83: =IF(M83<=$C$48,PMT($C$43,$C$48,$Q$52)*-1,0) -> 0 | P83: =IF(M83<=$C$48,IF(O83<>0,O83-Q83,0),0) -> 0 | Q83: =IF(M83<=$C$48,IF(O83<>0,R82*$C$43,0),0) -> 0 | R83: =IF(M83<=$C$48,R82-P83,0) -> 0
E84: =E83+1 -> 28 | F84: =F83+1 -> 2054 | M84: =M83+1 -> 28 | N84: =N83+1 -> 2054 | O84: =IF(M84<=$C$48,PMT($C$43,$C$48,$Q$52)*-1,0) -> 0 | P84: =IF(M84<=$C$48,IF(O84<>0,O84-Q84,0),0) -> 0 | Q84: =IF(M84<=$C$48,IF(O84<>0,R83*$C$43,0),0) -> 0 | R84: =IF(M84<=$C$48,R83-P84,0) -> 0
E85: =E84+1 -> 29 | F85: =F84+1 -> 2055 | M85: =M84+1 -> 29 | N85: =N84+1 -> 2055 | O85: =IF(M85<=$C$48,PMT($C$43,$C$48,$Q$52)*-1,0) -> 0 | P85: =IF(M85<=$C$48,IF(O85<>0,O85-Q85,0),0) -> 0 | Q85: =IF(M85<=$C$48,IF(O85<>0,R84*$C$43,0),0) -> 0 | R85: =IF(M85<=$C$48,R84-P85,0) -> 0
E86: =E85+1 -> 30 | F86: =F85+1 -> 2056 | M86: =M85+1 -> 30 | N86: =N85+1 -> 2056 | O86: =IF(M86<=$C$48,PMT($C$43,$C$48,$Q$52)*-1,0) -> 0 | P86: =IF(M86<=$C$48,IF(O86<>0,O86-Q86,0),0) -> 0 | Q86: =IF(M86<=$C$48,IF(O86<>0,R85*$C$43,0),0) -> 0 | R86: =IF(M86<=$C$48,R85-P86,0) -> 0

Sheet Riepilogo
B2: AUTORIZZAZIONE INVESTIMENTO CON RITORNO ECONOMICO
X5: Unità di Budget: | AD5: =IN!C66 -> Hera Luce | AR5: =#REF! -> #REF!
D6: ID Investimento: | J6: =IN!C4 -> Comune di Lodi (LO) | X6: Area: | AD6: =IN!C67 -> Altri Servizi
X7: Business: | AD7: =IN!C68 -> Pubblica Illuminazione
B8: Tipo richiesta autorizzat.: | J8: =IN!C5 -> Autorizz. Inv. a Budget | X8: Categoria: | AD8: =IN!C69 -> Impianti | AR8: =#REF! -> #REF!
X9: Natura: | AD9: =IN!C70 -> Nuove Opere/Iniziat.
X10: Motivazione: | AD10: =IN!C71 -> Ritorno Economico
B11: Centro di Responsabilità : | J11: =IN!C10 -> Alessandro Battistini
B12: Richiedente: | J12: =IN!C11 -> Alessandro Battistini | X12: "Trasversale" a | AD12: Riduzione impatto ambientale: | AN12: =IN!C73 -> Si
B13: Data compilazione: | J13: =IN!C7 -> 46079 | X13: più UdB: | AA13: =IN!C72 -> No | AD13: Efficienza energetica: | AN13: =IN!C74 -> Si
W17: Importo totale investimento (vita intera) lordo contributi: | AI17: =SUM(IN!J57:J60) -> 5407753.2
W20: =CONCATENATE("di cui quota su anno Bdg (",IN!C51,"):") -> di cui quota su anno Bdg (2027): | AI20: =Investimenti!G33 -> 5407753.2
Y21: Importo previsto a Budget (€): | AI21: =SUM(IN!J57:J60) -> 5407753.2
AR23: =#REF! -> #REF!
AG28: Contributi c/capitale: (€): | AI28: 0
AG29: % Contributo: | AI29: 0
AG30: Ente erogatore contributo: | AI30: =IN!I34 -> Comune di Lodi (LO)
AG32: Importo Invest. Netto (€): | AI32: =SUM(IN!J57:J60)-SUM(IN!K57:K58) -> 5407753.2
M38: WACC | O38: =IN!C44 -> 0.0498
M40: VAN progetto (€) | O40: ='RF VAL_INV opz1'!C15 -> 33936.803
M41: TIR progetto | O41: ='RF VAL_INV opz1'!C16 -> 0.050486187
M43: VAN azionista (€) | O43: ='RF VAL_INV opz1'!C34 -> 91800.797
M44: TIR azionista | O44: ='RF VAL_INV opz1'!C35 -> 0.074180324
M46: ADSCR: | O46: ='RF VAL_INV opz1'!C57 -> 2.5264318
M48: LLCR: | O48: ='RF VAL_INV opz1'!C58 -> 1.9733324
M50: Payback Period (anni) Discounted Cash Flow | O50: ='RF VAL_INV opz1'!C40 -> 23
M51: Payback Period (anni) Cash Flow | O51: ='RF VAL_INV opz1'!C41 -> 15

Sheet Dati di base
B3: PARAMETRI | E3: DATI INVESTIMENTO E CLASSIFICAZIONE
B5: Imposte e ammortamenti | E5: ID Investimento: | F5: =IN!C4 -> Comune di Lodi (LO)
B6: IRES: | C6: =IN!C54 -> 0.24
B7: IRAP: | C7: =IN!C55 -> 0.042 | E7: Unità di Budget: | F7: =IN!C66 -> Hera Luce
B8: Aliquota Amm.to: | C8: =1/IN!C47 -> 0.043478261 | E8: Area: | F8: =IN!C67 -> Altri Servizi
B9: Anno Avvio Amm.ti: | C9: =IN!C51 -> 2027 | E9: Business: | F9: =IN!C68 -> Pubblica Illuminazione
B10: Aliquota IVA Ricavi: | C10: =IN!C53 -> 0.22 | E10: Categoria: | F10: =IN!C69 -> Impianti
B11: Aliquota IVA Costi: | C11: =IN!C53 -> 0.22 | E11: Natura: | F11: =IN!C70 -> Nuove Opere/Iniziat.
B12: Circolante | E12: Motivazione: | F12: =IN!C71 -> Ritorno Economico
B13: Giorni Pagamento (nr. giorni): | C13: =IN!C58 -> 60
B14: Giorni Incasso (nr. giorni): | C14: =IN!C59 -> 60 | E14: Centro di Responsabilità : | F14: =IN!C10 -> Alessandro Battistini
B15: Rotazione Magazzino (nr. giorni): | C15: =IN!C60 -> 0 | E15: Richiedente: | F15: =IN!C11 -> Alessandro Battistini
B16: Giorni incasso (%): | C16: =IN!C61 -> 0.16438356 | E16: Investimento "trasversale" a più UdB: | F16: =IN!C72 -> No
B17: Giorni pagamento (%): | C17: =IN!C62 -> 0.16438356
B18: Rotazione Magazzino (%): | C18: =IN!C63 -> 0 | E18: Importo totale investimento (vita intera) lordo contributi c/to Capitale (€): | F18: =SUM(IN!J57:J60) -> 5407753.2
B19: Altri parametri
B20: Unità di misura: | C20: €
B22: Data compilazione: | C22: =IN!C7 -> 46079
B23: Anno di inizio dell'Investimento: | C23: =IN!C51 -> 2027
B24: Anno rif. Budget (presentazione scheda): | C24: =IN!C51 -> 2027 | E24: Contributi c/capitale: (€): | F24: 0
E25: % Contributo: | F25: 0
B26: WACC | C26: =IN!C44 -> 0.0498 | E26: Ente erogatore contributo: | F26: =IN!I34 -> Comune di Lodi (LO)
E27: Importo Invest. Netto (€): | F27: =SUM(IN!J57:J60)-SUM(IN!K57:K58) -> 5407753.2
B28: TIR minimo "Standard": | C28: 0.115
B30: Tipi Investimento per classi di valore a vita intera | E30: Tipo richiesta autorizzat.: | F30: =IN!C5 -> Autorizz. Inv. a Budget
E31: Importo previsto a Budget: | F31: =SUM(IN!J57:J60) -> 5407753.2
E33: Riduzione impatto ambientale: | F33: =IN!C73 -> Si
E34: Efficienza energetica: | F34: =IN!C74 -> Si

Sheet Piano di lavoro
C2: PIANO DI LAVORO
E3: Anno | G3: anno 1 | M3: anno 2 | S3: anno 3 | Y3: anno 4 | AE3: anno 5 | AK3: anno 6
G4: =1 -> 1 | M4: =G4+1 -> 2 | S4: =M4+1 -> 3 | Y4: =S4+1 -> 4 | AE4: =Y4+1 -> 5 | AK4: =AE4+1 -> 6
B5: Fasi | C5: Descrizione | D5: Avvio | E5: Fine | G5: 01 | H5: 03 | I5: 05 | J5: 07 | K5: 09 | L5: 11 | M5: 01 | N5: 03 | O5: 05 | P5: 07 | Q5: 09 | R5: 11 | S5: 01 | T5: 03 | U5: 05 | V5: 07 | W5: 09 | X5: 11 | Y5: 01 | Z5: 03 | AA5: 05 | AB5: 07 | AC5: 09 | AD5: 11 | AE5: 01 | AF5: 03 | AG5: 05 | AH5: 07 | AI5: 09 | AJ5: 11 | AK5: 01 | AL5: 03 | AM5: 05 | AN5: 07 | AO5: 09 | AP5: 11
G6: 46023 | H6: 46082 | I6: 46143 | J6: 46204 | K6: 46266 | L6: 46327 | M6: =DATE($M$3,M5,1) -> #VALUE! | N6: =DATE($M$3,N5,1) -> #VALUE! | O6: =DATE($M$3,O5,1) -> #VALUE! | P6: =DATE($M$3,P5,1) -> #VALUE! | Q6: =DATE($M$3,Q5,1) -> #VALUE! | R6: =DATE($M$3,R5,1) -> #VALUE! | S6: =DATE($S$3,S5,1) -> #VALUE! | T6: =DATE($S$3,T5,1) -> #VALUE! | U6: =DATE($S$3,U5,1) -> #VALUE! | V6: =DATE($S$3,V5,1) -> #VALUE! | W6: =DATE($S$3,W5,1) -> #VALUE! | X6: =DATE($S$3,X5,1) -> #VALUE! | Y6: =DATE($Y$3,Y5,1) -> #VALUE! | Z6: =DATE($Y$3,Z5,1) -> #VALUE! | AA6: =DATE($Y$3,AA5,1) -> #VALUE! | AB6: =DATE($Y$3,AB5,1) -> #VALUE! | AC6: =DATE($Y$3,AC5,1) -> #VALUE! | AD6: =DATE($Y$3,AD5,1) -> #VALUE! | AE6: =DATE($AE$3,AE5,1) -> #VALUE! | AF6: =DATE($AE$3,AF5,1) -> #VALUE! | AG6: =DATE($AE$3,AG5,1) -> #VALUE! | AH6: =DATE($AE$3,AH5,1) -> #VALUE! | AI6: =DATE($AE$3,AI5,1) -> #VALUE! | AJ6: =DATE($AE$3,AJ5,1) -> #VALUE! | AK6: =DATE($AK$3,AK5,1) -> #VALUE! | AL6: =DATE($AK$3,AL5,1) -> #VALUE! | AM6: =DATE($AK$3,AM5,1) -> #VALUE! | AN6: =DATE($AK$3,AN5,1) -> #VALUE! | AO6: =DATE($AK$3,AO5,1) -> #VALUE! | AP6: =DATE($AK$3,AP5,1) -> #VALUE!
B7: 1 | C7: Progetto | D7: gennaio | E7: gennaio | G7: 1 | H7: 0 | I7: 0 | J7: 0 | K7: 0 | L7: 0
B9: 2 | C9: Validazione e approvazione PE | D9: febbraio | E9: febbraio | G9: 1 | H9: 0 | I9: 0 | J9: 0 | K9: 0 | L9: 0
B11: 3 | C11: Realizzazione | D11: marzo | E11: novembre | G11: 0 | H11: 1 | I11: 1 | J11: 1 | K11: 1 | L11: 1
B13: 4 | C13: Collaudo/Rilascio | D13: dicembre | E13: dicembre | G13: 0 | H13: 0 | I13: 0 | J13: 0 | K13: 0 | L13: 1

Sheet Investimenti
B2: RIEPILOGO INVESTIMENTI
B3: Dati in € | D3: 1 | E3: 2 | F3: 3
B4: Anno | G4: anno 1 | H4: anno 2 | I4: anno 3 | J4: anno 4 | K4: anno 5 | L4: anno 6 | M4: anno 7 | N4: anno 8 | O4: anno 9 | P4: anno 10 | Q4: anno 11 | R4: anno 12 | S4: anno 13 | T4: anno 14 | U4: anno 15 | V4: anno 16 | W4: anno 17 | X4: anno 18 | Y4: anno 19 | Z4: anno 20 | AA4: anno 21 | AB4: anno 22 | AC4: anno 23 | AD4: =AC4+1 -> #VALUE! | AE4: =AD4+1 -> #VALUE! | AF4: =AE4+1 -> #VALUE! | AG4: =AF4+1 -> #VALUE! | AH4: =AG4+1 -> #VALUE! | AI4: =AH4+1 -> #VALUE! | AJ4: =AI4+1 -> #VALUE!
G5: 1 | H5: =G5+1 -> 2 | I5: =H5+1 -> 3 | J5: =I5+1 -> 4 | K5: =J5+1 -> 5 | L5: =K5+1 -> 6 | M5: =L5+1 -> 7 | N5: =M5+1 -> 8 | O5: =N5+1 -> 9 | ... AJ5: =AI5+1 -> 30
B6: Investimento Netto
B7: Investimento Lordo Totale | G7: =IF(G5<=IN!$C$47,(G9+G8),0) -> 5407753.2 | H7: =IF(H5<=IN!$C$47,(H9+H8),0) -> 0 | I7: =IF(I5<=IN!$C$47,(I9+I8),0) -> 0 | J7: =IF(J5<=IN!$C$47,(J9+J8),0) -> 0 | K7: =IF(K5<=IN!$C$47,(K9+K8),0) -> 0 | L7: =IF(L5<=IN!$C$47,(L9+L8),0) -> 0 | M7: =IF(M5<=IN!$C$47,(M9+M8),0) -> 0 | N7: =IF(N5<=IN!$C$47,(N9+N8),0) -> 0 | ... AJ7: =IF(AJ5<=IN!$C$47,(AJ9+AJ8),0) -> 0
B8: Investimento di Mantenimento
B9: Investimento Lordo (No mantenimento) | G9: =IF(G5<=IN!$C$47,(G17+G21+G25+G29),0) -> 5407753.2 | H9: =IF(H5<=IN!$C$47,(H17+H21+H25+H29),0) -> 0 | I9: =IF(I5<=IN!$C$47,(I17+I21+I25+I29),0) -> 0 | J9: =IF(J5<=IN!$C$47,(J17+J21+J25+J29),0) -> 0 | K9: =IF(K5<=IN!$C$47,(K17+K21+K25+K29),0) -> 0 | L9: =IF(L5<=IN!$C$47,(L17+L21+L25+L29),0) -> 0 | M9: =IF(M5<=IN!$C$47,(M17+M21+M25+M29),0) -> 0 | N9: =IF(N5<=IN!$C$47,(N17+N21+N25+N29),0) -> 0 | ... AJ9: =IF(AJ5<=IN!$C$47,(AJ17+AJ21+AJ25+AJ29),0) -> 0
B11: Dismissioni (Valore Netto Contabile)
B13: DETTAGLIO COSTI INVESTIMENTO LORDO PER FASI
B14: FASI | C14: Avvio | D14: Fine | E14: VdC | F14: Totale Costi | G14: anno 1 | H14: anno 2 | I14: anno 3 | J14: anno 4 | K14: anno 5 | L14: anno 6 | M14: anno 7 | N14: anno 8 | O14: anno 9 | P14: anno 10 | Q14: anno 11 | R14: anno 12 | S14: anno 13 | T14: anno 14 | U14: anno 15 | V14: anno 16 | W14: anno 17 | X14: anno 18 | Y14: anno 19 | Z14: anno 20 | AA14: anno 21 | AB14: anno 22 | AC14: anno 23 | AD14: =AC14+1 -> #VALUE! | AE14: =AD14+1 -> #VALUE! | AF14: =AE14+1 -> #VALUE! | AG14: =AF14+1 -> #VALUE! | AH14: =AG14+1 -> #VALUE! | AI14: =AH14+1 -> #VALUE! | AJ14: =AI14+1 -> #VALUE!
G15: 1 | H15: =G15+1 -> 2 | I15: =H15+1 -> 3 | J15: =I15+1 -> 4 | K15: =J15+1 -> 5 | L15: =K15+1 -> 6 | M15: =L15+1 -> 7 | N15: =M15+1 -> 8 | O15: =N15+1 -> 9 | ... AJ15: =AI15+1 -> 30
B17: Progetto | C17: gennaio | D17: gennaio | F17: =+SUM(F18:F20) -> 1369347 | G17: =+SUM(G18:G20) -> 1369347 | H17: =+SUM(H18:H20) -> 0 | I17: =+SUM(I18:I20) -> 0 | J17: =+SUM(J18:J20) -> 0 | K17: =+SUM(K18:K20) -> 0 | L17: =+SUM(L18:L20) -> 0 | M17: =+SUM(M18:M20) -> 0 | ... AJ17: =+SUM(AJ18:AJ20) -> 0
E18: Materiali | F18: =+SUM(G18:AN18) -> 0 | H18: 0
E19: Servizi | F19: =+SUM(G19:AN19) -> 1369347 | G19: =IN!I57 -> 1369347 | H19: =IN!I58 -> 0 | I19: =IN!I59 -> 0 | J19: =IN!I60 -> 0 | K19: =IN!I61 -> 0 | L19: =IN!I62 -> 0 | M19: =IN!I63 -> 0 | N19: =IN!I64 -> 0 | O19: =IN!I65 -> 0 | P19: =IN!I66 -> 0 | Q19: =IN!I67 -> 0 | R19: =IN!I68 -> 0 | S19: =IN!I69 -> 0 | T19: =IN!I70 -> 0 | U19: =IN!I71 -> 0 | V19: =IN!I72 -> 0 | W19: =IN!I73 -> 0 | X19: =IN!I74 -> 0 | Y19: =IN!I75 -> 0 | Z19: =IN!I76 -> 0 | AA19: =IN!I77 -> 0 | AB19: =IN!I78 -> 0 | AC19: =IN!I79 -> 0 | AD19: =IN!I80 -> 0 | AE19: =IN!I81 -> 0 | AF19: =IN!I82 -> 0 | AG19: =IN!I83 -> 0 | AH19: =IN!I84 -> 0 | AI19: =IN!I85 -> 0 | AJ19: =IN!I86 -> 0
E20: Personale | F20: =+SUM(G20:AN20) -> 0
B21: Avvio lavori | C21: febbraio | D21: febbraio | F21: =+SUM(F22:F24) -> 0 | G21: =+SUM(G22:G24) -> 0 | H21: =+SUM(H22:H24) -> 0 | I21: =+SUM(I22:I24) -> 0 | J21: =+SUM(J22:J24) -> 0 | K21: =+SUM(K22:K24) -> 0 | L21: =+SUM(L22:L24) -> 0 | M21: =+SUM(M22:M24) -> 0 | ... AJ21: =+SUM(AJ22:AJ24) -> 0
E22: Materiali | F22: =+SUM(G22:AN22) -> 0
E23: Servizi | F23: =+SUM(G23:AN23) -> 0
E24: Personale | F24: =+SUM(G24:AN24) -> 0
B25: Realizzazione | C25: marzo | D25: novembre | F25: =+SUM(F26:F28) -> 4038406.3 | G25: =+SUM(G26:G28) -> 4038406.3 | H25: =+SUM(H26:H28) -> 0 | I25: =+SUM(I26:I28) -> 0 | J25: =+SUM(J26:J28) -> 0 | K25: =+SUM(K26:K28) -> 0 | L25: =+SUM(L26:L28) -> 0 | M25: =+SUM(M26:M28) -> 0 | ... AJ25: =+SUM(AJ26:AJ28) -> 0
E26: Materiali | F26: =+SUM(G26:AN26) -> 0
E27: Servizi | F27: =+SUM(G27:AN27) -> 4038406.3 | G27: =IN!H57 -> 4038406.3 | H27: =IN!H58 -> 0 | I27: =IN!H59 -> 0 | J27: =IN!H60 -> 0 | K27: =IN!H61 -> 0 | L27: =IN!H62 -> 0 | M27: =IN!H63 -> 0 | N27: =IN!H64 -> 0 | O27: =IN!H65 -> 0 | P27: =IN!H66 -> 0 | Q27: =IN!H67 -> 0 | R27: =IN!H68 -> 0 | S27: =IN!H69 -> 0 | T27: =IN!H70 -> 0 | U27: =IN!H71 -> 0 | V27: =IN!H72 -> 0 | W27: =IN!H73 -> 0 | X27: =IN!H74 -> 0 | Y27: =IN!H75 -> 0 | Z27: =IN!H76 -> 0 | AA27: =IN!H77 -> 0 | AB27: =IN!H78 -> 0 | AC27: =IN!H79 -> 0 | AD27: =IN!H80 -> 0 | AE27: =IN!H81 -> 0 | AF27: =IN!H82 -> 0 | AG27: =IN!H83 -> 0 | AH27: =IN!H84 -> 0 | AI27: =IN!H85 -> 0 | AJ27: =IN!H86 -> 0
E28: Personale | F28: =+SUM(G28:AN28) -> 0
B29: Collaudo/Rilascio | C29: dicembre | D29: dicembre | F29: =+SUM(F30:F32) -> 0 | G29: =+SUM(G30:G32) -> 0 | H29: =+SUM(H30:H32) -> 0 | I29: =+SUM(I30:I32) -> 0 | J29: =+SUM(J30:J32) -> 0 | K29: =+SUM(K30:K32) -> 0 | L29: =+SUM(L30:L32) -> 0 | M29: =+SUM(M30:M32) -> 0 | ... AJ29: =+SUM(AJ30:AJ32) -> 0
E30: Materiali | F30: =SUM(G30:AN30) -> 0
E31: Servizi | F31: =SUM(G31:AN31) -> 0
E32: Personale | F32: =SUM(G32:AN32) -> 0
B33: Totale Investimento Lordo | F33: =SUM(F17,F21,F25,F29) -> 5407753.2 | G33: =SUM(G17,G21,G25,G29) -> 5407753.2 | H33: =SUM(H17,H21,H25,H29) -> 0 | I33: =SUM(I17,I21,I25,I29) -> 0 | J33: =SUM(J17,J21,J25,J29) -> 0 | K33: =SUM(K17,K21,K25,K29) -> 0 | L33: =SUM(L17,L21,L25,L29) -> 0 | M33: =SUM(M17,M21,M25,M29) -> 0 | ... AJ33: =SUM(AJ17,AJ21,AJ25,AJ29) -> 0
B39: Nelle righe chiuse il calcolo ammortamenti
D40: SOMMA | G40: 1 | H40: =G40+1 -> 2 | I40: =H40+1 -> 3 | J40: =I40+1 -> 4 | K40: =J40+1 -> 5 | L40: =K40+1 -> 6 | M40: =L40+1 -> 7 | N40: =M40+1 -> 8 | O40: =N40+1 -> 9 | ... AJ40: =AI40+1 -> 30
D41: =SUM(G41:AJ41) -> 5407753.2 | G41: =SUM(G42:G71) -> 235119.71 | H41: =SUM(H42:H71) -> 235119.71 | I41: =SUM(I42:I71) -> 235119.71 | J41: =SUM(J42:J71) -> 235119.71 | K41: =SUM(K42:K71) -> 235119.71 | L41: =SUM(L42:L71) -> 235119.71 | M41: =SUM(M42:M71) -> 235119.71 | N41: =SUM(N42:N71) -> 235119.71 | ... AJ41: =SUM(AJ42:AJ71) -> 0
D42: =SUM(G42:AJ42) -> 5407753.2 | F42: amm.ti investimenti anno 1 | G42: =IF(G40<=IN!$C$47,($G$33/IN!$C$47),0) -> 235119.71 | H42: =IF(H40<=IN!$C$47,($G$33/IN!$C$47),0) -> 235119.71 | I42: =IF(I40<=IN!$C$47,($G$33/IN!$C$47),0) -> 235119.71 | J42: =IF(J40<=IN!$C$47,($G$33/IN!$C$47),0) -> 235119.71 | K42: =IF(K40<=IN!$C$47,($G$33/IN!$C$47),0) -> 235119.71 | L42: =IF(L40<=IN!$C$47,($G$33/IN!$C$47),0) -> 235119.71 | M42: =IF(M40<=IN!$C$47,($G$33/IN!$C$47),0) -> 235119.71 | N42: =IF(N40<=IN!$C$47,($G$33/IN!$C$47),0) -> 235119.71 | ... AJ42: =IF(AJ40<=IN!$C$47,($G$33/IN!$C$47),0) -> 0
D43: =SUM(G43:AJ43) -> 0 | F43: amm.ti investimenti anno 2 | H43: =IF(H40<=IN!$C$47,($H$33/(IN!$C$47-1)),0) -> 0 | I43: =IF(I40<=IN!$C$47,($H$33/(IN!$C$47-1)),0) -> 0 | J43: =IF(J40<=IN!$C$47,($H$33/(IN!$C$47-1)),0) -> 0 | K43: =IF(K40<=IN!$C$47,($H$33/(IN!$C$47-1)),0) -> 0 | L43: =IF(L40<=IN!$C$47,($H$33/(IN!$C$47-1)),0) -> 0 | M43: =IF(M40<=IN!$C$47,($H$33/(IN!$C$47-1)),0) -> 0 | N43: =IF(N40<=IN!$C$47,($H$33/(IN!$C$47-1)),0) -> 0 | O43: =IF(O40<=IN!$C$47,($H$33/(IN!$C$47-1)),0) -> 0 | ... AJ43: =IF(AJ40<=IN!$C$47,($H$33/(IN!$C$47-1)),0) -> 0
D44: =SUM(G44:AJ44) -> 0 | F44: amm.ti investimenti anno 3 | I44: =IF(I40<=IN!$C$47,($I$33/(IN!$C$47-2)),0) -> 0 | J44: =IF(J40<=IN!$C$47,($I$33/(IN!$C$47-2)),0) -> 0 | K44: =IF(K40<=IN!$C$47,($I$33/(IN!$C$47-2)),0) -> 0 | L44: =IF(L40<=IN!$C$47,($I$33/(IN!$C$47-2)),0) -> 0 | M44: =IF(M40<=IN!$C$47,($I$33/(IN!$C$47-2)),0) -> 0 | N44: =IF(N40<=IN!$C$47,($I$33/(IN!$C$47-2)),0) -> 0 | O44: =IF(O40<=IN!$C$47,($I$33/(IN!$C$47-2)),0) -> 0 | P44: =IF(P40<=IN!$C$47,($I$33/(IN!$C$47-2)),0) -> 0 | ... AJ44: =IF(AJ40<=IN!$C$47,($I$33/(IN!$C$47-2)),0) -> 0
D45: =SUM(G45:AJ45) -> 0 | F45: amm.ti investimenti anno 4 | J45: =IF(J40<=IN!$C$47,$J$33/(IN!$C$47-3),0) -> 0 | K45: =IF(K40<=IN!$C$47,$J$33/(IN!$C$47-3),0) -> 0 | L45: =IF(L40<=IN!$C$47,$J$33/(IN!$C$47-3),0) -> 0 | M45: =IF(M40<=IN!$C$47,$J$33/(IN!$C$47-3),0) -> 0 | N45: =IF(N40<=IN!$C$47,$J$33/(IN!$C$47-3),0) -> 0 | O45: =IF(O40<=IN!$C$47,$J$33/(IN!$C$47-3),0) -> 0 | P45: =IF(P40<=IN!$C$47,$J$33/(IN!$C$47-3),0) -> 0 | Q45: =IF(Q40<=IN!$C$47,$J$33/(IN!$C$47-3),0) -> 0 | ... AJ45: =IF(AJ40<=IN!$C$47,$J$33/(IN!$C$47-3),0) -> 0
D46: =SUM(G46:AJ46) -> 0 | F46: amm.ti investimenti anno 5
D47: =SUM(G47:AJ47) -> 0 | F47: amm.ti investimenti anno 6
D48: =SUM(G48:AJ48) -> 0 | F48: amm.ti investimenti anno 7
D49: =SUM(G49:AJ49) -> 0 | F49: amm.ti investimenti anno 8
D50: =SUM(G50:AJ50) -> 0 | F50: amm.ti investimenti anno 9
D51: =SUM(G51:AJ51) -> 0 | F51: amm.ti investimenti anno 10
D52: =SUM(G52:AJ52) -> 0 | F52: amm.ti investimenti anno 11
D53: =SUM(G53:AJ53) -> 0 | F53: amm.ti investimenti anno 12
D54: =SUM(G54:AJ54) -> 0 | F54: amm.ti investimenti anno 13
D55: =SUM(G55:AJ55) -> 0 | F55: amm.ti investimenti anno 14
D56: =SUM(G56:AJ56) -> 0 | F56: amm.ti investimenti anno 15
D57: =SUM(G57:AJ57) -> 0 | F57: amm.ti investimenti anno 16
... D71: =SUM(G71:AJ71) -> 0 | F71: amm.ti investimenti anno 30
B75: Nelle righe chiuse il calcolo risconti contributi conto capitale
D76: SOMMA | G76: 1 | H76: =G76+1 -> 2 | I76: =H76+1 -> 3 | J76: =I76+1 -> 4 | K76: =J76+1 -> 5 | L76: =K76+1 -> 6 | M76: =L76+1 -> 7 | N76: =M76+1 -> 8 | O76: =N76+1 -> 9 | ... AJ76: =AI76+1 -> 30
D77: =SUM(G77:AJ77) -> 0 | G77: =SUM(G78:G107) -> 0 | H77: =SUM(H78:H107) -> 0 | I77: =SUM(I78:I107) -> 0 | J77: =SUM(J78:J107) -> 0 | K77: =SUM(K78:K107) -> 0 | L77: =SUM(L78:L107) -> 0 | M77: =SUM(M78:M107) -> 0 | N77: =SUM(N78:N107) -> 0 | ... AJ77: =SUM(AJ78:AJ107) -> 0
D78: =SUM(G78:AJ78) -> 0 | F78: amm.ti investimenti anno 1 | G78: =IF(G76<=IN!$C$47,(IN!$K$57/IN!$C$47),0) -> 0 | H78: =IF(H76<=IN!$C$47,(IN!$K$57/IN!$C$47),0) -> 0 | I78: =IF(I76<=IN!$C$47,(IN!$K$57/IN!$C$47),0) -> 0 | J78: =IF(J76<=IN!$C$47,(IN!$K$57/IN!$C$47),0) -> 0 | K78: =IF(K76<=IN!$C$47,(IN!$K$57/IN!$C$47),0) -> 0 | L78: =IF(L76<=IN!$C$47,(IN!$K$57/IN!$C$47),0) -> 0 | M78: =IF(M76<=IN!$C$47,(IN!$K$57/IN!$C$47),0) -> 0 | N78: =IF(N76<=IN!$C$47,(IN!$K$57/IN!$C$47),0) -> 0 | ... AJ78: =IF(AJ76<=IN!$C$47,(IN!$K$57/IN!$C$47),0) -> 0
D79: =SUM(G79:AJ79) -> 0 | F79: amm.ti investimenti anno 2 | H79: =IF(H76<=IN!$C$47,(IN!$K$58/(IN!$C$47-1)),0) -> 0 | I79: =IF(I76<=IN!$C$47,(IN!$K$58/(IN!$C$47-1)),0) -> 0 | J79: =IF(J76<=IN!$C$47,(IN!$K$58/(IN!$C$47-1)),0) -> 0 | K79: =IF(K76<=IN!$C$47,(IN!$K$58/(IN!$C$47-1)),0) -> 0 | L79: =IF(L76<=IN!$C$47,(IN!$K$58/(IN!$C$47-1)),0) -> 0 | M79: =IF(M76<=IN!$C$47,(IN!$K$58/(IN!$C$47-1)),0) -> 0 | N79: =IF(N76<=IN!$C$47,(IN!$K$58/(IN!$C$47-1)),0) -> 0 | O79: =IF(O76<=IN!$C$47,(IN!$K$58/(IN!$C$47-1)),0) -> 0 | ... AJ79: =IF(AJ76<=IN!$C$47,(IN!$K$58/(IN!$C$47-1)),0) -> 0
D80: =SUM(G80:AJ80) -> 0 | F80: amm.ti investimenti anno 3
D81: =SUM(G81:AJ81) -> 0 | F81: amm.ti investimenti anno 4
D82: =SUM(G82:AJ82) -> 0 | F82: amm.ti investimenti anno 5
D83: =SUM(G83:AJ83) -> 0 | F83: amm.ti investimenti anno 6
D84: =SUM(G84:AJ84) -> 0 | F84: amm.ti investimenti anno 7
D85: =SUM(G85:AJ85) -> 0 | F85: amm.ti investimenti anno 8
D86: =SUM(G86:AJ86) -> 0 | F86: amm.ti investimenti anno 9
D87: =SUM(G87:AJ87) -> 0 | F87: amm.ti investimenti anno 10
D88: =SUM(G88:AJ88) -> 0 | F88: amm.ti investimenti anno 11
D89: =SUM(G89:AJ89) -> 0 | F89: amm.ti investimenti anno 12
D90: =SUM(G90:AJ90) -> 0 | F90: amm.ti investimenti anno 13
D91: =SUM(G91:AJ91) -> 0 | F91: amm.ti investimenti anno 14
... D107: =SUM(G107:AJ107) -> 0 | F107: amm.ti investimenti anno 30

Sheet CE CC opz1
B2: CONTO ECONOMICO
B3: Dati in €
B4: Anno | C4: anno 1 | D4: anno 2 | E4: anno 3 | F4: anno 4 | G4: anno 5 | H4: anno 6 | I4: anno 7 | J4: anno 8 | K4: anno 9 | L4: anno 10 | M4: anno 11 | N4: anno 12 | O4: anno 13 | P4: anno 14 | Q4: anno 15 | R4: anno 16 | S4: anno 17 | T4: anno 18 | U4: anno 19 | V4: anno 20 | W4: anno 21 | X4: anno 22 | Y4: anno 23 | Z4: anno 24
C5: 1 | D5: =C5+1 -> 2 | E5: =D5+1 -> 3 | F5: =E5+1 -> 4 | G5: =F5+1 -> 5 | H5: =G5+1 -> 6 | I5: =H5+1 -> 7 | J5: =I5+1 -> 8 | K5: =J5+1 -> 9 | ... AG5: =AF5+1 -> 31
B6: Canone | C6: =IF(C5<=IN!$C$47,SUM(C7:C12),0) -> 854048.1 | D6: =IF(D5<=IN!$C$47,SUM(D7:D12),0) -> 860787.62 | E6: =IF(E5<=IN!$C$47,SUM(E7:E12),0) -> 867631.25 | F6: =IF(F5<=IN!$C$47,SUM(F7:F12),0) -> 874580.75 | G6: =IF(G5<=IN!$C$47,SUM(G7:G12),0) -> 881637.94 | H6: =IF(H5<=IN!$C$47,SUM(H7:H12),0) -> 888804.65 | I6: =IF(I5<=IN!$C$47,SUM(I7:I12),0) -> 896082.76 | J6: =IF(J5<=IN!$C$47,SUM(J7:J12),0) -> 903474.18 | ... AF6: =IF(AF5<=IN!$C$47,SUM(AF7:AF12),0) -> 0
B7: di cui Quota Energia | C7: =IN!I5 -> 183534.64 | D7: =(IN!C16+(IN!C16*2%))*IN!C18 -> 187205.33 | E7: =D7+(D7*2%) -> 190949.44 | F7: =E7+(E7*2%) -> 194768.42 | G7: =F7+(F7*2%) -> 198663.79 | H7: =G7+(G7*2%) -> 202637.07 | I7: =H7+(H7*2%) -> 206689.81 | J7: =I7+(I7*2%) -> 210823.61 | K7: =J7+(J7*2%) -> 215040.08 | L7: =K7+(K7*2%) -> 219340.88 | ... Y7: =X7+(X7*2%) -> 283740.82 | Z7: =IF(Z5<=IN!$C$47,IN!$I$5,0) -> 0 | AA7: =IF(AA5<=IN!$C$47,IN!$I$5,0) -> 0 | AB7: =IF(AB5<=IN!$C$47,IN!$I$5,0) -> 0 | AC7: =IF(AC5<=IN!$C$47,IN!$I$5,0) -> 0 | AD7: =IF(AD5<=IN!$C$47,IN!$I$5,0) -> 0 | AE7: =IF(AE5<=IN!$C$47,IN!$I$5,0) -> 0 | AF7: =IF(AF5<=IN!$C$47,IN!$I$5,0) -> 0
B8: di cui Quota Manutenzione + Gestione + oneri della sicurezza per le attività di gestione e manutenzione IP | C8: =IN!I6 -> 187023 | D8: =C8+(C8*1%) -> 188893.23 | E8: =D8+(D8*1%) -> 190782.16 | F8: =E8+(E8*1%) -> 192689.98 | G8: =F8+(F8*1%) -> 194616.88 | H8: =G8+(G8*1%) -> 196563.05 | I8: =H8+(H8*1%) -> 198528.68 | J8: =I8+(I8*1%) -> 200513.97 | K8: =J8+(J8*1%) -> 202519.11 | ... Y8: =X8+(X8*1%) -> 232790.49 | Z8: =IF(Z5<=IN!$C$47,IN!$I$6,0) -> 0 | AA8: =IF(AA5<=IN!$C$47,IN!$I$6,0) -> 0 | AB8: =IF(AB5<=IN!$C$47,IN!$I$6,0) -> 0 | AC8: =IF(AC5<=IN!$C$47,IN!$I$6,0) -> 0 | AD8: =IF(AD5<=IN!$C$47,IN!$I$6,0) -> 0 | AE8: =IF(AE5<=IN!$C$47,IN!$I$6,0) -> 0 | AF8: =IF(AF5<=IN!$C$47,IN!$I$6,0) -> 0
B9: di cui Quota Manutenzione + Gestione + oneri della sicurezza per le attività di gestione e manutenzione IS | C9: =IN!I7 -> 19860 | D9: =C9+(C9*1%) -> 20058.6 | E9: =D9+(D9*1%) -> 20259.186 | F9: =E9+(E9*1%) -> 20461.778 | G9: =F9+(F9*1%) -> 20666.396 | H9: =G9+(G9*1%) -> 20873.06 | I9: =H9+(H9*1%) -> 21081.79 | J9: =I9+(I9*1%) -> 21292.608 | K9: =J9+(J9*1%) -> 21505.534 | ... Y9: =X9+(X9*1%) -> 24720.057
B10: di cui lavori/servizi a scelta del Comune | C10: =IN!I8 -> 40000 | D10: =C10+(C10*1%) -> 40400 | E10: =D10+(D10*1%) -> 40804 | F10: =E10+(E10*1%) -> 41212.04 | G10: =F10+(F10*1%) -> 41624.16 | H10: =G10+(G10*1%) -> 42040.402 | I10: =H10+(H10*1%) -> 42460.806 | J10: =I10+(I10*1%) -> 42885.414 | K10: =J10+(J10*1%) -> 43314.268 | ... Y10: =X10+(X10*1%) -> 49788.634
B11: di cui servizio luminarie | C11: =IN!I9 -> 60000 | D11: =C11+(C11*1%) -> 60600 | E11: =D11+(D11*1%) -> 61206 | F11: =E11+(E11*1%) -> 61818.06 | G11: =F11+(F11*1%) -> 62436.241 | H11: =G11+(G11*1%) -> 63060.603 | I11: =H11+(H11*1%) -> 63691.209 | J11: =I11+(I11*1%) -> 64328.121 | K11: =J11+(J11*1%) -> 64971.402 | ... Y11: =X11+(X11*1%) -> 74682.952
B12: di cui Quota Lavori | C12: =IF(C5<=IN!$C$47,IN!$I$10,0) -> 363630.46 | D12: =IF(D5<=IN!$C$47,IN!$I$10,0) -> 363630.46 | E12: =IF(E5<=IN!$C$47,IN!$I$10,0) -> 363630.46 | F12: =IF(F5<=IN!$C$47,IN!$I$10,0) -> 363630.46 | G12: =IF(G5<=IN!$C$47,IN!$I$10,0) -> 363630.46 | H12: =IF(H5<=IN!$C$47,IN!$I$10,0) -> 363630.46 | I12: =IF(I5<=IN!$C$47,IN!$I$10,0) -> 363630.46 | J12: =IF(J5<=IN!$C$47,IN!$I$10,0) -> 363630.46 | ... AF12: =IF(AF5<=IN!$C$47,IN!$I$10,0) -> 0
B13: Altre Voci
B14: Altre Voci
B15: TOTALE RICAVI | C15: =SUM(C7:C14) -> 854048.1 | D15: =SUM(D7:D14) -> 860787.62 | E15: =SUM(E7:E14) -> 867631.25 | F15: =SUM(F7:F14) -> 874580.75 | G15: =SUM(G7:G14) -> 881637.94 | H15: =SUM(H7:H14) -> 888804.65 | I15: =SUM(I7:I14) -> 896082.76 | J15: =SUM(J7:J14) -> 903474.18 | ... AF15: =SUM(AF7:AF14) -> 0
B16: Var. Energia elettrica | C16: 446582.92 | D16: =(IN!D16+(IN!D16*2%))*IN!C18 -> 186376.99 | E16: =D16+(D16*2%) -> 190104.53 | F16: =E16+(E16*2%) -> 193906.62 | G16: =F16+(F16*2%) -> 197784.75 | H16: =G16+(G16*2%) -> 201740.44 | I16: =H16+(H16*2%) -> 205775.25 | J16: =I16+(I16*2%) -> 209890.76 | K16: =J16+(J16*2%) -> 214088.57 | L16: =K16+(K16*2%) -> 218370.34 | ... Y16: =X16+(X16*2%) -> 282485.33 | Z16: =IF(Z5<=IN!$C$47,IF(Z5<=ROUNDUP(IN!$C$49,0),(IF(IN!$C$49<0.9,IN!$C$49*IN!$C$17+(1-IN!$C$49)*IN!$C$18,0)+IF(AND(IN!$C$49>=0.9,IN!$C$49<=1),IF(Z5=1,IN!$C$17*0.985,IN!$C$18),0)+IF(IN!$C$49>1,IF(Z5=1,IN!$C$17*0.985,IN!$C$17-((IN!$C$17-IN!$C$18)/ROUND(IN!$C$49,1))*('CE CC opz1'!Z5-1)),0)),IN!$C$18)*IN!$C$16,0) -> 0 | AA16: =IF(AA5<=IN!$C$47,IF(AA5<=ROUNDUP(IN!$C$49,0),(IF(IN!$C$49<0.9,IN!$C$49*IN!$C$17+(1-IN!$C$49)*IN!$C$18,0)+IF(AND(IN!$C$49>=0.9,IN!$C$49<=1),IF(AA5=1,IN!$C$17*0.985,IN!$C$18),0)+IF(IN!$C$49>1,IF(AA5=1,IN!$C$17*0.985,IN!$C$17-((IN!$C$17-IN!$C$18)/ROUND(IN!$C$49,1))*('CE CC opz1'!AA5-1)),0)),IN!$C$18)*IN!$C$16,0) -> 0 | AB16: =IF(AB5<=IN!$C$47,IF(AB5<=ROUNDUP(IN!$C$49,0),(IF(IN!$C$49<0.9,IN!$C$49*IN!$C$17+(1-IN!$C$49)*IN!$C$18,0)+IF(AND(IN!$C$49>=0.9,IN!$C$49<=1),IF(AB5=1,IN!$C$17*0.985,IN!$C$18),0)+IF(IN!$C$49>1,IF(AB5=1,IN!$C$17*0.985,IN!$C$17-((IN!$C$17-IN!$C$18)/ROUND(IN!$C$49,1))*('CE CC opz1'!AB5-1)),0)),IN!$C$18)*IN!$C$16,0) -> 0 | AC16: =IF(AC5<=IN!$C$47,IF(AC5<=ROUNDUP(IN!$C$49,0),(IF(IN!$C$49<0.9,IN!$C$49*IN!$C$17+(1-IN!$C$49)*IN!$C$18,0)+IF(AND(IN!$C$49>=0.9,IN!$C$49<=1),IF(AC5=1,IN!$C$17*0.985,IN!$C$18),0)+IF(IN!$C$49>1,IF(AC5=1,IN!$C$17*0.985,IN!$C$17-((IN!$C$17-IN!$C$18)/ROUND(IN!$C$49,1))*('CE CC opz1'!AC5-1)),0)),IN!$C$18)*IN!$C$16,0) -> 0 | AD16: =IF(AD5<=IN!$C$47,IF(AD5<=ROUNDUP(IN!$C$49,0),(IF(IN!$C$49<0.9,IN!$C$49*IN!$C$17+(1-IN!$C$49)*IN!$C$18,0)+IF(AND(IN!$C$49>=0.9,IN!$C$49<=1),IF(AD5=1,IN!$C$17*0.985,IN!$C$18),0)+IF(IN!$C$49>1,IF(AD5=1,IN!$C$17*0.985,IN!$C$17-((IN!$C$17-IN!$C$18)/ROUND(IN!$C$49,1))*('CE CC opz1'!AD5-1)),0)),IN!$C$18)*IN!$C$16,0) -> 0 | AE16: =IF(AE5<=IN!$C$47,IF(AE5<=ROUNDUP(IN!$C$49,0),(IF(IN!$C$49<0.9,IN!$C$49*IN!$C$17+(1-IN!$C$49)*IN!$C$18,0)+IF(AND(IN!$C$49>=0.9,IN!$C$49<=1),IF(AE5=1,IN!$C$17*0.985,IN!$C$18),0)+IF(IN!$C$49>1,IF(AE5=1,IN!$C$17*0.985,IN!$C$17-((IN!$C$17-IN!$C$18)/ROUND(IN!$C$49,1))*('CE CC opz1'!AE5-1)),0)),IN!$C$18)*IN!$C$16,0) -> 0 | AF16: =IF(AF5<=IN!$C$47,IF(AF5<=ROUNDUP(IN!$C$49,0),(IF(IN!$C$49<0.9,IN!$C$49*IN!$C$17+(1-IN!$C$49)*IN!$C$18,0)+IF(AND(IN!$C$49>=0.9,IN!$C$49<=1),IF(AF5=1,IN!$C$17*0.985,IN!$C$18),0)+IF(IN!$C$49>1,IF(AF5=1,IN!$C$17*0.985,IN!$C$17-((IN!$C$17-IN!$C$18)/ROUND(IN!$C$49,1))*('CE CC opz1'!AF5-1)),0)),IN!$C$18)*IN!$C$16,0) -> 0
B17: Var. Manodopera | C17: =IF(C5<=IN!$C$47,IN!$C$26,0) -> 53015.85 | D17: =C17+(C17*1%) -> 53546.008 | E17: =D17+(D17*1%) -> 54081.469 | F17: =E17+(E17*1%) -> 54622.283 | G17: =F17+(F17*1%) -> 55168.506 | H17: =G17+(G17*1%) -> 55720.191 | I17: =H17+(H17*1%) -> 56277.393 | J17: =I17+(I17*1%) -> 56840.167 | K17: =J17+(J17*1%) -> 57408.569 | ... Y17: =X17+(X17*1%) -> 65989.669 | Z17: =IF(Z5<=IN!$C$47,IN!$C$26*IN!$C$15,0) -> 0 | AA17: =IF(AA5<=IN!$C$47,IN!$C$26*IN!$C$15,0) -> 0 | AB17: =IF(AB5<=IN!$C$47,IN!$C$26*IN!$C$15,0) -> 0 | AC17: =IF(AC5<=IN!$C$47,IN!$C$26*IN!$C$15,0) -> 0 | AD17: =IF(AD5<=IN!$C$47,IN!$C$26*IN!$C$15,0) -> 0 | AE17: =IF(AE5<=IN!$C$47,IN!$C$26*IN!$C$15,0) -> 0 | AF17: =IF(AF5<=IN!$C$47,IN!$C$26*IN!$C$15,0) -> 0
B18: Var. Materiali | C18: =IF(C5<=IN!$C$47,IN!$C$27,0) -> 17372.355 | D18: =C18+(C18*1%) -> 17546.079 | E18: =D18+(D18*1%) -> 17721.539 | F18: =E18+(E18*1%) -> 17898.755 | G18: =F18+(F18*1%) -> 18077.742 | H18: =G18+(G18*1%) -> 18258.52 | I18: =H18+(H18*1%) -> 18441.105 | J18: =I18+(I18*1%) -> 18625.516 | K18: =J18+(J18*1%) -> 18811.771 | ... Y18: =X18+(X18*1%) -> 21623.646
B19: Var. Attrezzature | C19: =IF(C5<=IN!$C$47,IN!$C$28,0) -> 7234.92 | D19: =C19+(C19*1%) -> 7307.2692 | E19: =D19+(D19*1%) -> 7380.3419 | F19: =E19+(E19*1%) -> 7454.1453 | G19: =F19+(F19*1%) -> 7528.6868 | H19: =G19+(G19*1%) -> 7603.9736 | I19: =H19+(H19*1%) -> 7680.0134 | J19: =I19+(I19*1%) -> 7756.8135 | K19: =J19+(J19*1%) -> 7834.3816 | ... Y19: =X19+(X19*1%) -> 9005.4197
B20: Var. Spese tecniche | C20: =IF(C5<=IN!$C$47,IN!$C$29,0) -> 5751.45 | D20: =C20+(C20*1%) -> 5808.9645 | E20: =D20+(D20*1%) -> 5867.0541 | F20: =E20+(E20*1%) -> 5925.7247 | G20: =F20+(F20*1%) -> 5984.9819 | H20: =G20+(G20*1%) -> 6044.8318 | I20: =H20+(H20*1%) -> 6105.2801 | J20: =I20+(I20*1%) -> 6166.3329 | K20: =J20+(J20*1%) -> 6227.9962 | ... Y20: =X20+(X20*1%) -> 7158.921
B21: Var. call center | C21: =IF(C5<=IN!$C$47,IN!$C$30,0) -> 2496 | D21: =C21+(C21*1%) -> 2520.96 | E21: =D21+(D21*1%) -> 2546.1696 | F21: =E21+(E21*1%) -> 2571.6313 | G21: =F21+(F21*1%) -> 2597.3476 | H21: =G21+(G21*1%) -> 2623.3211 | I21: =H21+(H21*1%) -> 2649.5543 | J21: =I21+(I21*1%) -> 2676.0498 | K21: =J21+(J21*1%) -> 2702.8103 | ... Y21: =X21+(X21*1%) -> 3106.8108
B22: Var. sistemi informativi | C22: =IF(C5<=IN!$C$47,IN!$C$31,0) -> 3118.5 | D22: =C22+(C22*1%) -> 3149.685 | E22: =D22+(D22*1%) -> 3181.1818 | F22: =E22+(E22*1%) -> 3212.9937 | G22: =F22+(F22*1%) -> 3245.1236 | H22: =G22+(G22*1%) -> 3277.5748 | I22: =H22+(H22*1%) -> 3310.3506 | J22: =I22+(I22*1%) -> 3343.4541 | K22: =J22+(J22*1%) -> 3376.8886 | ... Y22: =X22+(X22*1%) -> 3881.6464
B23: Var. reperibilità e pronto intervento | C23: =IF(C5<=IN!$C$47,IN!$C$32,0) -> 12474 | D23: =C23+(C23*1%) -> 12598.74 | E23: =D23+(D23*1%) -> 12724.727 | F23: =E23+(E23*1%) -> 12851.975 | G23: =F23+(F23*1%) -> 12980.494 | H23: =G23+(G23*1%) -> 13110.299 | I23: =H23+(H23*1%) -> 13241.402 | J23: =I23+(I23*1%) -> 13373.816 | K23: =J23+(J23*1%) -> 13507.555 | ... Y23: =X23+(X23*1%) -> 15526.586
B24: Var. materiale di consumo | C24: =IF(C5<=IN!$C$47,IN!$C$34,0) -> 3118.5 | D24: =C24+(C24*1%) -> 3149.685 | E24: =D24+(D24*1%) -> 3181.1818 | F24: =E24+(E24*1%) -> 3212.9937 | G24: =F24+(F24*1%) -> 3245.1236 | H24: =G24+(G24*1%) -> 3277.5748 | I24: =H24+(H24*1%) -> 3310.3506 | J24: =I24+(I24*1%) -> 3343.4541 | K24: =J24+(J24*1%) -> 3376.8886 | ... Y24: =X24+(X24*1%) -> 3881.6464
B25: interventi per rinnovo tecnologico | J25: 30000 | P25: 30000
B26: lavori/servizi a scelta del Comune | C26: =IF(C5<=IN!$C$47,IN!$C$35,0) -> 38000 | D26: =C26+(C26*1%) -> 38380 | E26: =D26+(D26*1%) -> 38763.8 | F26: =E26+(E26*1%) -> 39151.438 | G26: =F26+(F26*1%) -> 39542.952 | H26: =G26+(G26*1%) -> 39938.382 | I26: =H26+(H26*1%) -> 40337.766 | J26: =I26+(I26*1%) -> 40741.143 | K26: =J26+(J26*1%) -> 41148.555 | ... Y26: =X26+(X26*1%) -> 47299.203
B27: servizio luminarie | C27: =IF(C5<=IN!$C$47,IN!$C$33,0) -> 48000 | D27: =C27+(C27*1%) -> 48480 | E27: =D27+(D27*1%) -> 48964.8 | F27: =E27+(E27*1%) -> 49454.448 | G27: =F27+(F27*1%) -> 49948.992 | H27: =G27+(G27*1%) -> 50448.482 | I27: =H27+(H27*1%) -> 50952.967 | J27: =I27+(I27*1%) -> 51462.497 | K27: =J27+(J27*1%) -> 51977.122 | ... Y27: =X27+(X27*1%) -> 59746.361
B28: costi generali | C28: =IF(C5<=IN!$C$47,IN!$C$39,0) -> 5000 | D28: =C28+(C28*1%) -> 5050 | E28: =D28+(D28*1%) -> 5100.5 | F28: =E28+(E28*1%) -> 5151.505 | G28: =F28+(F28*1%) -> 5203.0201 | H28: =G28+(G28*1%) -> 5255.0503 | I28: =H28+(H28*1%) -> 5307.6008 | J28: =I28+(I28*1%) -> 5360.6768 | K28: =J28+(J28*1%) -> 5414.2835 | ... Y28: =X28+(X28*1%) -> 6223.5793 | Z28: =IF(Z5<=IN!$C$47,IN!#REF!*IN!$C$15,0) -> 0 | AA28: =IF(AA5<=IN!$C$47,IN!#REF!*IN!$C$15,0) -> 0 | AB28: =IF(AB5<=IN!$C$47,IN!#REF!*IN!$C$15,0) -> 0 | AC28: =IF(AC5<=IN!$C$47,IN!#REF!*IN!$C$15,0) -> 0 | AD28: =IF(AD5<=IN!$C$47,IN!#REF!*IN!$C$15,0) -> 0 | AE28: =IF(AE5<=IN!$C$47,IN!#REF!*IN!$C$15,0) -> 0 | AF28: =IF(AF5<=IN!$C$47,IN!#REF!*IN!$C$15,0) -> 0
B29: TOTALE COSTI DIRETTI ESTERNI | C29: =SUM(C16:C28) -> 642164.5 | D29: =SUM(D16:D28) -> 383914.38 | E29: =SUM(E16:E28) -> 389617.29 | F29: =SUM(F16:F28) -> 395414.51 | G29: =SUM(G16:G28) -> 401307.72 | H29: =SUM(H16:H28) -> 407298.65 | I29: =SUM(I16:I28) -> 413389.04 | J29: =SUM(J16:J28) -> 449580.68 | ... AF29: =SUM(AF16:AF28) -> 0
B30: MARGINE DI CONTRIBUZIONE | C30: =C15-C29 -> 211883.6 | D30: =D15-D29 -> 476873.24 | E30: =E15-E29 -> 478013.96 | F30: =F15-F29 -> 479166.24 | G30: =G15-G29 -> 480330.22 | H30: =H15-H29 -> 481506 | I30: =I15-I29 -> 482693.72 | J30: =J15-J29 -> 453893.5 | ... AF30: =AF15-AF29 -> 0
B31: MC % | C31: =IF(C5<=IN!$C$47,'CE CC opz1'!C30/'CE CC opz1'!C15,"") -> 0.24809329 | D31: =IF(D5<=IN!$C$47,'CE CC opz1'!D30/'CE CC opz1'!D15,"") -> 0.5539964 | E31: =IF(E5<=IN!$C$47,'CE CC opz1'!E30/'CE CC opz1'!E15,"") -> 0.55094138 | F31: =IF(F5<=IN!$C$47,'CE CC opz1'!F30/'CE CC opz1'!F15,"") -> 0.54788107 | G31: =IF(G5<=IN!$C$47,'CE CC opz1'!G30/'CE CC opz1'!G15,"") -> 0.54481573 | H31: =IF(H5<=IN!$C$47,'CE CC opz1'!H30/'CE CC opz1'!H15,"") -> 0.5417456 | I31: =IF(I5<=IN!$C$47,'CE CC opz1'!I30/'CE CC opz1'!I15,"") -> 0.53867092 | J31: =IF(J5<=IN!$C$47,'CE CC opz1'!J30/'CE CC opz1'!J15,"") -> 0.5023868 | ... AF31: =IF(AF5<=IN!$C$47,'CE CC opz1'!AF30/'CE CC opz1'!AF15,"")
B32: Var. Personale | C32: =C34*C33 -> 1873.238 | D32: =D34*D33 -> 1891.9704 | E32: =E34*E33 -> 1910.8901 | F32: =F34*F33 -> 1929.999 | G32: =G34*G33 -> 1949.299 | H32: =H34*H33 -> 1968.792 | I32: =I34*I33 -> 1988.4799 | J32: =J34*J33 -> 2008.3647 | ... AF32: =AF34*AF33 -> 0
B33: FTE medi annui | C33: =IF(C5<=IN!$C$47,IN!$C$36,0) -> 0.04 | D33: =IF(D5<=IN!$C$47,IN!$C$36,0) -> 0.04 | E33: =IF(E5<=IN!$C$47,IN!$C$36,0) -> 0.04 | F33: =IF(F5<=IN!$C$47,IN!$C$36,0) -> 0.04 | G33: =IF(G5<=IN!$C$47,IN!$C$36,0) -> 0.04 | H33: =IF(H5<=IN!$C$47,IN!$C$36,0) -> 0.04 | I33: =IF(I5<=IN!$C$47,IN!$C$36,0) -> 0.04 | J33: =IF(J5<=IN!$C$47,IN!$C$36,0) -> 0.04 | ... AF33: =IF(AF5<=IN!$C$47,IN!$C$36,0) -> 0
B34: Costo medio | C34: =IF(C5<=IN!$C$47,IN!$C$37,0) -> 46830.95 | D34: =C34+(C34*1%) -> 47299.26 | E34: =D34+(D34*1%) -> 47772.252 | F34: =E34+(E34*1%) -> 48249.975 | G34: =F34+(F34*1%) -> 48732.474 | H34: =G34+(G34*1%) -> 49219.799 | I34: =H34+(H34*1%) -> 49711.997 | J34: =I34+(I34*1%) -> 50209.117 | K34: =J34+(J34*1%) -> 50711.208 | ... V34: =U34+(U34*1%) -> 56576.89 | W34: =IF(W5<=IN!$C$47,IN!$C$37,0) -> 46830.95 | X34: =IF(X5<=IN!$C$47,IN!$C$37,0) -> 46830.95 | Y34: =IF(Y5<=IN!$C$47,IN!$C$37,0) -> 46830.95 | Z34: =IF(Z5<=IN!$C$47,IN!$C$37,0) -> 0 | AA34: =IF(AA5<=IN!$C$47,IN!$C$37,0) -> 0 | AB34: =IF(AB5<=IN!$C$47,IN!$C$37,0) -> 0 | AC34: =IF(AC5<=IN!$C$47,IN!$C$37,0) -> 0 | AD34: =IF(AD5<=IN!$C$47,IN!$C$37,0) -> 0 | ... AF34: =IF(AF5<=IN!$C$47,IN!$C$37,0) -> 0
B35: Altri costi (spese per incentivi, per funzioni tecniche, pubblicità e contratto, analisi e collaudi) | C35: =IN!I38 -> 199875.78 | D35: 0 | E35: 0 | F35: 0 | G35: 0 | H35: 0 | I35: 0 | J35: 0 | K35: 0 | L35: 0 | M35: 0 | N35: 0 | O35: 0 | P35: 0 | Q35: 0 | R35: 0 | S35: 0 | T35: 0 | U35: 0 | V35: 0 | W35: 0 | X35: 0 | Y35: 0 | Z35: 0 | AA35: 0 | AB35: 0 | AC35: 0 | AD35: 0 | AE35: 0 | AF35: 0
B36: TOTALE ALTRI COSTI | C36: =SUM(C32,C35) -> 201749.02 | D36: =SUM(D32,D35) -> 1891.9704 | E36: =SUM(E32,E35) -> 1910.8901 | F36: =SUM(F32,F35) -> 1929.999 | G36: =SUM(G32,G35) -> 1949.299 | H36: =SUM(H32,H35) -> 1968.792 | I36: =SUM(I32,I35) -> 1988.4799 | J36: =SUM(J32,J35) -> 2008.3647 | ... AF36: =SUM(AF32,AF35) -> 0
B37: EBITDA | C37: =C15-C29-C36 -> 10134.581 | D37: =D15-D29-D36 -> 474981.27 | E37: =E15-E29-E36 -> 476103.07 | F37: =F15-F29-F36 -> 477236.24 | G37: =G15-G29-G36 -> 478380.92 | H37: =H15-H29-H36 -> 479537.21 | I37: =I15-I29-I36 -> 480705.24 | J37: =J15-J29-J36 -> 451885.14 | ... AF37: =AF15-AF29-AF36 -> 0
B38: EBITDA % | C38: =IF(C5<=IN!$C$47,'CE CC opz1'!C37/'CE CC opz1'!C15,"") -> 0.011866522 | D38: =IF(D5<=IN!$C$47,'CE CC opz1'!D37/'CE CC opz1'!D15,"") -> 0.55179845 | E38: =IF(E5<=IN!$C$47,'CE CC opz1'!E37/'CE CC opz1'!E15,"") -> 0.54873896 | F38: =IF(F5<=IN!$C$47,'CE CC opz1'!F37/'CE CC opz1'!F15,"") -> 0.5456743 | G38: =IF(G5<=IN!$C$47,'CE CC opz1'!G37/'CE CC opz1'!G15,"") -> 0.54260473 | H38: =IF(H5<=IN!$C$47,'CE CC opz1'!H37/'CE CC opz1'!H15,"") -> 0.53953049 | I38: =IF(I5<=IN!$C$47,'CE CC opz1'!I37/'CE CC opz1'!I15,"") -> 0.53645184 | J38: =IF(J5<=IN!$C$47,'CE CC opz1'!J37/'CE CC opz1'!J15,"") -> 0.50016386 | ... AF38: =IF(AF5<=IN!$C$47,'CE CC opz1'!AF37/'CE CC opz1'!AF15,"")
B39: Ammortamenti | C39: =Investimenti!G41 -> 235119.71 | D39: =Investimenti!H41 -> 235119.71 | E39: =Investimenti!I41 -> 235119.71 | F39: =Investimenti!J41 -> 235119.71 | G39: =Investimenti!K41 -> 235119.71 | H39: =Investimenti!L41 -> 235119.71 | I39: =Investimenti!M41 -> 235119.71 | J39: =Investimenti!N41 -> 235119.71 | ... AF39: =Investimenti!AJ41 -> 0
B40: EBIT | C40: =C37-C39 -> -224985.12 | D40: =D37-D39 -> 239861.57 | E40: =E37-E39 -> 240983.36 | F40: =F37-F39 -> 242116.54 | G40: =G37-G39 -> 243261.21 | H40: =H37-H39 -> 244417.51 | I40: =I37-I39 -> 245585.54 | J40: =J37-J39 -> 216765.43 | ... AF40: =AF37-AF39 -> 0
B41: EBIT % | C41: =IF(C5<=IN!$C$47,'CE CC opz1'!C40/'CE CC opz1'!C15,"") -> -0.26343379 | D41: =IF(D5<=IN!$C$47,'CE CC opz1'!D40/'CE CC opz1'!D15,"") -> 0.2786536 | E41: =IF(E5<=IN!$C$47,'CE CC opz1'!E40/'CE CC opz1'!E15,"") -> 0.2777486 | F41: =IF(F5<=IN!$C$47,'CE CC opz1'!F40/'CE CC opz1'!F15,"") -> 0.27683726 | G41: =IF(G5<=IN!$C$47,'CE CC opz1'!G40/'CE CC opz1'!G15,"") -> 0.27591963 | H41: =IF(H5<=IN!$C$47,'CE CC opz1'!H40/'CE CC opz1'!H15,"") -> 0.27499576 | I41: =IF(I5<=IN!$C$47,'CE CC opz1'!I40/'CE CC opz1'!I15,"") -> 0.27406569 | J41: =IF(J5<=IN!$C$47,'CE CC opz1'!J40/'CE CC opz1'!J15,"") -> 0.23992432 | ... AF41: =IF(AF5<=IN!$C$47,'CE CC opz1'!AF40/'CE CC opz1'!AF15,"")
B42: Oneri Finanziari | C42: =IN!Q57 -> 72843.085 | D42: =IN!Q58 -> 70541.696 | E42: =IN!Q59 -> 68176.098 | F42: =IN!Q60 -> 65744.5 | G42: =IN!Q61 -> 63245.061 | H42: =IN!Q62 -> 60675.887 | I42: =IN!Q63 -> 58035.033 | J42: =IN!Q64 -> 55320.499 | K42: =IN!Q65 -> 52530.23 | L42: =IN!Q66 -> 49662.112 | M42: =IN!Q67 -> 46713.974 | N42: =IN!Q68 -> 43683.583 | O42: =IN!Q69 -> 40568.644 | P42: =IN!Q70 -> 37366.798 | Q42: =IN!Q71 -> 34075.621 | R42: =IN!Q72 -> 30692.619 | S42: =IN!Q73 -> 27215.232 | T42: =IN!Q74 -> 23640.826 | U42: =IN!Q75 -> 19966.694 | V42: =IN!Q76 -> 16190.054 | W42: =IN!Q77 -> 12308.045 | X42: =IN!Q78 -> 8317.7288 | Y42: =IN!Q79 -> 4216.0824 | Z42: =IN!Q80 -> 0 | AA42: =IN!Q81 -> 0 | AB42: =IN!Q82 -> 0 | AC42: =IN!Q83 -> 0 | AD42: =IN!Q84 -> 0 | AE42: =IN!Q85 -> 0 | AF42: =IN!Q86 -> 0
B43: EBT | C43: =+C40-C42 -> -297828.21 | D43: =+D40-D42 -> 169319.87 | E43: =+E40-E42 -> 172807.26 | F43: =+F40-F42 -> 176372.04 | G43: =+G40-G42 -> 180016.15 | H43: =+H40-H42 -> 183741.62 | I43: =+I40-I42 -> 187550.51 | J43: =+J40-J42 -> 161444.93 | ... AF43: =+AF40-AF42 -> 0
B44: EBT % | C44: =IF(C5<=IN!$C$47,'CE CC opz1'!C43/'CE CC opz1'!C15,"") -> -0.34872533 | D44: =IF(D5<=IN!$C$47,'CE CC opz1'!D43/'CE CC opz1'!D15,"") -> 0.19670342 | E44: =IF(E5<=IN!$C$47,'CE CC opz1'!E43/'CE CC opz1'!E15,"") -> 0.19917132 | F44: =IF(F5<=IN!$C$47,'CE CC opz1'!F43/'CE CC opz1'!F15,"") -> 0.20166467 | G44: =IF(G5<=IN!$C$47,'CE CC opz1'!G43/'CE CC opz1'!G15,"") -> 0.20418376 | H44: =IF(H5<=IN!$C$47,'CE CC opz1'!H43/'CE CC opz1'!H15,"") -> 0.20672891 | I44: =IF(I5<=IN!$C$47,'CE CC opz1'!I43/'CE CC opz1'!I15,"") -> 0.20930043 | J44: =IF(J5<=IN!$C$47,'CE CC opz1'!J43/'CE CC opz1'!J15,"") -> 0.17869347 | ... AF44: =IF(AF5<=IN!$C$47,'CE CC opz1'!AF43/'CE CC opz1'!AF15,"")
B45: Ires | C45: =IF(C5<=IN!$C$47,C75,0) -> -71478.77 | D45: =IF(D5<=IN!$C$47,D75,0) -> 40636.769 | E45: =IF(E5<=IN!$C$47,E75,0) -> 41473.743 | F45: =IF(F5<=IN!$C$47,F75,0) -> 42329.288 | G45: =IF(G5<=IN!$C$47,G75,0) -> 43203.876 | H45: =IF(H5<=IN!$C$47,H75,0) -> 44097.989 | I45: =IF(I5<=IN!$C$47,I75,0) -> 45012.122 | J45: =IF(J5<=IN!$C$47,J75,0) -> 38746.784 | ... AG45: =IF(AG5<=IN!$C$47,AG75,0) -> 0
B46: Irap | C46: =IF(C5<=IN!$C$47,C76,0) -> 0 | D46: =IF(D5<=IN!$C$47,D76,0) -> 10153.649 | E46: =IF(E5<=IN!$C$47,E76,0) -> 10201.559 | F46: =IF(F5<=IN!$C$47,F76,0) -> 10249.954 | G46: =IF(G5<=IN!$C$47,G76,0) -> 10298.841 | H46: =IF(H5<=IN!$C$47,H76,0) -> 10348.225 | I46: =IF(I5<=IN!$C$47,I76,0) -> 10398.109 | J46: =IF(J5<=IN!$C$47,J76,0) -> 9188.4995 | ... AG46: =IF(AG5<=IN!$C$47,AG76,0) -> 0
B47: UTILE/PERDITA D'ESERCIZIO | C47: =C43-SUM(C45:C46) -> -226349.44 | D47: =D43-SUM(D45:D46) -> 118529.45 | E47: =E43-SUM(E45:E46) -> 121131.96 | F47: =F43-SUM(F45:F46) -> 123792.79 | G47: =G43-SUM(G45:G46) -> 126513.43 | H47: =H43-SUM(H45:H46) -> 129295.41 | I47: =I43-SUM(I45:I46) -> 132140.28 | J47: =J43-SUM(J45:J46) -> 113509.65 | ... AF47: =AF43-SUM(AF45:AF46) -> 0
B48: UTILE/PERDITA D'ESERCIZIO % | C48: =IF(C5<=IN!$C$47,'CE CC opz1'!C47/'CE CC opz1'!C15,"") -> -0.26503125 | D48: =IF(D5<=IN!$C$47,'CE CC opz1'!D47/'CE CC opz1'!D15,"") -> 0.13769884 | E48: =IF(E5<=IN!$C$47,'CE CC opz1'!E47/'CE CC opz1'!E15,"") -> 0.13961226 | F48: =IF(F5<=IN!$C$47,'CE CC opz1'!F47/'CE CC opz1'!F15,"") -> 0.1415453 | G48: =IF(G5<=IN!$C$47,'CE CC opz1'!G47/'CE CC opz1'!G15,"") -> 0.14349817 | H48: =IF(H5<=IN!$C$47,'CE CC opz1'!H47/'CE CC opz1'!H15,"") -> 0.14547112 | I48: =IF(I5<=IN!$C$47,'CE CC opz1'!I47/'CE CC opz1'!I15,"") -> 0.14746437 | J48: =IF(J5<=IN!$C$47,'CE CC opz1'!J47/'CE CC opz1'!J15,"") -> 0.12563685 | ... AF48: =IF(AF5<=IN!$C$47,'CE CC opz1'!AF47/'CE CC opz1'!AF15,"")
B51: CALCOLO IRES E IRAP | C51: calcolo IRES IRAP preso da PEF PF Curtarolo 30/03/2022
B52: anno sì/no | C52: =IF(C5<=IN!$C$47,1,0) -> 1 | D52: =IF(D5<=IN!$C$47,1,0) -> 1 | E52: =IF(E5<=IN!$C$47,1,0) -> 1 | F52: =IF(F5<=IN!$C$47,1,0) -> 1 | G52: =IF(G5<=IN!$C$47,1,0) -> 1 | H52: =IF(H5<=IN!$C$47,1,0) -> 1 | I52: =IF(I5<=IN!$C$47,1,0) -> 1 | J52: =IF(J5<=IN!$C$47,1,0) -> 1 | ... AG52: =IF(AG5<=IN!$C$47,1,0) -> 0
B53: DEDUZIONE INTERESSI PASSIVI
B54: % deduzione | C54: 0.3
B55: =CONCATENATE(C54*100,"% EBITDA") -> 30% EBITDA | C55: =$C$54*C$37 -> 3040.3743 | D55: =$C$54*D$37 -> 142494.38 | E55: =$C$54*E$37 -> 142830.92 | F55: =$C$54*F$37 -> 143170.87 | G55: =$C$54*G$37 -> 143514.27 | H55: =$C$54*H$37 -> 143861.16 | I55: =$C$54*I$37 -> 144211.57 | J55: =$C$54*J$37 -> 135565.54 | ... AG55: =$C$54*AG$37 -> 0
B56: oneri finanziari | C56: =C42 -> 72843.085 | D56: =D42 -> 70541.696 | E56: =E42 -> 68176.098 | F56: =F42 -> 65744.5 | G56: =G42 -> 63245.061 | H56: =H42 -> 60675.887 | I56: =I42 -> 58035.033 | J56: =J42 -> 55320.499 | ... AG56: =AG42 -> 0
B58: quota indeducibile | C58: =IF(C55<0,C56,IF(C56>C55,(C56-C55),0)) -> 69802.711 | D58: =IF((C59+D55)<0,D56,IF(D56>(D55+C59),D56-(C59+D55),0)) -> 0 | E58: =IF((D59+E55)<0,E56,IF(E56>(E55+D59),E56-(D59+E55),0)) -> 0 | F58: =IF((E59+F55)<0,F56,IF(F56>(F55+E59),F56-(E59+F55),0)) -> 0 | G58: =IF((F59+G55)<0,G56,IF(G56>(G55+F59),G56-(F59+G55),0)) -> 0 | H58: =IF((G59+H55)<0,H56,IF(H56>(H55+G59),H56-(G59+H55),0)) -> 0 | I58: =IF((H59+I55)<0,I56,IF(I56>(I55+H59),I56-(H59+I55),0)) -> 0 | J58: =IF((I59+J55)<0,J56,IF(J56>(J55+I59),J56-(I59+J55),0)) -> 0 | K58: =IF((J59+K55)<0,K56,IF(K56>(K55+J59),K56-(J59+K55),0)) -> 0 | ... AG58: =IF((AF59+AG55)<0,AG56,IF(AG56>(AG55+AF59),AG56-(AF59+AG55),0)) -> 0
B59: quota ROL riportabile | C59: =IF(C56<C55,(C55-C56),0)*C52 -> 0 | D59: =IF(D56<(C59+D55),(C59+D55)-D56,0)*D52 -> 71952.686 | E59: =IF(E56<(D59+E55),(D59+E55)-E56,0)*E52 -> 146607.51 | F59: =IF(F56<(E59+F55),(E59+F55)-F56,0)*F52 -> 224033.88 | G59: =IF(G56<(F59+G55),(F59+G55)-G56,0)*G52 -> 304303.09 | H59: =IF(H56<(G59+H55),(G59+H55)-H56,0)*H52 -> 387488.37 | I59: =IF(I56<(H59+I55),(H59+I55)-I56,0)*I52 -> 473664.91 | J59: =IF(J56<(I59+J55),(I59+J55)-J56,0)*J52 -> 553909.95 | K59: =IF(K56<(J59+K55),(J59+K55)-K56,0)*K52 -> 646302.83 | ... AG59: =IF(AG56<(AF59+AG55),(AF59+AG55)-AG56,0)*AG52 -> 0
B60: interessi passivi indeducibili anno | C60: =IF((C58-C59)>0,(C58-C59),0) -> 69802.711 | D60: =IF((D58-D59)>0,(D58-D59),0) -> 0 | E60: =IF((E58-E59)>0,(E58-E59),0) -> 0 | F60: =IF((F58-F59)>0,(F58-F59),0) -> 0 | G60: =IF((G58-G59)>0,(G58-G59),0) -> 0 | H60: =IF((H58-H59)>0,(H58-H59),0) -> 0 | I60: =IF((I58-I59)>0,(I58-I59),0) -> 0 | J60: =IF((J58-J59)>0,(J58-J59),0) -> 0 | ... AG60: =IF((AG58-AG59)>0,(AG58-AG59),0) -> 0
B61: interessi passivi esercizi precedenti deducibili | D61: =MIN(C62,D59) -> 69802.711 | E61: =MIN(SUM($C$62:D$62),E59) -> 0 | F61: =MIN(SUM($C$62:E$62),F59) -> 0 | G61: =MIN(SUM($C$62:F$62),G59) -> 0 | H61: =MIN(SUM($C$62:G$62),H59) -> 0 | I61: =MIN(SUM($C$62:H$62),I59) -> 0 | J61: =MIN(SUM($C$62:I$62),J59) -> 0 | K61: =MIN(SUM($C$62:J$62),K59) -> 0 | L61: =MIN(SUM($C$62:K$62),L59) -> 0 | ... AG61: =MIN(SUM($C$62:AF$62),AG59) -> 0
B62: interessi passivi indeducibili Tot | C62: =C60-C61 -> 69802.711 | D62: =D60-D61 -> -69802.711 | E62: =E60-E61 -> 0 | F62: =F60-F61 -> 0 | G62: =G60-G61 -> 0 | H62: =H60-H61 -> 0 | I62: =I60-I61 -> 0 | J62: =J60-J61 -> 0 | ... AG62: =AG60-AG61 -> 0
B64: REDDITO IMPONIBILE
B65: Reddito imponibile | C65: =C43+C62 -> -228025.5 | D65: =D43+D62 -> 99517.162 | E65: =E43+E62 -> 172807.26 | F65: =F43+F62 -> 176372.04 | G65: =G43+G62 -> 180016.15 | H65: =H43+H62 -> 183741.62 | I65: =I43+I62 -> 187550.51 | J65: =J43+J62 -> 161444.93 | ... AG65: =AG43+AG62 -> 0
B66: Perdita riportabile | C66: =IF(C65>0,0,C65) -> -228025.5 | D66: =IF(D65>0,C66+D67,C66+D65) -> -148411.77 | E66: =IF(E65>0,D66+E67,D66+E65) -> -10165.959 | F66: =IF(F65>0,E66+F67,E66+F65) -> 0 | G66: =IF(G65>0,F66+G67,F66+G65) -> 0 | H66: =IF(H65>0,G66+H67,G66+H65) -> 0 | I66: =IF(I65>0,H66+I67,H66+I65) -> 0 | J66: =IF(J65>0,I66+J67,I66+J65) -> 0 | K66: =IF(K65>0,J66+K67,J66+K65) -> 0 | ... AG66: =IF(AG65>0,AF66+AG67,AF66+AG65) -> 0
B67: Perdita utilizzabile | C67: 0 | D67: =IF(D65>0,MIN(C66*-1,D65*0.8))*D52 -> 79613.73 | E67: =IF(E65>0,MIN(D66*-1,E65*0.8))*E52 -> 138245.81 | F67: =IF(F65>0,MIN(E66*-1,F65*0.8))*F52 -> 10165.959 | G67: =IF(G65>0,MIN(F66*-1,G65*0.8))*G52 -> 0 | H67: =IF(H65>0,MIN(G66*-1,H65*0.8))*H52 -> 0 | I67: =IF(I65>0,MIN(H66*-1,I65*0.8))*I52 -> 0 | J67: =IF(J65>0,MIN(I66*-1,J65*0.8))*J52 -> 0 | K67: =IF(K65>0,MIN(J66*-1,K65*0.8))*K52 -> 0 | ... AG67: =IF(AG65>0,MIN(AF66*-1,AG65*0.8))*AG52 -> 0
B69: IRES IRAP
B70: imposte anticipate anno per perdita | C70: =IF(C65<0,C65*IN!$C$54,0) -> -54726.12 | D70: =IF(D65<0,D65*IN!$C$54,0) -> 0 | E70: =IF(E65<0,E65*IN!$C$54,0) -> 0 | F70: =IF(F65<0,F65*IN!$C$54,0) -> 0 | G70: =IF(G65<0,G65*IN!$C$54,0) -> 0 | H70: =IF(H65<0,H65*IN!$C$54,0) -> 0 | I70: =IF(I65<0,I65*IN!$C$54,0) -> 0 | J70: =IF(J65<0,J65*IN!$C$54,0) -> 0 | ... AG70: =IF(AG65<0,AG65*IN!$C$54,0) -> 0
B71: imposte anticipate anno per interessi indeducibili | C71: =-C62*IN!$C$54 -> -16752.651 | D71: =-D62*IN!$C$54 -> 16752.651 | E71: =-E62*IN!$C$54 -> 0 | F71: =-F62*IN!$C$54 -> 0 | G71: =-G62*IN!$C$54 -> 0 | H71: =-H62*IN!$C$54 -> 0 | I71: =-I62*IN!$C$54 -> 0 | J71: =-J62*IN!$C$54 -> 0 | ... AG71: =-AG62*IN!$C$54 -> 0
B72: Recupero imposte anticipate | C72: =C67*IN!$C$54 -> 0 | D72: =D67*IN!$C$54 -> 19107.295 | E72: =E67*IN!$C$54 -> 33178.994 | F72: =F67*IN!$C$54 -> 2439.8302 | G72: =G67*IN!$C$54 -> 0 | H72: =H67*IN!$C$54 -> 0 | I72: =I67*IN!$C$54 -> 0 | J72: =J67*IN!$C$54 -> 0 | ... AG72: =AG67*IN!$C$54 -> 0
B73: IRES corrente | C73: =IF(C65>0,(C65-C67)*IN!$C$54,0) -> 0 | D73: =IF(D65>0,(D65-D67)*IN!$C$54,0) -> 4776.8238 | E73: =IF(E65>0,(E65-E67)*IN!$C$54,0) -> 8294.7486 | F73: =IF(F65>0,(F65-F67)*IN!$C$54,0) -> 39889.458 | G73: =IF(G65>0,(G65-G67)*IN!$C$54,0) -> 43203.876 | H73: =IF(H65>0,(H65-H67)*IN!$C$54,0) -> 44097.989 | I73: =IF(I65>0,(I65-I67)*IN!$C$54,0) -> 45012.122 | J73: =IF(J65>0,(J65-J67)*IN!$C$54,0) -> 38746.784 | ... AG73: =IF(AG65>0,(AG65-AG67)*IN!$C$54,0) -> 0
B75: IRES | C75: =SUM(C70:C73) -> -71478.77 | D75: =SUM(D70:D73) -> 40636.769 | E75: =SUM(E70:E73) -> 41473.743 | F75: =SUM(F70:F73) -> 42329.288 | G75: =SUM(G70:G73) -> 43203.876 | H75: =SUM(H70:H73) -> 44097.989 | I75: =SUM(I70:I73) -> 45012.122 | J75: =SUM(J70:J73) -> 38746.784 | ... AG75: =SUM(AG70:AG73) -> 0
B76: IRAP | C76: =IF((C40+C32)>0,(C40+C32)*IN!$C$55,0) -> 0 | D76: =IF((D40+D32)>0,(D40+D32)*IN!$C$55,0) -> 10153.649 | E76: =IF((E40+E32)>0,(E40+E32)*IN!$C$55,0) -> 10201.559 | F76: =IF((F40+F32)>0,(F40+F32)*IN!$C$55,0) -> 10249.954 | G76: =IF((G40+G32)>0,(G40+G32)*IN!$C$55,0) -> 10298.841 | H76: =IF((H40+H32)>0,(H40+H32)*IN!$C$55,0) -> 10348.225 | I76: =IF((I40+I32)>0,(I40+I32)*IN!$C$55,0) -> 10398.109 | J76: =IF((J40+J32)>0,(J40+J32)*IN!$C$55,0) -> 9188.4995 | ... AG76: =IF((AG40+AG32)>0,(AG40+AG32)*IN!$C$55,0) -> 0
B80: CAPITALE CIRCOLANTE
B81: Dati in €
B82: Anno | C82: anno 1 | D82: anno 2 | E82: anno 3 | F82: anno 4 | G82: anno 5 | H82: anno 6 | I82: anno 7 | J82: anno 8 | K82: anno 9 | L82: anno 10 | M82: anno 11 | N82: anno 12 | O82: anno 13 | P82: anno 14 | Q82: anno 15 | R82: anno 16 | S82: anno 17 | T82: anno 18 | U82: anno 19 | V82: anno 20 | W82: anno 21 | X82: anno 22 | Y82: anno 23 | Z82: anno 24 | AA82: =Z82+1 -> #VALUE! | AB82: =AA82+1 -> #VALUE! | AC82: =AB82+1 -> #VALUE! | AD82: =AC82+1 -> #VALUE! | AE82: =AD82+1 -> #VALUE! | AF82: =AE82+1 -> #VALUE! | AG82: =AF82+1 -> #VALUE!
C83: =C5 -> 1 | D83: =D5 -> 2 | E83: =E5 -> 3 | F83: =F5 -> 4 | G83: =G5 -> 5 | H83: =H5 -> 6 | I83: =I5 -> 7 | J83: =J5 -> 8 | ... AG83: =AG5 -> 31
B84: Capitale Circolante | C84: =+C85+C86-C87 -> -1082105.7 | D84: =+D85+D86-D87 -> 95635.949 | E84: =+E85+E86-E87 -> 95864.717 | F84: =+F85+F86-F87 -> 96095.805 | G84: =+G85+G86-G87 -> 96329.238 | H84: =+H85+H86-H87 -> 96565.04 | I84: =+I85+I86-I87 -> 96803.235 | J84: =+J85+J86-J87 -> 91027.409 | ... AF84: =+AF85+AF86-AF87 -> 0
B85: Crediti Commerciali | C85: =IF(C5<=IN!$C$47,(C15)*(1+IN!$C$53)*IN!$C$61+Investimenti!G10*(1+IN!$C$53)*IN!$C$61,0) -> 171277.59 | D85: =IF(D5<=IN!$C$47,(D15)*(1+IN!$C$53)*IN!$C$61+Investimenti!H10*(1+IN!$C$53)*IN!$C$61,0) -> 172629.19 | E85: =IF(E5<=IN!$C$47,(E15)*(1+IN!$C$53)*IN!$C$61+Investimenti!I10*(1+IN!$C$53)*IN!$C$61,0) -> 174001.66 | F85: =IF(F5<=IN!$C$47,(F15)*(1+IN!$C$53)*IN!$C$61+Investimenti!J10*(1+IN!$C$53)*IN!$C$61,0) -> 175395.37 | G85: =IF(G5<=IN!$C$47,(G15)*(1+IN!$C$53)*IN!$C$61+Investimenti!K10*(1+IN!$C$53)*IN!$C$61,0) -> 176810.68 | H85: =IF(H5<=IN!$C$47,(H15)*(1+IN!$C$53)*IN!$C$61+Investimenti!L10*(1+IN!$C$53)*IN!$C$61,0) -> 178247.95 | I85: =IF(I5<=IN!$C$47,(I15)*(1+IN!$C$53)*IN!$C$61+Investimenti!M10*(1+IN!$C$53)*IN!$C$61,0) -> 179707.56 | J85: =IF(J5<=IN!$C$47,(J15)*(1+IN!$C$53)*IN!$C$61+Investimenti!N10*(1+IN!$C$53)*IN!$C$61,0) -> 181189.89 | ... AF85: =IF(AF5<=IN!$C$47,(AF15)*(1+IN!$C$53)*IN!$C$61+Investimenti!AJ10*(1+IN!$C$53)*IN!$C$61,0) -> 0
B86: Magazzino | C86: 0 | D86: 0 | E86: 0 | F86: 0 | G86: 0 | H86: 0 | I86: 0 | J86: 0 | K86: 0 | L86: 0 | M86: 0 | N86: 0 | O86: 0 | P86: 0 | Q86: 0 | R86: 0 | S86: 0 | T86: 0 | U86: 0 | V86: 0 | W86: 0 | X86: 0 | Y86: 0 | Z86: 0 | AA86: 0 | AB86: 0 | AC86: 0 | AD86: 0 | AE86: 0 | AF86: 0
B87: Debiti Commerciali | C87: =IF(C5<=IN!$C$47,(SUM(C16:C28,C35)*IN!$C$62*(1+IN!$C$53)+(Investimenti!G9-Investimenti!G20-Investimenti!G24-Investimenti!G28-Investimenti!G32)*IN!$C$62*(1+IN!$C$53)),0) -> 1253383.2 | D87: =IF(D5<=IN!$C$47,(SUM(D16:D28,D35)*IN!$C$62*(1+IN!$C$53)+(Investimenti!H9-Investimenti!H20-Investimenti!H24-Investimenti!H28-Investimenti!H32)*IN!$C$62*(1+IN!$C$53)),0) -> 76993.24 | E87: =IF(E5<=IN!$C$47,(SUM(E16:E28,E35)*IN!$C$62*(1+IN!$C$53)+(Investimenti!I9-Investimenti!I20-Investimenti!I24-Investimenti!I28-Investimenti!I32)*IN!$C$62*(1+IN!$C$53)),0) -> 78136.947 | F87: =IF(F5<=IN!$C$47,(SUM(F16:F28,F35)*IN!$C$62*(1+IN!$C$53)+(Investimenti!J9-Investimenti!J20-Investimenti!J24-Investimenti!J28-Investimenti!J32)*IN!$C$62*(1+IN!$C$53)),0) -> 79299.567 | G87: =IF(G5<=IN!$C$47,(SUM(G16:G28,G35)*IN!$C$62*(1+IN!$C$53)+(Investimenti!K9-Investimenti!K20-Investimenti!K24-Investimenti!K28-Investimenti!K32)*IN!$C$62*(1+IN!$C$53)),0) -> 80481.439 | H87: =IF(H5<=IN!$C$47,(SUM(H16:H28,H35)*IN!$C$62*(1+IN!$C$53)+(Investimenti!L9-Investimenti!L20-Investimenti!L24-Investimenti!L28-Investimenti!L32)*IN!$C$62*(1+IN!$C$53)),0) -> 81682.906 | I87: =IF(I5<=IN!$C$47,(SUM(I16:I28,I35)*IN!$C$62*(1+IN!$C$53)+(Investimenti!M9-Investimenti!M20-Investimenti!M24-Investimenti!M28-Investimenti!M32)*IN!$C$62*(1+IN!$C$53)),0) -> 82904.322 | J87: =IF(J5<=IN!$C$47,(SUM(J16:J28,J35)*IN!$C$62*(1+IN!$C$53)+(Investimenti!N9-Investimenti!N20-Investimenti!N24-Investimenti!N28-Investimenti!N32)*IN!$C$62*(1+IN!$C$53)),0) -> 90162.481 | ... AF87: =IF(AF5<=IN!$C$47,(SUM(AF16:AF28,AF35)*IN!$C$62*(1+IN!$C$53)+(Investimenti!AJ9-Investimenti!AJ20-Investimenti!AJ24-Investimenti!AJ28-Investimenti!AJ32)*IN!$C$62*(1+IN!$C$53)),0) -> 0
B89: Anno | C89: anno 1 | D89: anno 2 | E89: anno 3 | F89: anno 4 | G89: anno 5 | H89: anno 6 | I89: anno 7 | J89: anno 8 | K89: anno 9 | L89: anno 10 | M89: anno 11 | N89: anno 12 | O89: anno 13 | P89: anno 14 | Q89: anno 15 | R89: anno 16 | S89: anno 17 | T89: anno 18 | U89: anno 19 | V89: anno 20 | W89: anno 21 | X89: anno 22 | Y89: anno 23 | Z89: anno 24 | AA89: =Z89+1 -> #VALUE! | AB89: =AA89+1 -> #VALUE! | AC89: =AB89+1 -> #VALUE! | AD89: =AC89+1 -> #VALUE! | AE89: =AD89+1 -> #VALUE! | AF89: =AE89+1 -> #VALUE! | AG89: =AE89+1 -> #VALUE!
C90: =C5 -> 1 | D90: =D5 -> 2 | E90: =E5 -> 3 | F90: =F5 -> 4 | G90: =G5 -> 5 | H90: =H5 -> 6 | I90: =I5 -> 7 | J90: =J5 -> 8 | ... AG90: =AG5 -> 31
B91: Variazione Capitale Circolante | C91: =C84 -> -1082105.7 | D91: =IF(D5<=(IN!$C$47+1),(D84-C84),0) -> 1177741.6 | E91: =IF(E5<=(IN!$C$47+1),(E84-D84),0) -> 228.76729 | F91: =IF(F5<=(IN!$C$47+1),(F84-E84),0) -> 231.08819 | G91: =IF(G5<=(IN!$C$47+1),(G84-F84),0) -> 233.43296 | H91: =IF(H5<=(IN!$C$47+1),(H84-G84),0) -> 235.80186 | I91: =IF(I5<=(IN!$C$47+1),(I84-H84),0) -> 238.19514 | J91: =IF(J5<=(IN!$C$47+1),(J84-I84),0) -> -5775.8253 | K91: =IF(K5<=(IN!$C$47+1),(K84-J84),0) -> 6259.4942 | ... AG91: =IF(AG5<=(IN!$C$47+1),(AG84-AF84),0) -> 0

Sheet RF VAL_INV opz1
B2: RENDICONTO FINANZIARIO (VAN E TIR DI PROGETTO)
B3: Dati in €
B4: Anno | C4: anno 1 | D4: anno 2 | E4: anno 3 | F4: anno 4 | G4: anno 5 | H4: anno 6 | I4: anno 7 | J4: anno 8 | K4: anno 9 | L4: anno 10 | M4: anno 11 | N4: anno 12 | O4: anno 13 | P4: anno 14 | Q4: anno 15 | R4: anno 16 | S4: anno 17 | T4: anno 18 | U4: anno 19 | V4: anno 20 | W4: anno 21 | X4: anno 22 | Y4: anno 23 | Z4: =Y4+1 -> #VALUE! | AA4: =Z4+1 -> #VALUE! | AB4: =AA4+1 -> #VALUE! | AC4: =AB4+1 -> #VALUE! | AD4: =AC4+1 -> #VALUE! | AE4: =AD4+1 -> #VALUE! | AF4: =AE4+1 -> #VALUE! | AG4: =AF4+1 -> #VALUE!
C5: 1 | D5: =C5+1 -> 2 | E5: =D5+1 -> 3 | F5: =E5+1 -> 4 | G5: =F5+1 -> 5 | H5: =G5+1 -> 6 | I5: =H5+1 -> 7 | J5: =I5+1 -> 8 | K5: =J5+1 -> 9 | ... AG5: =AF5+1 -> 31
B6: + EBIT | C6: ='CE CC opz1'!C40 -> -224985.12 | D6: ='CE CC opz1'!D40 -> 239861.57 | E6: ='CE CC opz1'!E40 -> 240983.36 | F6: ='CE CC opz1'!F40 -> 242116.54 | G6: ='CE CC opz1'!G40 -> 243261.21 | H6: ='CE CC opz1'!H40 -> 244417.51 | I6: ='CE CC opz1'!I40 -> 245585.54 | J6: ='CE CC opz1'!J40 -> 216765.43 | ... AF6: ='CE CC opz1'!AF40 -> 0
B7: + Ammortamenti | C7: ='CE CC opz1'!C39 -> 235119.71 | D7: ='CE CC opz1'!D39 -> 235119.71 | E7: ='CE CC opz1'!E39 -> 235119.71 | F7: ='CE CC opz1'!F39 -> 235119.71 | G7: ='CE CC opz1'!G39 -> 235119.71 | H7: ='CE CC opz1'!H39 -> 235119.71 | I7: ='CE CC opz1'!I39 -> 235119.71 | J7: ='CE CC opz1'!J39 -> 235119.71 | ... AF7: ='CE CC opz1'!AF39 -> 0
B8: - Imposte (su EBIT) | C8: =IF(C5<=IN!$C$47,IF(C6>0,-C6*IN!$C$54,0),0)+IF(C5<=IN!$C$47,IF((C6+'CE CC opz1'!C32)>0,-(C6+'CE CC opz1'!C32)*IN!$C$55,0),0) -> 0 | D8: =IF(D5<=IN!$C$47,IF(D6>0,-D6*IN!$C$54,0),0)+IF(D5<=IN!$C$47,IF((D6+'CE CC opz1'!D32)>0,-(D6+'CE CC opz1'!D32)*IN!$C$55,0),0) -> -67720.425 | E8: =IF(E5<=IN!$C$47,IF(E6>0,-E6*IN!$C$54,0),0)+IF(E5<=IN!$C$47,IF((E6+'CE CC opz1'!E32)>0,-(E6+'CE CC opz1'!E32)*IN!$C$55,0),0) -> -68037.565 | F8: =IF(F5<=IN!$C$47,IF(F6>0,-F6*IN!$C$54,0),0)+IF(F5<=IN!$C$47,IF((F6+'CE CC opz1'!F32)>0,-(F6+'CE CC opz1'!F32)*IN!$C$55,0),0) -> -68357.923 | G8: =IF(G5<=IN!$C$47,IF(G6>0,-G6*IN!$C$54,0),0)+IF(G5<=IN!$C$47,IF((G6+'CE CC opz1'!G32)>0,-(G6+'CE CC opz1'!G32)*IN!$C$55,0),0) -> -68681.532 | H8: =IF(H5<=IN!$C$47,IF(H6>0,-H6*IN!$C$54,0),0)+IF(H5<=IN!$C$47,IF((H6+'CE CC opz1'!H32)>0,-(H6+'CE CC opz1'!H32)*IN!$C$55,0),0) -> -69008.426 | I8: =IF(I5<=IN!$C$47,IF(I6>0,-I6*IN!$C$54,0),0)+IF(I5<=IN!$C$47,IF((I6+'CE CC opz1'!I32)>0,-(I6+'CE CC opz1'!I32)*IN!$C$55,0),0) -> -69338.638 | J8: =IF(J5<=IN!$C$47,IF(J6>0,-J6*IN!$C$54,0),0)+IF(J5<=IN!$C$47,IF((J6+'CE CC opz1'!J32)>0,-(J6+'CE CC opz1'!J32)*IN!$C$55,0),0) -> -61212.203 | ... AF8: =IF(AF5<=IN!$C$47,IF(AF6>0,-AF6*IN!$C$54,0),0)+IF(AF5<=IN!$C$47,IF((AF6+'CE CC opz1'!AF32)>0,-(AF6+'CE CC opz1'!AF32)*IN!$C$55,0),0) -> 0
B9: - Investimenti | C9: =-Investimenti!G7 -> -5407753.2 | D9: =-Investimenti!H7 -> 0 | E9: =-Investimenti!I7 -> 0 | F9: =-Investimenti!J7 -> 0 | G9: =-Investimenti!K7 -> 0 | H9: =-Investimenti!L7 -> 0 | I9: =-Investimenti!M7 -> 0 | J9: =-Investimenti!N7 -> 0 | ... AF9: =-Investimenti!AJ7 -> 0
B10: - Variazione Circolante | C10: =-'CE CC opz1'!C91 -> 1082105.7 | D10: =-'CE CC opz1'!D91 -> -1177741.6 | E10: =-'CE CC opz1'!E91 -> -228.76729 | F10: =-'CE CC opz1'!F91 -> -231.08819 | G10: =-'CE CC opz1'!G91 -> -233.43296 | H10: =-'CE CC opz1'!H91 -> -235.80186 | I10: =-'CE CC opz1'!I91 -> -238.19514 | J10: =-'CE CC opz1'!J91 -> 5775.8253 | ... AG10: =-'CE CC opz1'!AG91 -> 0
B11: Cash Flow | C11: =SUM(C6:C10) -> -4315513 | D11: =SUM(D6:D10) -> -770480.75 | E11: =SUM(E6:E10) -> 407836.73 | F11: =SUM(F6:F10) -> 408647.23 | G11: =SUM(G6:G10) -> 409465.95 | H11: =SUM(H6:H10) -> 410292.98 | I11: =SUM(I6:I10) -> 411128.41 | J11: =SUM(J6:J10) -> 396448.76 | ... AG11: =SUM(AG6:AG10) -> 0
B12: Discounted Cash Flow | C12: =C11/((1+$C$14)^(C5-1)) -> -4315513 | D12: =D11/((1+$C$14)^(D5-1)) -> -733930.99 | E12: =E11/((1+$C$14)^(E5-1)) -> 370060.9 | F12: =F11/((1+$C$14)^(F5-1)) -> 353206.64 | G12: =G11/((1+$C$14)^(G5-1)) -> 337125.44 | H12: =H11/((1+$C$14)^(H5-1)) -> 321781.63 | I12: =I11/((1+$C$14)^(I5-1)) -> 307141.2 | J12: =J11/((1+$C$14)^(J5-1)) -> 282124.68 | ... AG12: =AG11/((1+$C$14)^(AG5-1)) -> 0
B14: WACC | C14: =IN!C44 -> 0.0498
B15: VAN progetto | C15: =C11+NPV(C14,D11:AG11) -> 33936.803
B16: TIR progetto | C16: =IRR(C11:AG11,0.1%) -> 0.050486187
B19: RENDICONTO FINANZIARIO (VAN E TIR DELL'AZIONISTA)
B20: Dati in €
B21: Anno | C21: anno 1 | D21: anno 2 | E21: anno 3 | F21: anno 4 | G21: anno 5 | H21: anno 6 | I21: anno 7 | J21: anno 8 | K21: anno 9 | L21: anno 10 | M21: anno 11 | N21: anno 12 | O21: anno 13 | P21: anno 14 | Q21: anno 15 | R21: anno 16 | S21: anno 17 | T21: anno 18 | U21: anno 19 | V21: anno 20 | W21: anno 21 | X21: anno 22 | Y21: anno 23 | Z21: =Y21+1 -> #VALUE! | AA21: =Z21+1 -> #VALUE! | AB21: =AA21+1 -> #VALUE! | AC21: =AB21+1 -> #VALUE! | AD21: =AC21+1 -> #VALUE! | AE21: =AD21+1 -> #VALUE! | AF21: =AE21+1 -> #VALUE! | AG21: =AF21+1 -> #VALUE!
C22: 1 | D22: =C22+1 -> 2 | E22: =D22+1 -> 3 | F22: =E22+1 -> 4 | G22: =F22+1 -> 5 | H22: =G22+1 -> 6 | I22: =H22+1 -> 7 | J22: =I22+1 -> 8 | K22: =J22+1 -> 9 | ... AG22: =AF22+1 -> 31
B23: + EBIT | C23: ='CE CC opz1'!C40 -> -224985.12 | D23: ='CE CC opz1'!D40 -> 239861.57 | E23: ='CE CC opz1'!E40 -> 240983.36 | F23: ='CE CC opz1'!F40 -> 242116.54 | G23: ='CE CC opz1'!G40 -> 243261.21 | H23: ='CE CC opz1'!H40 -> 244417.51 | I23: ='CE CC opz1'!I40 -> 245585.54 | J23: ='CE CC opz1'!J40 -> 216765.43 | ... AF23: ='CE CC opz1'!AF40 -> 0
B24: + Ammortamenti | C24: ='CE CC opz1'!C39 -> 235119.71 | D24: ='CE CC opz1'!D39 -> 235119.71 | E24: ='CE CC opz1'!E39 -> 235119.71 | F24: ='CE CC opz1'!F39 -> 235119.71 | G24: ='CE CC opz1'!G39 -> 235119.71 | H24: ='CE CC opz1'!H39 -> 235119.71 | I24: ='CE CC opz1'!I39 -> 235119.71 | J24: ='CE CC opz1'!J39 -> 235119.71 | ... AF24: ='CE CC opz1'!AF39 -> 0
B25: - Imposte | C25: =IF(C22<=IN!$C$47,('CE CC opz1'!C45+'CE CC opz1'!C46)*-1,0) -> 71478.77 | D25: =IF(D22<=IN!$C$47,('CE CC opz1'!D45+'CE CC opz1'!D46)*-1,0) -> -50790.418 | E25: =IF(E22<=IN!$C$47,('CE CC opz1'!E45+'CE CC opz1'!E46)*-1,0) -> -51675.301 | F25: =IF(F22<=IN!$C$47,('CE CC opz1'!F45+'CE CC opz1'!F46)*-1,0) -> -52579.243 | G25: =IF(G22<=IN!$C$47,('CE CC opz1'!G45+'CE CC opz1'!G46)*-1,0) -> -53502.718 | H25: =IF(H22<=IN!$C$47,('CE CC opz1'!H45+'CE CC opz1'!H46)*-1,0) -> -54446.213 | I25: =IF(I22<=IN!$C$47,('CE CC opz1'!I45+'CE CC opz1'!I46)*-1,0) -> -55410.23 | J25: =IF(J22<=IN!$C$47,('CE CC opz1'!J45+'CE CC opz1'!J46)*-1,0) -> -47935.284 | ... AG25: =IF(AG22<=IN!$C$47,('CE CC opz1'!AG45+'CE CC opz1'!AG46)*-1,0) -> 0
B26: - Investimenti | C26: =-Investimenti!G7 -> -5407753.2 | D26: =-Investimenti!H7 -> 0 | E26: =-Investimenti!I7 -> 0 | F26: =-Investimenti!J7 -> 0 | G26: =-Investimenti!K7 -> 0 | H26: =-Investimenti!L7 -> 0 | I26: =-Investimenti!M7 -> 0 | J26: =-Investimenti!N7 -> 0 | ... AF26: =-Investimenti!AJ7 -> 0
B27: - Variazione Circolante | C27: =-'CE CC opz1'!C91 -> 1082105.7 | D27: =-'CE CC opz1'!D91 -> -1177741.6 | E27: =-'CE CC opz1'!E91 -> -228.76729 | F27: =-'CE CC opz1'!F91 -> -231.08819 | G27: =-'CE CC opz1'!G91 -> -233.43296 | H27: =-'CE CC opz1'!H91 -> -235.80186 | I27: =-'CE CC opz1'!I91 -> -238.19514 | J27: =-'CE CC opz1'!J91 -> 5775.8253 | ... AG27: =-'CE CC opz1'!AG91 -> 0
B28: + Erogazione finanziamenti | C28: =IN!Q52 -> 2610863.3
B29: - Rimborso finanziamenti | C29: =IN!O57*-1 -> -155330.15 | D29: =IN!O58*-1 -> -155330.15 | E29: =IN!O59*-1 -> -155330.15 | F29: =IN!O60*-1 -> -155330.15 | G29: =IN!O61*-1 -> -155330.15 | H29: =IN!O62*-1 -> -155330.15 | I29: =IN!O63*-1 -> -155330.15 | J29: =IN!O64*-1 -> -155330.15 | K29: =IN!O65*-1 -> -155330.15 | L29: =IN!O66*-1 -> -155330.15 | M29: =IN!O67*-1 -> -155330.15 | N29: =IN!O68*-1 -> -155330.15 | O29: =IN!O69*-1 -> -155330.15 | P29: =IN!O70*-1 -> -155330.15 | Q29: =IN!O71*-1 -> -155330.15 | R29: =IN!O72*-1 -> -155330.15 | S29: =IN!O73*-1 -> -155330.15 | T29: =IN!O74*-1 -> -155330.15 | U29: =IN!O75*-1 -> -155330.15 | V29: =IN!O76*-1 -> -155330.15 | W29: =IN!O77*-1 -> -155330.15 | X29: =IN!O78*-1 -> -155330.15 | Y29: =IN!O79*-1 -> -155330.15 | Z29: =IN!O80*-1 -> 0 | AA29: =IN!O81*-1 -> 0 | AB29: =IN!O82*-1 -> 0 | AC29: =IN!O83*-1 -> 0 | AD29: =IN!O84*-1 -> 0 | AE29: =IN!O85*-1 -> 0 | AF29: =IN!O86*-1 -> 0
B30: Cash Flow | C30: =SUM(C23:C29) -> -1788501.1 | D30: =SUM(D23:D29) -> -908880.89 | E30: =SUM(E23:E29) -> 268868.85 | F30: =SUM(F23:F29) -> 269095.76 | G30: =SUM(G23:G29) -> 269314.62 | H30: =SUM(H23:H29) -> 269525.05 | I30: =SUM(I23:I29) -> 269726.67 | J30: =SUM(J23:J29) -> 254395.53 | ... AG30: =SUM(AG23:AG29) -> 0
B31: Discounted Cash Flow | C31: =C30/((1+$C$33)^(C22-1)) -> -1788501.1 | D31: =D30/((1+$C$33)^(D22-1)) -> -849224.51 | E31: =E30/((1+$C$33)^(E22-1)) -> 234731.61 | F31: =F30/((1+$C$33)^(F22-1)) -> 219509.59 | G31: =G30/((1+$C$33)^(G22-1)) -> 205268.41 | H31: =H30/((1+$C$33)^(H22-1)) -> 191945.03 | I31: =I30/((1+$C$33)^(I22-1)) -> 179480.46 | J31: =J30/((1+$C$33)^(J22-1)) -> 158167.89 | ... AG31: =AG30/((1+$C$33)^(AG22-1)) -> 0
B33: Ke | C33: =IN!C45 -> 0.070248069
B34: VAN azionista | C34: =C30+NPV(C33,D30:AG30) -> 91800.797
B35: TIR azionista | C35: =IRR(C30:AG30,0.1%) -> 0.074180324
B38: PAYBACK PERIOD
B40: PAYBACK PERIOD (anni) Discounted Cash Flow | C40: =SUM(C48:AG48)+1 -> 23
B41: PAYBACK PERIOD (anni) Cash Flow | C41: =SUM(C53:AG53)+1 -> 15
B45: PAYBACK PERIOD (anni) Discounted Cash Flow
B46: ANNO | C46: 1 | D46: =C46+1 -> 2 | E46: =D46+1 -> 3 | F46: =E46+1 -> 4 | G46: =F46+1 -> 5 | H46: =G46+1 -> 6 | I46: =H46+1 -> 7 | J46: =I46+1 -> 8 | K46: =J46+1 -> 9 | ... AG46: =AF46+1 -> 31
B47: RITORNO DEGLI INVESTIMENTI | C47: =C12 -> -4315513 | D47: =IF(D46<=(IN!$C$47+1),SUM($C$12:D12),0) -> -5049444 | E47: =IF(E46<=(IN!$C$47+1),SUM($C$12:E12),0) -> -4679383.1 | F47: =IF(F46<=(IN!$C$47+1),SUM($C$12:F12),0) -> -4326176.4 | G47: =IF(G46<=(IN!$C$47+1),SUM($C$12:G12),0) -> -3989051 | H47: =IF(H46<=(IN!$C$47+1),SUM($C$12:H12),0) -> -3667269.4 | I47: =IF(I46<=(IN!$C$47+1),SUM($C$12:I12),0) -> -3360128.2 | J47: =IF(J46<=(IN!$C$47+1),SUM($C$12:J12),0) -> -3078003.5 | K47: =IF(K46<=(IN!$C$47+1),SUM($C$12:K12),0) -> -2802239.6 | ... AG47: =IF(AG46<=(IN!$C$47+1),SUM($C$12:AG12),0) -> 0
B48: NR. ANNI | C48: =IF(AND(C46<=IN!$C$47,'RF VAL_INV opz1'!C47<=0),1,0) -> 1 | D48: =IF(AND(D46<=IN!$C$47,'RF VAL_INV opz1'!D47<=0),1,0) -> 1 | E48: =IF(AND(E46<=IN!$C$47,'RF VAL_INV opz1'!E47<=0),1,0) -> 1 | F48: =IF(AND(F46<=IN!$C$47,'RF VAL_INV opz1'!F47<=0),1,0) -> 1 | G48: =IF(AND(G46<=IN!$C$47,'RF VAL_INV opz1'!G47<=0),1,0) -> 1 | H48: =IF(AND(H46<=IN!$C$47,'RF VAL_INV opz1'!H47<=0),1,0) -> 1 | I48: =IF(AND(I46<=IN!$C$47,'RF VAL_INV opz1'!I47<=0),1,0) -> 1 | J48: =IF(AND(J46<=IN!$C$47,'RF VAL_INV opz1'!J47<=0),1,0) -> 1 | ... AG48: =IF(AND(AG46<=IN!$C$47,'RF VAL_INV opz1'!AG47<=0),1,0) -> 0
B50: PAYBACK PERIOD (anni) Cash Flow
B51: ANNO | C51: 1 | D51: =C51+1 -> 2 | E51: =D51+1 -> 3 | F51: =E51+1 -> 4 | G51: =F51+1 -> 5 | H51: =G51+1 -> 6 | I51: =H51+1 -> 7 | J51: =I51+1 -> 8 | K51: =J51+1 -> 9 | ... AG51: =AF51+1 -> 31
B52: RITORNO DEGLI INVESTIMENTI | C52: =C11 -> -4315513 | D52: =IF(D51<=(IN!$C$47+1),SUM($C$11:D11),0) -> -5085993.7 | E52: =IF(E51<=(IN!$C$47+1),SUM($C$11:E11),0) -> -4678157 | F52: =IF(F51<=(IN!$C$47+1),SUM($C$11:F11),0) -> -4269509.8 | G52: =IF(G51<=(IN!$C$47+1),SUM($C$11:G11),0) -> -3860043.8 | H52: =IF(H51<=(IN!$C$47+1),SUM($C$11:H11),0) -> -3449750.8 | I52: =IF(I51<=(IN!$C$47+1),SUM($C$11:I11),0) -> -3038622.4 | J52: =IF(J51<=(IN!$C$47+1),SUM($C$11:J11),0) -> -2642173.7 | K52: =IF(K51<=(IN!$C$47+1),SUM($C$11:K11),0) -> -2235365.3 | ... AG52: =IF(AG51<=(IN!$C$47+1),SUM($C$11:AG11),0) -> 0
B53: NR. ANNI | C53: =IF(AND(C51<=IN!$C$47,'RF VAL_INV opz1'!C52<=0),1,0) -> 1 | D53: =IF(AND(D51<=IN!$C$47,'RF VAL_INV opz1'!D52<=0),1,0) -> 1 | E53: =IF(AND(E51<=IN!$C$47,'RF VAL_INV opz1'!E52<=0),1,0) -> 1 | F53: =IF(AND(F51<=IN!$C$47,'RF VAL_INV opz1'!F52<=0),1,0) -> 1 | G53: =IF(AND(G51<=IN!$C$47,'RF VAL_INV opz1'!G52<=0),1,0) -> 1 | H53: =IF(AND(H51<=IN!$C$47,'RF VAL_INV opz1'!H52<=0),1,0) -> 1 | I53: =IF(AND(I51<=IN!$C$47,'RF VAL_INV opz1'!I52<=0),1,0) -> 1 | J53: =IF(AND(J51<=IN!$C$47,'RF VAL_INV opz1'!J52<=0),1,0) -> 1 | ... AG53: =IF(AND(AG51<=IN!$C$47,'RF VAL_INV opz1'!AG52<=0),1,0) -> 0
B55: INDICATORI DI SOLIDITÀ
B57: ADSCR | C57: =IF(IN!P52<>0,C71,"") -> 2.5264318
B58: LLCR | C58: =IF(IN!P52<>0,C72,"") -> 1.9733324
B61: CALCOLO ADSCR E LLCR
B63: Anno | C63: =C4 -> anno 1 | D63: =D4 -> anno 2 | E63: =E4 -> anno 3 | F63: =F4 -> anno 4 | G63: =G4 -> anno 5 | H63: =H4 -> anno 6 | I63: =I4 -> anno 7 | J63: =J4 -> anno 8 | ... AG63: =AG4 -> #VALUE!
B64: Anno | C64: 1 | D64: =C64+1 -> 2 | E64: =D64+1 -> 3 | F64: =E64+1 -> 4 | G64: =F64+1 -> 5 | H64: =G64+1 -> 6 | I64: =H64+1 -> 7 | J64: =I64+1 -> 8 | K64: =J64+1 -> 9 | ... AG64: =AF64+1 -> 31
B66: Flusso di cassa a servizio del debito | C66: =C11-C9 -> 1092240.2 | D66: =D11-D9 -> -770480.75 | E66: =E11-E9 -> 407836.73 | F66: =F11-F9 -> 408647.23 | G66: =G11-G9 -> 409465.95 | H66: =H11-H9 -> 410292.98 | I66: =I11-I9 -> 411128.41 | J66: =J11-J9 -> 396448.76 | ... AG66: =AG11-AG9 -> 0
B67: Rata | C67: =IN!O57 -> 155330.15 | D67: =IN!O58 -> 155330.15 | E67: =IN!O59 -> 155330.15 | F67: =IN!O60 -> 155330.15 | G67: =IN!O61 -> 155330.15 | H67: =IN!O62 -> 155330.15 | I67: =IN!O63 -> 155330.15 | J67: =IN!O64 -> 155330.15 | K67: =IN!O65 -> 155330.15 | L67: =IN!O66 -> 155330.15 | M67: =IN!O67 -> 155330.15 | N67: =IN!O68 -> 155330.15 | O67: =IN!O69 -> 155330.15 | P67: =IN!O70 -> 155330.15 | Q67: =IN!O71 -> 155330.15 | R67: =IN!O72 -> 155330.15 | S67: =IN!O73 -> 155330.15 | T67: =IN!O74 -> 155330.15 | U67: =IN!O75 -> 155330.15 | V67: =IN!O76 -> 155330.15 | W67: =IN!O77 -> 155330.15 | X67: =IN!O78 -> 155330.15 | Y67: =IN!O79 -> 155330.15 | Z67: =IN!O80 -> 0 | AA67: =IN!O81 -> 0 | AB67: =IN!O82 -> 0 | AC67: =IN!O83 -> 0 | AD67: =IN!O84 -> 0 | AE67: =IN!O85 -> 0 | AF67: =IN!O86 -> 0
B69: DSCR | C69: =IF(C64<=IN!$C$48,C66/C67,0) -> 7.0317338 | D69: =IF(D64<=IN!$C$48,D66/D67,0) -> -4.9602783 | E69: =IF(E64<=IN!$C$48,E66/E67,0) -> 2.6256122 | F69: =IF(F64<=IN!$C$48,F66/F67,0) -> 2.6308301 | G69: =IF(G64<=IN!$C$48,G66/G67,0) -> 2.636101 | H69: =IF(H64<=IN!$C$48,H66/H67,0) -> 2.6414253 | I69: =IF(I64<=IN!$C$48,I66/I67,0) -> 2.6468037 | J69: =IF(J64<=IN!$C$48,J66/J67,0) -> 2.5522976 | ... AF69: =IF(AF64<=IN!$C$48,AF66/AF67,0) -> 0
B71: ADSCR | C71: =SUM($C$69:$AF$69)/IN!$C$48 -> 2.5264318
B72: LLCR | C72: =NPV(IN!$C$44,$C$66:$Y$66)/(IN!$Q$52) -> 1.9733324

Sheet SP opz1
B4: DINAMICA PATRIMONIALE
B5: Dati in €
B6: Anno | C6: anno 1 | D6: anno 2 | E6: anno 3 | F6: anno 4 | G6: anno 5 | H6: anno 6 | I6: anno 7 | J6: anno 8 | K6: anno 9 | L6: anno 10 | M6: anno 11 | N6: anno 12 | O6: anno 13 | P6: anno 14 | Q6: anno 15 | R6: anno 16 | S6: anno 17 | T6: anno 18 | U6: anno 19 | V6: anno 20 | W6: anno 21 | X6: anno 22 | Y6: anno 23 | Z6: =Y6+1 -> #VALUE! | AA6: =Z6+1 -> #VALUE! | AB6: =AA6+1 -> #VALUE! | AC6: =AB6+1 -> #VALUE! | AD6: =AC6+1 -> #VALUE! | AE6: =AD6+1 -> #VALUE! | AF6: =AE6+1 -> #VALUE!
C7: 1 | D7: =C7+1 -> 2 | E7: =D7+1 -> 3 | F7: =E7+1 -> 4 | G7: =F7+1 -> 5 | H7: =G7+1 -> 6 | I7: =H7+1 -> 7 | J7: =I7+1 -> 8 | K7: =J7+1 -> 9 | ... AF7: =AE7+1 -> 30
B8: Immobilizzazioni nette | C8: =Investimenti!G33-Investimenti!G41 -> 5172633.5 | D8: =IF(D7<=IN!$C$47,SUM(Investimenti!$G$33:H33)-SUM(Investimenti!$G$41:H41),0) -> 4937513.8 | E8: =IF(E7<=IN!$C$47,SUM(Investimenti!$G$33:I33)-SUM(Investimenti!$G$41:I41),0) -> 4702394.1 | F8: =IF(F7<=IN!$C$47,SUM(Investimenti!$G$33:J33)-SUM(Investimenti!$G$41:J41),0) -> 4467274.4 | G8: =IF(G7<=IN!$C$47,SUM(Investimenti!$G$33:K33)-SUM(Investimenti!$G$41:K41),0) -> 4232154.7 | H8: =IF(H7<=IN!$C$47,SUM(Investimenti!$G$33:L33)-SUM(Investimenti!$G$41:L41),0) -> 3997035 | I8: =IF(I7<=IN!$C$47,SUM(Investimenti!$G$33:M33)-SUM(Investimenti!$G$41:M41),0) -> 3761915.3 | J8: =IF(J7<=IN!$C$47,SUM(Investimenti!$G$33:N33)-SUM(Investimenti!$G$41:N41),0) -> 3526795.6 | K8: =IF(K7<=IN!$C$47,SUM(Investimenti!$G$33:O33)-SUM(Investimenti!$G$41:O41),0) -> 3291675.9 | ... AF8: =IF(AF7<=IN!$C$47,SUM(Investimenti!$G$33:AJ33)-SUM(Investimenti!$G$41:AJ41),0) -> 0
B9: CCN | C9: ='CE CC opz1'!C84 -> -1082105.7 | D9: ='CE CC opz1'!D84 -> 95635.949 | E9: ='CE CC opz1'!E84 -> 95864.717 | F9: ='CE CC opz1'!F84 -> 96095.805 | G9: ='CE CC opz1'!G84 -> 96329.238 | H9: ='CE CC opz1'!H84 -> 96565.04 | I9: ='CE CC opz1'!I84 -> 96803.235 | J9: ='CE CC opz1'!J84 -> 91027.409 | ... AF9: ='CE CC opz1'!AF84 -> 0
B10: CIN | C10: =C8+C9 -> 4090527.9 | D10: =D8+D9 -> 5033149.8 | E10: =E8+E9 -> 4798258.8 | F10: =F8+F9 -> 4563370.2 | G10: =G8+G9 -> 4328483.9 | H10: =H8+H9 -> 4093600 | I10: =I8+I9 -> 3858718.5 | J10: =J8+J9 -> 3617823 | ... AF10: =AF8+AF9 -> 0
B11: Capitale sociale | C11: =-'RF VAL_INV opz1'!C30 -> 1788501.1 | D11: =IN!Q53 -> 2796890 | E11: =D11 -> 2796890 | F11: =E11 -> 2796890 | G11: =F11 -> 2796890 | H11: =G11 -> 2796890 | I11: =H11 -> 2796890 | J11: =I11 -> 2796890 | K11: =J11 -> 2796890 | L11: =K11 -> 2796890 | ... Y11: =X11 -> 2796890
B12: Riserve | C12: 0 | D12: =IF(D7<=IN!$C$47,SUM(C12:C13),0) -> -226349.44 | E12: =IF(E7<=IN!$C$47,SUM(D12:D13),0) -> -107819.98 | F12: =IF(F7<=IN!$C$47,SUM(E12:E13),0) -> 13311.976 | G12: =IF(G7<=IN!$C$47,SUM(F12:F13),0) -> 137104.77 | H12: =IF(H7<=IN!$C$47,SUM(G12:G13),0) -> 263618.2 | I12: =IF(I7<=IN!$C$47,SUM(H12:H13),0) -> 392913.61 | J12: =IF(J7<=IN!$C$47,SUM(I12:I13),0) -> 525053.88 | K12: =IF(K7<=IN!$C$47,SUM(J12:J13),0) -> 638563.53 | ... AF12: =IF(AF7<=IN!$C$47,SUM(AE12:AE13),0) -> 0
B13: Utile/Perdita d'esercizio | C13: =IF(C7<=IN!$C$47,'CE CC opz1'!C47,0) -> -226349.44 | D13: =IF(D7<=IN!$C$47,'CE CC opz1'!D47,0) -> 118529.45 | E13: =IF(E7<=IN!$C$47,'CE CC opz1'!E47,0) -> 121131.96 | F13: =IF(F7<=IN!$C$47,'CE CC opz1'!F47,0) -> 123792.79 | G13: =IF(G7<=IN!$C$47,'CE CC opz1'!G47,0) -> 126513.43 | H13: =IF(H7<=IN!$C$47,'CE CC opz1'!H47,0) -> 129295.41 | I13: =IF(I7<=IN!$C$47,'CE CC opz1'!I47,0) -> 132140.28 | J13: =IF(J7<=IN!$C$47,'CE CC opz1'!J47,0) -> 113509.65 | ... AF13: =IF(AF7<=IN!$C$47,'CE CC opz1'!AF47,0) -> 0
B14: Finanziamento a M/L Termine | C14: {=TRANSPOSE(IN!R57:R86)} -> 2528376.2 | D14: 2443587.7 | E14: 2356433.7 | F14: 2266848 | G14: 2174763 | H14: 2080108.7 | I14: 1982813.6 | J14: 1882803.9 | K14: 1780004 | L14: 1674336 | M14: 1565719.8 | N14: 1454073.3 | O14: 1339311.8 | P14: 1221348.4 | Q14: 1100093.9 | R14: 975456.36 | S14: 847341.45 | T14: 715652.13 | U14: 580288.67 | V14: 441148.58 | W14: 298126.48 | X14: 151114.06 | Y14: 2.5320332e-09 | Z14: 0 | AA14: 0 | AB14: 0 | AC14: 0 | AD14: 0 | AE14: 0 | AF14: 0
B15: Saldo Banche a B/T/ (Cassa) | C15: =IF(C7<=IN!$C$47,-'RF VAL_INV opz1'!C30,0)-C11 -> 0 | D15: =IF(D7<=IN!$C$47,-'RF VAL_INV opz1'!C30-'RF VAL_INV opz1'!D30,0)-D11 -> -99507.966 | E15: =IF(E7<=IN!$C$47,D15-'RF VAL_INV opz1'!E30,0) -> -368376.82 | F15: =IF(F7<=IN!$C$47,E15-'RF VAL_INV opz1'!F30,0) -> -637472.58 | G15: =IF(G7<=IN!$C$47,F15-'RF VAL_INV opz1'!G30,0) -> -906787.2 | H15: =IF(H7<=IN!$C$47,G15-'RF VAL_INV opz1'!H30,0) -> -1176312.2 | I15: =IF(I7<=IN!$C$47,H15-'RF VAL_INV opz1'!I30,0) -> -1446038.9 | J15: =IF(J7<=IN!$C$47,I15-'RF VAL_INV opz1'!J30,0) -> -1700434.5 | K15: =IF(K7<=IN!$C$47,J15-'RF VAL_INV opz1'!K30,0) -> -1964519.9 | L15: =IF(L7<=IN!$C$47,K15-'RF VAL_INV opz1'!L30,0) -> -2234794.6 | ... AF15: =IF(AF7<=IN!$C$47,AE15-'RF VAL_INV opz1'!AF30,0) -> 0
B16: Fabbisogno finanziario | C16: =SUM(C14:C15) -> 2528376.2 | D16: =SUM(D14:D15) -> 2344079.8 | E16: =SUM(E14:E15) -> 1988056.9 | F16: =SUM(F14:F15) -> 1629375.5 | G16: =SUM(G14:G15) -> 1267975.8 | H16: =SUM(H14:H15) -> 903796.46 | I16: =SUM(I14:I15) -> 536774.67 | J16: =SUM(J14:J15) -> 182369.49 | ... AF16: =SUM(AF14:AF15) -> 0
B17: Fonti di copertura | C17: =SUM(C11:C13,C16) -> 4090527.9 | D17: =SUM(D11:D13,D16) -> 5033149.8 | E17: =SUM(E11:E13,E16) -> 4798258.8 | F17: =SUM(F11:F13,F16) -> 4563370.2 | G17: =SUM(G11:G13,G16) -> 4328483.9 | H17: =SUM(H11:H13,H16) -> 4093600 | I17: =SUM(I11:I13,I16) -> 3858718.5 | J17: =SUM(J11:J13,J16) -> 3617823 | ... Y17: =SUM(Y11:Y13,Y16) -> 100960.77 | Z17: =SUM(Z12:Z13,Z16) -> 0 | AA17: =SUM(AA12:AA13,AA16) -> 0 | AB17: =SUM(AB12:AB13,AB16) -> 0 | AC17: =SUM(AC12:AC13,AC16) -> 0 | AD17: =SUM(AD12:AD13,AD16) -> 0 | AE17: =SUM(AE12:AE13,AE16) -> 0 | AF17: =SUM(AF12:AF13,AF16) -> 0
B23: check | C23: =C17-C10 -> 0 | D23: =D17-D10 -> 0 | E23: =E17-E10 -> 0 | F23: =F17-F10 -> 0 | G23: =G17-G10 -> 0 | H23: =H17-H10 -> 0 | I23: =I17-I10 -> 0 | J23: =J17-J10 -> 0 | ... Y23: =Y17-Y10 -> 7.2759576e-10

Sheet CE CC opz2
B2: CONTO ECONOMICO
B3: Dati in €
B4: Anno | C4: anno 1 | D4: anno 2 | E4: anno 3 | F4: anno 4 | G4: anno 5 | H4: anno 6 | I4: anno 7 | J4: anno 8 | K4: anno 9 | L4: anno 10 | M4: anno 11 | N4: anno 12 | O4: anno 13 | P4: anno 14 | Q4: anno 15 | R4: anno 16 | S4: anno 17 | T4: anno 18 | U4: anno 19 | V4: anno 20 | W4: anno 21 | X4: anno 22 | Y4: anno 23 | Z4: anno 24
C5: 1 | D5: =C5+1 -> 2 | E5: =D5+1 -> 3 | F5: =E5+1 -> 4 | G5: =F5+1 -> 5 | H5: =G5+1 -> 6 | I5: =H5+1 -> 7 | J5: =I5+1 -> 8 | K5: =J5+1 -> 9 | ... AG5: =AF5+1 -> 31
B6: Canone | C6: =IF(C5<=IN!$C$47,SUM(C7:C12),0) -> 814048.1 | D6: =IF(D5<=IN!$C$47,SUM(D7:D12),0) -> 820387.62 | E6: =IF(E5<=IN!$C$47,SUM(E7:E12),0) -> 826827.25 | F6: =IF(F5<=IN!$C$47,SUM(F7:F12),0) -> 833368.71 | G6: =IF(G5<=IN!$C$47,SUM(G7:G12),0) -> 840013.78 | H6: =IF(H5<=IN!$C$47,SUM(H7:H12),0) -> 846764.25 | I6: =IF(I5<=IN!$C$47,SUM(I7:I12),0) -> 853621.95 | J6: =IF(J5<=IN!$C$47,SUM(J7:J12),0) -> 860588.77 | ... AF6: =IF(AF5<=IN!$C$47,SUM(AF7:AF12),0) -> 0
B7: di cui Quota Energia | C7: =IN!I5 -> 183534.64 | D7: =(IN!C16+(IN!C16*2%))*IN!C18 -> 187205.33 | E7: =D7+(D7*2%) -> 190949.44 | F7: =E7+(E7*2%) -> 194768.42 | G7: =F7+(F7*2%) -> 198663.79 | H7: =G7+(G7*2%) -> 202637.07 | I7: =H7+(H7*2%) -> 206689.81 | J7: =I7+(I7*2%) -> 210823.61 | K7: =J7+(J7*2%) -> 215040.08 | L7: =K7+(K7*2%) -> 219340.88 | ... Y7: =X7+(X7*2%) -> 283740.82 | Z7: =IF(Z5<=IN!$C$47,IN!$I$5,0) -> 0 | AA7: =IF(AA5<=IN!$C$47,IN!$I$5,0) -> 0 | AB7: =IF(AB5<=IN!$C$47,IN!$I$5,0) -> 0 | AC7: =IF(AC5<=IN!$C$47,IN!$I$5,0) -> 0 | AD7: =IF(AD5<=IN!$C$47,IN!$I$5,0) -> 0 | AE7: =IF(AE5<=IN!$C$47,IN!$I$5,0) -> 0 | AF7: =IF(AF5<=IN!$C$47,IN!$I$5,0) -> 0
B8: di cui Quota Manutenzione + Gestione + oneri della sicurezza per le attività di gestione e manutenzione IP | C8: =IN!I6 -> 187023 | D8: =C8+(C8*1%) -> 188893.23 | E8: =D8+(D8*1%) -> 190782.16 | F8: =E8+(E8*1%) -> 192689.98 | G8: =F8+(F8*1%) -> 194616.88 | H8: =G8+(G8*1%) -> 196563.05 | I8: =H8+(H8*1%) -> 198528.68 | J8: =I8+(I8*1%) -> 200513.97 | K8: =J8+(J8*1%) -> 202519.11 | ... Y8: =X8+(X8*1%) -> 232790.49 | Z8: =IF(Z5<=IN!$C$47,IN!$I$6,0) -> 0 | AA8: =IF(AA5<=IN!$C$47,IN!$I$6,0) -> 0 | AB8: =IF(AB5<=IN!$C$47,IN!$I$6,0) -> 0 | AC8: =IF(AC5<=IN!$C$47,IN!$I$6,0) -> 0 | AD8: =IF(AD5<=IN!$C$47,IN!$I$6,0) -> 0 | AE8: =IF(AE5<=IN!$C$47,IN!$I$6,0) -> 0 | AF8: =IF(AF5<=IN!$C$47,IN!$I$6,0) -> 0
B9: di cui Quota Manutenzione + Gestione + oneri della sicurezza per le attività di gestione e manutenzione IS | C9: =IN!I7 -> 19860 | D9: =C9+(C9*1%) -> 20058.6 | E9: =D9+(D9*1%) -> 20259.186 | F9: =E9+(E9*1%) -> 20461.778 | G9: =F9+(F9*1%) -> 20666.396 | H9: =G9+(G9*1%) -> 20873.06 | I9: =H9+(H9*1%) -> 21081.79 | J9: =I9+(I9*1%) -> 21292.608 | K9: =J9+(J9*1%) -> 21505.534 | ... Y9: =X9+(X9*1%) -> 24720.057
B10: di cui lavori/servizi a scelta del Comune | D10: =C10+(C10*1%) -> 0 | E10: =D10+(D10*1%) -> 0 | F10: =E10+(E10*1%) -> 0 | G10: =F10+(F10*1%) -> 0 | H10: =G10+(G10*1%) -> 0 | I10: =H10+(H10*1%) -> 0 | J10: =I10+(I10*1%) -> 0 | K10: =J10+(J10*1%) -> 0 | ... Y10: =X10+(X10*1%) -> 0
B11: di cui servizio luminarie | C11: =IN!I9 -> 60000 | D11: =C11+(C11*1%) -> 60600 | E11: =D11+(D11*1%) -> 61206 | F11: =E11+(E11*1%) -> 61818.06 | G11: =F11+(F11*1%) -> 62436.241 | H11: =G11+(G11*1%) -> 63060.603 | I11: =H11+(H11*1%) -> 63691.209 | J11: =I11+(I11*1%) -> 64328.121 | K11: =J11+(J11*1%) -> 64971.402 | ... Y11: =X11+(X11*1%) -> 74682.952
B12: di cui Quota Lavori | C12: =IF(C5<=IN!$C$47,IN!$I$10,0) -> 363630.46 | D12: =IF(D5<=IN!$C$47,IN!$I$10,0) -> 363630.46 | E12: =IF(E5<=IN!$C$47,IN!$I$10,0) -> 363630.46 | F12: =IF(F5<=IN!$C$47,IN!$I$10,0) -> 363630.46 | G12: =IF(G5<=IN!$C$47,IN!$I$10,0) -> 363630.46 | H12: =IF(H5<=IN!$C$47,IN!$I$10,0) -> 363630.46 | I12: =IF(I5<=IN!$C$47,IN!$I$10,0) -> 363630.46 | J12: =IF(J5<=IN!$C$47,IN!$I$10,0) -> 363630.46 | ... AF12: =IF(AF5<=IN!$C$47,IN!$I$10,0) -> 0
B13: Altre Voci
B14: Altre Voci
B15: TOTALE RICAVI | C15: =SUM(C7:C14) -> 814048.1 | D15: =SUM(D7:D14) -> 820387.62 | E15: =SUM(E7:E14) -> 826827.25 | F15: =SUM(F7:F14) -> 833368.71 | G15: =SUM(G7:G14) -> 840013.78 | H15: =SUM(H7:H14) -> 846764.25 | I15: =SUM(I7:I14) -> 853621.95 | J15: =SUM(J7:J14) -> 860588.77 | ... AF15: =SUM(AF7:AF14) -> 0
B16: Var. Energia elettrica | C16: 446582.92 | D16: =(IN!D16+(IN!D16*2%))*IN!C18 -> 186376.99 | E16: =D16+(D16*2%) -> 190104.53 | F16: =E16+(E16*2%) -> 193906.62 | G16: =F16+(F16*2%) -> 197784.75 | H16: =G16+(G16*2%) -> 201740.44 | I16: =H16+(H16*2%) -> 205775.25 | J16: =I16+(I16*2%) -> 209890.76 | K16: =J16+(J16*2%) -> 214088.57 | L16: =K16+(K16*2%) -> 218370.34 | ... Y16: =X16+(X16*2%) -> 282485.33 | Z16: =IF(Z5<=IN!$C$47,IF(Z5<=ROUNDUP(IN!$C$49,0),(IF(IN!$C$49<0.9,IN!$C$49*IN!$C$17+(1-IN!$C$49)*IN!$C$18,0)+IF(AND(IN!$C$49>=0.9,IN!$C$49<=1),IF(Z5=1,IN!$C$17*0.985,IN!$C$18),0)+IF(IN!$C$49>1,IF(Z5=1,IN!$C$17*0.985,IN!$C$17-((IN!$C$17-IN!$C$18)/ROUND(IN!$C$49,1))*('CE CC opz2'!Z5-1)),0)),IN!$C$18)*IN!$C$16,0) -> 0 | AA16: =IF(AA5<=IN!$C$47,IF(AA5<=ROUNDUP(IN!$C$49,0),(IF(IN!$C$49<0.9,IN!$C$49*IN!$C$17+(1-IN!$C$49)*IN!$C$18,0)+IF(AND(IN!$C$49>=0.9,IN!$C$49<=1),IF(AA5=1,IN!$C$17*0.985,IN!$C$18),0)+IF(IN!$C$49>1,IF(AA5=1,IN!$C$17*0.985,IN!$C$17-((IN!$C$17-IN!$C$18)/ROUND(IN!$C$49,1))*('CE CC opz2'!AA5-1)),0)),IN!$C$18)*IN!$C$16,0) -> 0 | AB16: =IF(AB5<=IN!$C$47,IF(AB5<=ROUNDUP(IN!$C$49,0),(IF(IN!$C$49<0.9,IN!$C$49*IN!$C$17+(1-IN!$C$49)*IN!$C$18,0)+IF(AND(IN!$C$49>=0.9,IN!$C$49<=1),IF(AB5=1,IN!$C$17*0.985,IN!$C$18),0)+IF(IN!$C$49>1,IF(AB5=1,IN!$C$17*0.985,IN!$C$17-((IN!$C$17-IN!$C$18)/ROUND(IN!$C$49,1))*('CE CC opz2'!AB5-1)),0)),IN!$C$18)*IN!$C$16,0) -> 0 | AC16: =IF(AC5<=IN!$C$47,IF(AC5<=ROUNDUP(IN!$C$49,0),(IF(IN!$C$49<0.9,IN!$C$49*IN!$C$17+(1-IN!$C$49)*IN!$C$18,0)+IF(AND(IN!$C$49>=0.9,IN!$C$49<=1),IF(AC5=1,IN!$C$17*0.985,IN!$C$18),0)+IF(IN!$C$49>1,IF(AC5=1,IN!$C$17*0.985,IN!$C$17-((IN!$C$17-IN!$C$18)/ROUND(IN!$C$49,1))*('CE CC opz2'!AC5-1)),0)),IN!$C$18)*IN!$C$16,0) -> 0 | AD16: =IF(AD5<=IN!$C$47,IF(AD5<=ROUNDUP(IN!$C$49,0),(IF(IN!$C$49<0.9,IN!$C$49*IN!$C$17+(1-IN!$C$49)*IN!$C$18,0)+IF(AND(IN!$C$49>=0.9,IN!$C$49<=1),IF(AD5=1,IN!$C$17*0.985,IN!$C$18),0)+IF(IN!$C$49>1,IF(AD5=1,IN!$C$17*0.985,IN!$C$17-((IN!$C$17-IN!$C$18)/ROUND(IN!$C$49,1))*('CE CC opz2'!AD5-1)),0)),IN!$C$18)*IN!$C$16,0) -> 0 | AE16: =IF(AE5<=IN!$C$47,IF(AE5<=ROUNDUP(IN!$C$49,0),(IF(IN!$C$49<0.9,IN!$C$49*IN!$C$17+(1-IN!$C$49)*IN!$C$18,0)+IF(AND(IN!$C$49>=0.9,IN!$C$49<=1),IF(AE5=1,IN!$C$17*0.985,IN!$C$18),0)+IF(IN!$C$49>1,IF(AE5=1,IN!$C$17*0.985,IN!$C$17-((IN!$C$17-IN!$C$18)/ROUND(IN!$C$49,1))*('CE CC opz2'!AE5-1)),0)),IN!$C$18)*IN!$C$16,0) -> 0 | AF16: =IF(AF5<=IN!$C$47,IF(AF5<=ROUNDUP(IN!$C$49,0),(IF(IN!$C$49<0.9,IN!$C$49*IN!$C$17+(1-IN!$C$49)*IN!$C$18,0)+IF(AND(IN!$C$49>=0.9,IN!$C$49<=1),IF(AF5=1,IN!$C$17*0.985,IN!$C$18),0)+IF(IN!$C$49>1,IF(AF5=1,IN!$C$17*0.985,IN!$C$17-((IN!$C$17-IN!$C$18)/ROUND(IN!$C$49,1))*('CE CC opz2'!AF5-1)),0)),IN!$C$18)*IN!$C$16,0) -> 0
B17: Var. Manodopera | C17: =IF(C5<=IN!$C$47,IN!$C$26,0) -> 53015.85 | D17: =C17+(C17*1%) -> 53546.008 | E17: =D17+(D17*1%) -> 54081.469 | F17: =E17+(E17*1%) -> 54622.283 | G17: =F17+(F17*1%) -> 55168.506 | H17: =G17+(G17*1%) -> 55720.191 | I17: =H17+(H17*1%) -> 56277.393 | J17: =I17+(I17*1%) -> 56840.167 | K17: =J17+(J17*1%) -> 57408.569 | ... Y17: =X17+(X17*1%) -> 65989.669 | Z17: =IF(Z5<=IN!$C$47,IN!$C$26*IN!$C$15,0) -> 0 | AA17: =IF(AA5<=IN!$C$47,IN!$C$26*IN!$C$15,0) -> 0 | AB17: =IF(AB5<=IN!$C$47,IN!$C$26*IN!$C$15,0) -> 0 | AC17: =IF(AC5<=IN!$C$47,IN!$C$26*IN!$C$15,0) -> 0 | AD17: =IF(AD5<=IN!$C$47,IN!$C$26*IN!$C$15,0) -> 0 | AE17: =IF(AE5<=IN!$C$47,IN!$C$26*IN!$C$15,0) -> 0 | AF17: =IF(AF5<=IN!$C$47,IN!$C$26*IN!$C$15,0) -> 0
B18: Var. Materiali | C18: =IF(C5<=IN!$C$47,IN!$C$27,0) -> 17372.355 | D18: =C18+(C18*1%) -> 17546.079 | E18: =D18+(D18*1%) -> 17721.539 | F18: =E18+(E18*1%) -> 17898.755 | G18: =F18+(F18*1%) -> 18077.742 | H18: =G18+(G18*1%) -> 18258.52 | I18: =H18+(H18*1%) -> 18441.105 | J18: =I18+(I18*1%) -> 18625.516 | K18: =J18+(J18*1%) -> 18811.771 | ... Y18: =X18+(X18*1%) -> 21623.646
B19: Var. Attrezzature | C19: =IF(C5<=IN!$C$47,IN!$C$28,0) -> 7234.92 | D19: =C19+(C19*1%) -> 7307.2692 | E19: =D19+(D19*1%) -> 7380.3419 | F19: =E19+(E19*1%) -> 7454.1453 | G19: =F19+(F19*1%) -> 7528.6868 | H19: =G19+(G19*1%) -> 7603.9736 | I19: =H19+(H19*1%) -> 7680.0134 | J19: =I19+(I19*1%) -> 7756.8135 | K19: =J19+(J19*1%) -> 7834.3816 | ... Y19: =X19+(X19*1%) -> 9005.4197
B20: Var. Spese tecniche | C20: =IF(C5<=IN!$C$47,IN!$C$29,0) -> 5751.45 | D20: =C20+(C20*1%) -> 5808.9645 | E20: =D20+(D20*1%) -> 5867.0541 | F20: =E20+(E20*1%) -> 5925.7247 | G20: =F20+(F20*1%) -> 5984.9819 | H20: =G20+(G20*1%) -> 6044.8318 | I20: =H20+(H20*1%) -> 6105.2801 | J20: =I20+(I20*1%) -> 6166.3329 | K20: =J20+(J20*1%) -> 6227.9962 | ... Y20: =X20+(X20*1%) -> 7158.921
B21: Var. call center | C21: =IF(C5<=IN!$C$47,IN!$C$30,0) -> 2496 | D21: =C21+(C21*1%) -> 2520.96 | E21: =D21+(D21*1%) -> 2546.1696 | F21: =E21+(E21*1%) -> 2571.6313 | G21: =F21+(F21*1%) -> 2597.3476 | H21: =G21+(G21*1%) -> 2623.3211 | I21: =H21+(H21*1%) -> 2649.5543 | J21: =I21+(I21*1%) -> 2676.0498 | K21: =J21+(J21*1%) -> 2702.8103 | ... Y21: =X21+(X21*1%) -> 3106.8108
B22: Var. sistemi informativi | C22: =IF(C5<=IN!$C$47,IN!$C$31,0) -> 3118.5 | D22: =C22+(C22*1%) -> 3149.685 | E22: =D22+(D22*1%) -> 3181.1818 | F22: =E22+(E22*1%) -> 3212.9937 | G22: =F22+(F22*1%) -> 3245.1236 | H22: =G22+(G22*1%) -> 3277.5748 | I22: =H22+(H22*1%) -> 3310.3506 | J22: =I22+(I22*1%) -> 3343.4541 | K22: =J22+(J22*1%) -> 3376.8886 | ... Y22: =X22+(X22*1%) -> 3881.6464
B23: Var. reperibilità e pronto intervento | C23: =IF(C5<=IN!$C$47,IN!$C$32,0) -> 12474 | D23: =C23+(C23*1%) -> 12598.74 | E23: =D23+(D23*1%) -> 12724.727 | F23: =E23+(E23*1%) -> 12851.975 | G23: =F23+(F23*1%) -> 12980.494 | H23: =G23+(G23*1%) -> 13110.299 | I23: =H23+(H23*1%) -> 13241.402 | J23: =I23+(I23*1%) -> 13373.816 | K23: =J23+(J23*1%) -> 13507.555 | ... Y23: =X23+(X23*1%) -> 15526.586
B24: Var. materiale di consumo | C24: =IF(C5<=IN!$C$47,IN!$C$34,0) -> 3118.5 | D24: =C24+(C24*1%) -> 3149.685 | E24: =D24+(D24*1%) -> 3181.1818 | F24: =E24+(E24*1%) -> 3212.9937 | G24: =F24+(F24*1%) -> 3245.1236 | H24: =G24+(G24*1%) -> 3277.5748 | I24: =H24+(H24*1%) -> 3310.3506 | J24: =I24+(I24*1%) -> 3343.4541 | K24: =J24+(J24*1%) -> 3376.8886 | ... Y24: =X24+(X24*1%) -> 3881.6464
B25: lavori/servizi a scelta del Comune | D25: =C25+(C25*1%) -> 0 | E25: =D25+(D25*1%) -> 0 | F25: =E25+(E25*1%) -> 0 | G25: =F25+(F25*1%) -> 0 | H25: =G25+(G25*1%) -> 0 | I25: =H25+(H25*1%) -> 0 | J25: =I25+(I25*1%) -> 0 | K25: =J25+(J25*1%) -> 0 | ... Y25: =X25+(X25*1%) -> 0
B26: interventi per rinnovo tecnologico | J26: 30000 | P26: 30000
B27: servizio luminarie | C27: =IF(C5<=IN!$C$47,IN!$C$33,0) -> 48000 | D27: =C27+(C27*1%) -> 48480 | E27: =D27+(D27*1%) -> 48964.8 | F27: =E27+(E27*1%) -> 49454.448 | G27: =F27+(F27*1%) -> 49948.992 | H27: =G27+(G27*1%) -> 50448.482 | I27: =H27+(H27*1%) -> 50952.967 | J27: =I27+(I27*1%) -> 51462.497 | K27: =J27+(J27*1%) -> 51977.122 | ... Y27: =X27+(X27*1%) -> 59746.361
B28: costi generali | C28: =IF(C5<=IN!$C$47,IN!$C$39,0) -> 5000 | D28: =C28+(C28*1%) -> 5050 | E28: =D28+(D28*1%) -> 5100.5 | F28: =E28+(E28*1%) -> 5151.505 | G28: =F28+(F28*1%) -> 5203.0201 | H28: =G28+(G28*1%) -> 5255.0503 | I28: =H28+(H28*1%) -> 5307.6008 | J28: =I28+(I28*1%) -> 5360.6768 | K28: =J28+(J28*1%) -> 5414.2835 | ... Y28: =X28+(X28*1%) -> 6223.5793 | Z28: =IF(Z5<=IN!$C$47,IN!#REF!*IN!$C$15,0) -> 0 | AA28: =IF(AA5<=IN!$C$47,IN!#REF!*IN!$C$15,0) -> 0 | AB28: =IF(AB5<=IN!$C$47,IN!#REF!*IN!$C$15,0) -> 0 | AC28: =IF(AC5<=IN!$C$47,IN!#REF!*IN!$C$15,0) -> 0 | AD28: =IF(AD5<=IN!$C$47,IN!#REF!*IN!$C$15,0) -> 0 | AE28: =IF(AE5<=IN!$C$47,IN!#REF!*IN!$C$15,0) -> 0 | AF28: =IF(AF5<=IN!$C$47,IN!#REF!*IN!$C$15,0) -> 0
B29: TOTALE COSTI DIRETTI ESTERNI | C29: =SUM(C16:C28) -> 604164.5 | D29: =SUM(D16:D28) -> 345534.38 | E29: =SUM(E16:E28) -> 350853.49 | F29: =SUM(F16:F28) -> 356263.07 | G29: =SUM(G16:G28) -> 361764.77 | H29: =SUM(H16:H28) -> 367360.26 | I29: =SUM(I16:I28) -> 373051.27 | J29: =SUM(J16:J28) -> 408839.54 | ... AF29: =SUM(AF16:AF28) -> 0
B30: MARGINE DI CONTRIBUZIONE | C30: =C15-C29 -> 209883.6 | D30: =D15-D29 -> 474853.24 | E30: =E15-E29 -> 475973.76 | F30: =F15-F29 -> 477105.64 | G30: =G15-G29 -> 478249.01 | H30: =H15-H29 -> 479403.98 | I30: =I15-I29 -> 480570.68 | J30: =J15-J29 -> 451749.23 | ... AF30: =AF15-AF29 -> 0
B31: MC % | C31: =IF(C5<=IN!$C$47,'CE CC opz2'!C30/'CE CC opz2'!C15,"") -> 0.25782702 | D31: =IF(D5<=IN!$C$47,'CE CC opz2'!D30/'CE CC opz2'!D15,"") -> 0.57881571 | E31: =IF(E5<=IN!$C$47,'CE CC opz2'!E30/'CE CC opz2'!E15,"") -> 0.57566288 | F31: =IF(F5<=IN!$C$47,'CE CC opz2'!F30/'CE CC opz2'!F15,"") -> 0.57250246 | G31: =IF(G5<=IN!$C$47,'CE CC opz2'!G30/'CE CC opz2'!G15,"") -> 0.56933472 | H31: =IF(H5<=IN!$C$47,'CE CC opz2'!H30/'CE CC opz2'!H15,"") -> 0.56615993 | I31: =IF(I5<=IN!$C$47,'CE CC opz2'!I30/'CE CC opz2'!I15,"") -> 0.56297836 | J31: =IF(J5<=IN!$C$47,'CE CC opz2'!J30/'CE CC opz2'!J15,"") -> 0.52493043 | ... AF31: =IF(AF5<=IN!$C$47,'CE CC opz2'!AF30/'CE CC opz2'!AF15,"")
B32: Var. Personale | C32: =C34*C33 -> 1873.238 | D32: =D34*D33 -> 1891.9704 | E32: =E34*E33 -> 1910.8901 | F32: =F34*F33 -> 1929.999 | G32: =G34*G33 -> 1949.299 | H32: =H34*H33 -> 1968.792 | I32: =I34*I33 -> 1988.4799 | J32: =J34*J33 -> 2008.3647 | ... AF32: =AF34*AF33 -> 0
B33: FTE medi annui | C33: =IF(C5<=IN!$C$47,IN!$C$36,0) -> 0.04 | D33: =IF(D5<=IN!$C$47,IN!$C$36,0) -> 0.04 | E33: =IF(E5<=IN!$C$47,IN!$C$36,0) -> 0.04 | F33: =IF(F5<=IN!$C$47,IN!$C$36,0) -> 0.04 | G33: =IF(G5<=IN!$C$47,IN!$C$36,0) -> 0.04 | H33: =IF(H5<=IN!$C$47,IN!$C$36,0) -> 0.04 | I33: =IF(I5<=IN!$C$47,IN!$C$36,0) -> 0.04 | J33: =IF(J5<=IN!$C$47,IN!$C$36,0) -> 0.04 | ... AF33: =IF(AF5<=IN!$C$47,IN!$C$36,0) -> 0
B34: Costo medio | C34: =IF(C5<=IN!$C$47,IN!$C$37,0) -> 46830.95 | D34: =C34+(C34*1%) -> 47299.26 | E34: =D34+(D34*1%) -> 47772.252 | F34: =E34+(E34*1%) -> 48249.975 | G34: =F34+(F34*1%) -> 48732.474 | H34: =G34+(G34*1%) -> 49219.799 | I34: =H34+(H34*1%) -> 49711.997 | J34: =I34+(I34*1%) -> 50209.117 | K34: =J34+(J34*1%) -> 50711.208 | ... V34: =U34+(U34*1%) -> 56576.89 | W34: =IF(W5<=IN!$C$47,IN!$C$37,0) -> 46830.95 | X34: =IF(X5<=IN!$C$47,IN!$C$37,0) -> 46830.95 | Y34: =IF(Y5<=IN!$C$47,IN!$C$37,0) -> 46830.95 | Z34: =IF(Z5<=IN!$C$47,IN!$C$37,0) -> 0 | AA34: =IF(AA5<=IN!$C$47,IN!$C$37,0) -> 0 | AB34: =IF(AB5<=IN!$C$47,IN!$C$37,0) -> 0 | AC34: =IF(AC5<=IN!$C$47,IN!$C$37,0) -> 0 | AD34: =IF(AD5<=IN!$C$47,IN!$C$37,0) -> 0 | ... AF34: =IF(AF5<=IN!$C$47,IN!$C$37,0) -> 0
B35: Altri costi (spese per incentivi, per funzioni tecniche, pubblicità e contratto, analisi e collaudi) | C35: =IN!I38 -> 199875.78 | D35: 0 | E35: 0 | F35: 0 | G35: 0 | H35: 0 | I35: 0 | J35: 0 | K35: 0 | L35: 0 | M35: 0 | N35: 0 | O35: 0 | P35: 0 | Q35: 0 | R35: 0 | S35: 0 | T35: 0 | U35: 0 | V35: 0 | W35: 0 | X35: 0 | Y35: 0 | Z35: 0 | AA35: 0 | AB35: 0 | AC35: 0 | AD35: 0 | AE35: 0 | AF35: 0
B36: TOTALE ALTRI COSTI | C36: =SUM(C32,C35) -> 201749.02 | D36: =SUM(D32,D35) -> 1891.9704 | E36: =SUM(E32,E35) -> 1910.8901 | F36: =SUM(F32,F35) -> 1929.999 | G36: =SUM(G32,G35) -> 1949.299 | H36: =SUM(H32,H35) -> 1968.792 | I36: =SUM(I32,I35) -> 1988.4799 | J36: =SUM(J32,J35) -> 2008.3647 | ... AF36: =SUM(AF32,AF35) -> 0
B37: EBITDA | C37: =C15-C29-C36 -> 8134.5809 | D37: =D15-D29-D36 -> 472961.27 | E37: =E15-E29-E36 -> 474062.87 | F37: =F15-F29-F36 -> 475175.64 | G37: =G15-G29-G36 -> 476299.71 | H37: =H15-H29-H36 -> 477435.19 | I37: =I15-I29-I36 -> 478582.2 | J37: =J15-J29-J36 -> 449740.87 | ... AF37: =AF15-AF29-AF36 -> 0
B38: EBITDA % | C38: =IF(C5<=IN!$C$47,'CE CC opz2'!C37/'CE CC opz2'!C15,"") -> 0.0099927522 | D38: =IF(D5<=IN!$C$47,'CE CC opz2'!D37/'CE CC opz2'!D15,"") -> 0.57650952 | E38: =IF(E5<=IN!$C$47,'CE CC opz2'!E37/'CE CC opz2'!E15,"") -> 0.57335177 | F38: =IF(F5<=IN!$C$47,'CE CC opz2'!F37/'CE CC opz2'!F15,"") -> 0.57018656 | G38: =IF(G5<=IN!$C$47,'CE CC opz2'!G37/'CE CC opz2'!G15,"") -> 0.56701416 | H38: =IF(H5<=IN!$C$47,'CE CC opz2'!H37/'CE CC opz2'!H15,"") -> 0.56383485 | I38: =IF(I5<=IN!$C$47,'CE CC opz2'!I37/'CE CC opz2'!I15,"") -> 0.56064889 | J38: =IF(J5<=IN!$C$47,'CE CC opz2'!J37/'CE CC opz2'!J15,"") -> 0.52259672 | ... AF38: =IF(AF5<=IN!$C$47,'CE CC opz2'!AF37/'CE CC opz2'!AF15,"")
B39: Ammortamenti | C39: =Investimenti!G41 -> 235119.71 | D39: =Investimenti!H41 -> 235119.71 | E39: =Investimenti!I41 -> 235119.71 | F39: =Investimenti!J41 -> 235119.71 | G39: =Investimenti!K41 -> 235119.71 | H39: =Investimenti!L41 -> 235119.71 | I39: =Investimenti!M41 -> 235119.71 | J39: =Investimenti!N41 -> 235119.71 | ... AF39: =Investimenti!AJ41 -> 0
B40: EBIT | C40: =C37-C39 -> -226985.12 | D40: =D37-D39 -> 237841.57 | E40: =E37-E39 -> 238943.16 | F40: =F37-F39 -> 240055.93 | G40: =G37-G39 -> 241180 | H40: =H37-H39 -> 242315.49 | I40: =I37-I39 -> 243462.5 | J40: =J37-J39 -> 214621.16 | ... AF40: =AF37-AF39 -> 0
B41: EBIT % | C41: =IF(C5<=IN!$C$47,'CE CC opz2'!C40/'CE CC opz2'!C15,"") -> -0.27883503 | D41: =IF(D5<=IN!$C$47,'CE CC opz2'!D40/'CE CC opz2'!D15,"") -> 0.28991365 | E41: =IF(E5<=IN!$C$47,'CE CC opz2'!E40/'CE CC opz2'!E15,"") -> 0.28898801 | F41: =IF(F5<=IN!$C$47,'CE CC opz2'!F40/'CE CC opz2'!F15,"") -> 0.28805489 | G41: =IF(G5<=IN!$C$47,'CE CC opz2'!G40/'CE CC opz2'!G15,"") -> 0.28711434 | H41: =IF(H5<=IN!$C$47,'CE CC opz2'!H40/'CE CC opz2'!H15,"") -> 0.28616641 | I41: =IF(I5<=IN!$C$47,'CE CC opz2'!I40/'CE CC opz2'!I15,"") -> 0.28521115 | J41: =IF(J5<=IN!$C$47,'CE CC opz2'!J40/'CE CC opz2'!J15,"") -> 0.24938876 | ... AF41: =IF(AF5<=IN!$C$47,'CE CC opz2'!AF40/'CE CC opz2'!AF15,"")
B42: Oneri Finanziari | C42: =IN!Q57 -> 72843.085 | D42: =IN!Q58 -> 70541.696 | E42: =IN!Q59 -> 68176.098 | F42: =IN!Q60 -> 65744.5 | G42: =IN!Q61 -> 63245.061 | H42: =IN!Q62 -> 60675.887 | I42: =IN!Q63 -> 58035.033 | J42: =IN!Q64 -> 55320.499 | K42: =IN!Q65 -> 52530.23 | L42: =IN!Q66 -> 49662.112 | M42: =IN!Q67 -> 46713.974 | N42: =IN!Q68 -> 43683.583 | O42: =IN!Q69 -> 40568.644 | P42: =IN!Q70 -> 37366.798 | Q42: =IN!Q71 -> 34075.621 | R42: =IN!Q72 -> 30692.619 | S42: =IN!Q73 -> 27215.232 | T42: =IN!Q74 -> 23640.826 | U42: =IN!Q75 -> 19966.694 | V42: =IN!Q76 -> 16190.054 | W42: =IN!Q77 -> 12308.045 | X42: =IN!Q78 -> 8317.7288 | Y42: =IN!Q79 -> 4216.0824 | Z42: =IN!Q80 -> 0 | AA42: =IN!Q81 -> 0 | AB42: =IN!Q82 -> 0 | AC42: =IN!Q83 -> 0 | AD42: =IN!Q84 -> 0 | AE42: =IN!Q85 -> 0 | AF42: =IN!Q86 -> 0
B43: EBT | C43: =+C40-C42 -> -299828.21 | D43: =+D40-D42 -> 167299.87 | E43: =+E40-E42 -> 170767.06 | F43: =+F40-F42 -> 174311.43 | G43: =+G40-G42 -> 177934.94 | H43: =+H40-H42 -> 181639.6 | I43: =+I40-I42 -> 185427.47 | J43: =+J40-J42 -> 159300.66 | ... AF43: =+AF40-AF42 -> 0
B44: EBT % | C44: =IF(C5<=IN!$C$47,'CE CC opz2'!C43/'CE CC opz2'!C15,"") -> -0.36831756 | D44: =IF(D5<=IN!$C$47,'CE CC opz2'!D43/'CE CC opz2'!D15,"") -> 0.20392784 | E44: =IF(E5<=IN!$C$47,'CE CC opz2'!E43/'CE CC opz2'!E15,"") -> 0.20653294 | F44: =IF(F5<=IN!$C$47,'CE CC opz2'!F43/'CE CC opz2'!F15,"") -> 0.20916484 | G44: =IF(G5<=IN!$C$47,'CE CC opz2'!G43/'CE CC opz2'!G15,"") -> 0.21182384 | H44: =IF(H5<=IN!$C$47,'CE CC opz2'!H43/'CE CC opz2'!H15,"") -> 0.21451024 | I44: =IF(I5<=IN!$C$47,'CE CC opz2'!I43/'CE CC opz2'!I15,"") -> 0.21722434 | J44: =IF(J5<=IN!$C$47,'CE CC opz2'!J43/'CE CC opz2'!J15,"") -> 0.1851066 | ... AF44: =IF(AF5<=IN!$C$47,'CE CC opz2'!AF43/'CE CC opz2'!AF15,"")
B45: Ires | C45: =IF(C5<=IN!$C$47,C75,0) -> -71958.77 | D45: =IF(D5<=IN!$C$47,D75,0) -> 40151.969 | E45: =IF(E5<=IN!$C$47,E75,0) -> 40984.095 | F45: =IF(F5<=IN!$C$47,F75,0) -> 41834.744 | G45: =IF(G5<=IN!$C$47,G75,0) -> 42704.386 | H45: =IF(H5<=IN!$C$47,H75,0) -> 43593.504 | I45: =IF(I5<=IN!$C$47,I75,0) -> 44502.592 | J45: =IF(J5<=IN!$C$47,J75,0) -> 38232.159 | ... AG45: =IF(AG5<=IN!$C$47,AG75,0) -> 0
B46: Irap | C46: =IF(C5<=IN!$C$47,C76,0) -> 0 | D46: =IF(D5<=IN!$C$47,D76,0) -> 10068.809 | E46: =IF(E5<=IN!$C$47,E76,0) -> 10115.87 | F46: =IF(F5<=IN!$C$47,F76,0) -> 10163.409 | G46: =IF(G5<=IN!$C$47,G76,0) -> 10211.431 | H46: =IF(H5<=IN!$C$47,H76,0) -> 10259.94 | I46: =IF(I5<=IN!$C$47,I76,0) -> 10308.941 | J46: =IF(J5<=IN!$C$47,J76,0) -> 9098.4401 | ... AG46: =IF(AG5<=IN!$C$47,AG76,0) -> 0
B47: UTILE/PERDITA D'ESERCIZIO | C47: =C43-SUM(C45:C46) -> -227869.44 | D47: =D43-SUM(D45:D46) -> 117079.09 | E47: =E43-SUM(E45:E46) -> 119667.1 | F47: =F43-SUM(F45:F46) -> 122313.28 | G47: =G43-SUM(G45:G46) -> 125019.13 | H47: =H43-SUM(H45:H46) -> 127786.16 | I47: =I43-SUM(I45:I46) -> 130615.93 | J47: =J43-SUM(J45:J46) -> 111970.06 | ... AF47: =AF43-SUM(AF45:AF46) -> 0
B48: UTILE/PERDITA D'ESERCIZIO % | C48: =IF(C5<=IN!$C$47,'CE CC opz2'!C47/'CE CC opz2'!C15,"") -> -0.27992135 | D48: =IF(D5<=IN!$C$47,'CE CC opz2'!D47/'CE CC opz2'!D15,"") -> 0.14271192 | E48: =IF(E5<=IN!$C$47,'CE CC opz2'!E47/'CE CC opz2'!E15,"") -> 0.14473047 | F48: =IF(F5<=IN!$C$47,'CE CC opz2'!F47/'CE CC opz2'!F15,"") -> 0.14676971 | G48: =IF(G5<=IN!$C$47,'CE CC opz2'!G47/'CE CC opz2'!G15,"") -> 0.14882985 | H48: =IF(H5<=IN!$C$47,'CE CC opz2'!H47/'CE CC opz2'!H15,"") -> 0.15091114 | I48: =IF(I5<=IN!$C$47,'CE CC opz2'!I47/'CE CC opz2'!I15,"") -> 0.15301379 | J48: =IF(J5<=IN!$C$47,'CE CC opz2'!J47/'CE CC opz2'!J15,"") -> 0.13010867 | ... AF48: =IF(AF5<=IN!$C$47,'CE CC opz2'!AF47/'CE CC opz2'!AF15,"")
B51: CALCOLO IRES E IRAP | C51: calcolo IRES IRAP preso da PEF PF Curtarolo 30/03/2022
B52: anno sì/no | C52: =IF(C5<=IN!$C$47,1,0) -> 1 | D52: =IF(D5<=IN!$C$47,1,0) -> 1 | E52: =IF(E5<=IN!$C$47,1,0) -> 1 | F52: =IF(F5<=IN!$C$47,1,0) -> 1 | G52: =IF(G5<=IN!$C$47,1,0) -> 1 | H52: =IF(H5<=IN!$C$47,1,0) -> 1 | I52: =IF(I5<=IN!$C$47,1,0) -> 1 | J52: =IF(J5<=IN!$C$47,1,0) -> 1 | ... AG52: =IF(AG5<=IN!$C$47,1,0) -> 0
B53: DEDUZIONE INTERESSI PASSIVI
B54: % deduzione | C54: 0.3
B55: =CONCATENATE(C54*100,"% EBITDA") -> 30% EBITDA | C55: =$C$54*C$37 -> 2440.3743 | D55: =$C$54*D$37 -> 141888.38 | E55: =$C$54*E$37 -> 142218.86 | F55: =$C$54*F$37 -> 142552.69 | G55: =$C$54*G$37 -> 142889.91 | H55: =$C$54*H$37 -> 143230.56 | I55: =$C$54*I$37 -> 143574.66 | J55: =$C$54*J$37 -> 134922.26 | ... AG55: =$C$54*AG$37 -> 0
B56: oneri finanziari | C56: =C42 -> 72843.085 | D56: =D42 -> 70541.696 | E56: =E42 -> 68176.098 | F56: =F42 -> 65744.5 | G56: =G42 -> 63245.061 | H56: =H42 -> 60675.887 | I56: =I42 -> 58035.033 | J56: =J42 -> 55320.499 | ... AG56: =AG42 -> 0
B58: quota indeducibile | C58: =IF(C55<0,C56,IF(C56>C55,(C56-C55),0)) -> 70402.711 | D58: =IF((C59+D55)<0,D56,IF(D56>(D55+C59),D56-(C59+D55),0)) -> 0 | E58: =IF((D59+E55)<0,E56,IF(E56>(E55+D59),E56-(D59+E55),0)) -> 0 | F58: =IF((E59+F55)<0,F56,IF(F56>(F55+E59),F56-(E59+F55),0)) -> 0 | G58: =IF((F59+G55)<0,G56,IF(G56>(G55+F59),G56-(F59+G55),0)) -> 0 | H58: =IF((G59+H55)<0,H56,IF(H56>(H55+G59),H56-(G59+H55),0)) -> 0 | I58: =IF((H59+I55)<0,I56,IF(I56>(I55+H59),I56-(H59+I55),0)) -> 0 | J58: =IF((I59+J55)<0,J56,IF(J56>(J55+I59),J56-(I59+J55),0)) -> 0 | K58: =IF((J59+K55)<0,K56,IF(K56>(K55+J59),K56-(J59+K55),0)) -> 0 | ... AG58: =IF((AF59+AG55)<0,AG56,IF(AG56>(AG55+AF59),AG56-(AF59+AG55),0)) -> 0
B59: quota ROL riportabile | C59: =IF(C56<C55,(C55-C56),0)*C52 -> 0 | D59: =IF(D56<(C59+D55),(C59+D55)-D56,0)*D52 -> 71346.686 | E59: =IF(E56<(D59+E55),(D59+E55)-E56,0)*E52 -> 145389.45 | F59: =IF(F56<(E59+F55),(E59+F55)-F56,0)*F52 -> 222197.64 | G59: =IF(G56<(F59+G55),(F59+G55)-G56,0)*G52 -> 301842.49 | H59: =IF(H56<(G59+H55),(G59+H55)-H56,0)*H52 -> 384397.16 | I59: =IF(I56<(H59+I55),(H59+I55)-I56,0)*I52 -> 469936.79 | J59: =IF(J56<(I59+J55),(I59+J55)-J56,0)*J52 -> 549538.55 | K59: =IF(K56<(J59+K55),(J59+K55)-K56,0)*K52 -> 641281.71 | ... AG59: =IF(AG56<(AF59+AG55),(AF59+AG55)-AG56,0)*AG52 -> 0
B60: interessi passivi indeducibili anno | C60: =IF((C58-C59)>0,(C58-C59),0) -> 70402.711 | D60: =IF((D58-D59)>0,(D58-D59),0) -> 0 | E60: =IF((E58-E59)>0,(E58-E59),0) -> 0 | F60: =IF((F58-F59)>0,(F58-F59),0) -> 0 | G60: =IF((G58-G59)>0,(G58-G59),0) -> 0 | H60: =IF((H58-H59)>0,(H58-H59),0) -> 0 | I60: =IF((I58-I59)>0,(I58-I59),0) -> 0 | J60: =IF((J58-J59)>0,(J58-J59),0) -> 0 | ... AG60: =IF((AG58-AG59)>0,(AG58-AG59),0) -> 0
B61: interessi passivi esercizi precedenti deducibili | D61: =MIN(C62,D59) -> 70402.711 | E61: =MIN(SUM($C$62:D$62),E59) -> 0 | F61: =MIN(SUM($C$62:E$62),F59) -> 0 | G61: =MIN(SUM($C$62:F$62),G59) -> 0 | H61: =MIN(SUM($C$62:G$62),H59) -> 0 | I61: =MIN(SUM($C$62:H$62),I59) -> 0 | J61: =MIN(SUM($C$62:I$62),J59) -> 0 | K61: =MIN(SUM($C$62:J$62),K59) -> 0 | L61: =MIN(SUM($C$62:K$62),L59) -> 0 | ... AG61: =MIN(SUM($C$62:AF$62),AG59) -> 0
B62: interessi passivi indeducibili Tot | C62: =C60-C61 -> 70402.711 | D62: =D60-D61 -> -70402.711 | E62: =E60-E61 -> 0 | F62: =F60-F61 -> 0 | G62: =G60-G61 -> 0 | H62: =H60-H61 -> 0 | I62: =I60-I61 -> 0 | J62: =J60-J61 -> 0 | ... AG62: =AG60-AG61 -> 0
B64: REDDITO IMPONIBILE
B65: Reddito imponibile | C65: =C43+C62 -> -229425.5 | D65: =D43+D62 -> 96897.162 | E65: =E43+E62 -> 170767.06 | F65: =F43+F62 -> 174311.43 | G65: =G43+G62 -> 177934.94 | H65: =H43+H62 -> 181639.6 | I65: =I43+I62 -> 185427.47 | J65: =J43+J62 -> 159300.66 | ... AG65: =AG43+AG62 -> 0
B66: Perdita riportabile | C66: =IF(C65>0,0,C65) -> -229425.5 | D66: =IF(D65>0,C66+D67,C66+D65) -> -151907.77 | E66: =IF(E65>0,D66+E67,D66+E65) -> -15294.119 | F66: =IF(F65>0,E66+F67,E66+F65) -> 0 | G66: =IF(G65>0,F66+G67,F66+G65) -> 0 | H66: =IF(H65>0,G66+H67,G66+H65) -> 0 | I66: =IF(I65>0,H66+I67,H66+I65) -> 0 | J66: =IF(J65>0,I66+J67,I66+J65) -> 0 | K66: =IF(K65>0,J66+K67,J66+K65) -> 0 | ... AG66: =IF(AG65>0,AF66+AG67,AF66+AG65) -> 0
B67: Perdita utilizzabile | C67: 0 | D67: =IF(D65>0,MIN(C66*-1,D65*0.8))*D52 -> 77517.73 | E67: =IF(E65>0,MIN(D66*-1,E65*0.8))*E52 -> 136613.65 | F67: =IF(F65>0,MIN(E66*-1,F65*0.8))*F52 -> 15294.119 | G67: =IF(G65>0,MIN(F66*-1,G65*0.8))*G52 -> 0 | H67: =IF(H65>0,MIN(G66*-1,H65*0.8))*H52 -> 0 | I67: =IF(I65>0,MIN(H66*-1,I65*0.8))*I52 -> 0 | J67: =IF(J65>0,MIN(I66*-1,J65*0.8))*J52 -> 0 | K67: =IF(K65>0,MIN(J66*-1,K65*0.8))*K52 -> 0 | ... AG67: =IF(AG65>0,MIN(AF66*-1,AG65*0.8))*AG52 -> 0
B69: IRES IRAP
B70: imposte anticipate anno per perdita | C70: =IF(C65<0,C65*IN!$C$54,0) -> -55062.12 | D70: =IF(D65<0,D65*IN!$C$54,0) -> 0 | E70: =IF(E65<0,E65*IN!$C$54,0) -> 0 | F70: =IF(F65<0,F65*IN!$C$54,0) -> 0 | G70: =IF(G65<0,G65*IN!$C$54,0) -> 0 | H70: =IF(H65<0,H65*IN!$C$54,0) -> 0 | I70: =IF(I65<0,I65*IN!$C$54,0) -> 0 | J70: =IF(J65<0,J65*IN!$C$54,0) -> 0 | ... AG70: =IF(AG65<0,AG65*IN!$C$54,0) -> 0
B71: imposte anticipate anno per interessi indeducibili | C71: =-C62*IN!$C$54 -> -16896.651 | D71: =-D62*IN!$C$54 -> 16896.651 | E71: =-E62*IN!$C$54 -> 0 | F71: =-F62*IN!$C$54 -> 0 | G71: =-G62*IN!$C$54 -> 0 | H71: =-H62*IN!$C$54 -> 0 | I71: =-I62*IN!$C$54 -> 0 | J71: =-J62*IN!$C$54 -> 0 | ... AG71: =-AG62*IN!$C$54 -> 0
B72: Recupero imposte anticipate | C72: =C67*IN!$C$54 -> 0 | D72: =D67*IN!$C$54 -> 18604.255 | E72: =E67*IN!$C$54 -> 32787.276 | F72: =F67*IN!$C$54 -> 3670.5886 | G72: =G67*IN!$C$54 -> 0 | H72: =H67*IN!$C$54 -> 0 | I72: =I67*IN!$C$54 -> 0 | J72: =J67*IN!$C$54 -> 0 | ... AG72: =AG67*IN!$C$54 -> 0
B73: IRES corrente | C73: =IF(C65>0,(C65-C67)*IN!$C$54,0) -> 0 | D73: =IF(D65>0,(D65-D67)*IN!$C$54,0) -> 4651.0638 | E73: =IF(E65>0,(E65-E67)*IN!$C$54,0) -> 8196.819 | F73: =IF(F65>0,(F65-F67)*IN!$C$54,0) -> 38164.155 | G73: =IF(G65>0,(G65-G67)*IN!$C$54,0) -> 42704.386 | H73: =IF(H65>0,(H65-H67)*IN!$C$54,0) -> 43593.504 | I73: =IF(I65>0,(I65-I67)*IN!$C$54,0) -> 44502.592 | J73: =IF(J65>0,(J65-J67)*IN!$C$54,0) -> 38232.159 | ... AG73: =IF(AG65>0,(AG65-AG67)*IN!$C$54,0) -> 0
B75: IRES | C75: =SUM(C70:C73) -> -71958.77 | D75: =SUM(D70:D73) -> 40151.969 | E75: =SUM(E70:E73) -> 40984.095 | F75: =SUM(F70:F73) -> 41834.744 | G75: =SUM(G70:G73) -> 42704.386 | H75: =SUM(H70:H73) -> 43593.504 | I75: =SUM(I70:I73) -> 44502.592 | J75: =SUM(J70:J73) -> 38232.159 | ... AG75: =SUM(AG70:AG73) -> 0
B76: IRAP | C76: =IF((C40+C32)>0,(C40+C32)*IN!$C$55,0) -> 0 | D76: =IF((D40+D32)>0,(D40+D32)*IN!$C$55,0) -> 10068.809 | E76: =IF((E40+E32)>0,(E40+E32)*IN!$C$55,0) -> 10115.87 | F76: =IF((F40+F32)>0,(F40+F32)*IN!$C$55,0) -> 10163.409 | G76: =IF((G40+G32)>0,(G40+G32)*IN!$C$55,0) -> 10211.431 | H76: =IF((H40+H32)>0,(H40+H32)*IN!$C$55,0) -> 10259.94 | I76: =IF((I40+I32)>0,(I40+I32)*IN!$C$55,0) -> 10308.941 | J76: =IF((J40+J32)>0,(J40+J32)*IN!$C$55,0) -> 9098.4401 | ... AG76: =IF((AG40+AG32)>0,(AG40+AG32)*IN!$C$55,0) -> 0
B80: CAPITALE CIRCOLANTE
B81: Dati in €
B82: Anno | C82: anno 1 | D82: anno 2 | E82: anno 3 | F82: anno 4 | G82: anno 5 | H82: anno 6 | I82: anno 7 | J82: anno 8 | K82: anno 9 | L82: anno 10 | M82: anno 11 | N82: anno 12 | O82: anno 13 | P82: anno 14 | Q82: anno 15 | R82: anno 16 | S82: anno 17 | T82: anno 18 | U82: anno 19 | V82: anno 20 | W82: anno 21 | X82: anno 22 | Y82: anno 23 | Z82: anno 24 | AA82: =Z82+1 -> #VALUE! | AB82: =AA82+1 -> #VALUE! | AC82: =AB82+1 -> #VALUE! | AD82: =AC82+1 -> #VALUE! | AE82: =AD82+1 -> #VALUE! | AF82: =AE82+1 -> #VALUE! | AG82: =AF82+1 -> #VALUE!
C83: =C5 -> 1 | D83: =D5 -> 2 | E83: =E5 -> 3 | F83: =F5 -> 4 | G83: =G5 -> 5 | H83: =H5 -> 6 | I83: =I5 -> 7 | J83: =J5 -> 8 | ... AG83: =AG5 -> 31
B84: Capitale Circolante | C84: =+C85+C86-C87 -> -1082506.7 | D84: =+D85+D86-D87 -> 95230.842 | E84: =+E85+E86-E87 -> 95455.559 | F84: =+F85+F86-F87 -> 95682.555 | G84: =+G85+G86-G87 -> 95911.856 | H84: =+H85+H86-H87 -> 96143.484 | I84: =+I85+I86-I87 -> 96377.463 | J84: =+J85+J86-J87 -> 90597.38 | ... AF84: =+AF85+AF86-AF87 -> 0
B85: Crediti Commerciali | C85: =IF(C5<=IN!$C$47,(C15)*(1+IN!$C$53)*IN!$C$61+Investimenti!G10*(1+IN!$C$53)*IN!$C$61,0) -> 163255.67 | D85: =IF(D5<=IN!$C$47,(D15)*(1+IN!$C$53)*IN!$C$61+Investimenti!H10*(1+IN!$C$53)*IN!$C$61,0) -> 164527.05 | E85: =IF(E5<=IN!$C$47,(E15)*(1+IN!$C$53)*IN!$C$61+Investimenti!I10*(1+IN!$C$53)*IN!$C$61,0) -> 165818.51 | F85: =IF(F5<=IN!$C$47,(F15)*(1+IN!$C$53)*IN!$C$61+Investimenti!J10*(1+IN!$C$53)*IN!$C$61,0) -> 167130.38 | G85: =IF(G5<=IN!$C$47,(G15)*(1+IN!$C$53)*IN!$C$61+Investimenti!K10*(1+IN!$C$53)*IN!$C$61,0) -> 168463.04 | H85: =IF(H5<=IN!$C$47,(H15)*(1+IN!$C$53)*IN!$C$61+Investimenti!L10*(1+IN!$C$53)*IN!$C$61,0) -> 169816.83 | I85: =IF(I5<=IN!$C$47,(I15)*(1+IN!$C$53)*IN!$C$61+Investimenti!M10*(1+IN!$C$53)*IN!$C$61,0) -> 171192.13 | J85: =IF(J5<=IN!$C$47,(J15)*(1+IN!$C$53)*IN!$C$61+Investimenti!N10*(1+IN!$C$53)*IN!$C$61,0) -> 172589.31 | ... AF85: =IF(AF5<=IN!$C$47,(AF15)*(1+IN!$C$53)*IN!$C$61+Investimenti!AJ10*(1+IN!$C$53)*IN!$C$61,0) -> 0
B86: Magazzino | C86: 0 | D86: 0 | E86: 0 | F86: 0 | G86: 0 | H86: 0 | I86: 0 | J86: 0 | K86: 0 | L86: 0 | M86: 0 | N86: 0 | O86: 0 | P86: 0 | Q86: 0 | R86: 0 | S86: 0 | T86: 0 | U86: 0 | V86: 0 | W86: 0 | X86: 0 | Y86: 0 | Z86: 0 | AA86: 0 | AB86: 0 | AC86: 0 | AD86: 0 | AE86: 0 | AF86: 0
B87: Debiti Commerciali | C87: =IF(C5<=IN!$C$47,(SUM(C16:C28,C35)*IN!$C$62*(1+IN!$C$53)+(Investimenti!G9-Investimenti!G20-Investimenti!G24-Investimenti!G28-Investimenti!G32)*IN!$C$62*(1+IN!$C$53)),0) -> 1245762.4 | D87: =IF(D5<=IN!$C$47,(SUM(D16:D28,D35)*IN!$C$62*(1+IN!$C$53)+(Investimenti!H9-Investimenti!H20-Investimenti!H24-Investimenti!H28-Investimenti!H32)*IN!$C$62*(1+IN!$C$53)),0) -> 69296.209 | E87: =IF(E5<=IN!$C$47,(SUM(E16:E28,E35)*IN!$C$62*(1+IN!$C$53)+(Investimenti!I9-Investimenti!I20-Investimenti!I24-Investimenti!I28-Investimenti!I32)*IN!$C$62*(1+IN!$C$53)),0) -> 70362.947 | F87: =IF(F5<=IN!$C$47,(SUM(F16:F28,F35)*IN!$C$62*(1+IN!$C$53)+(Investimenti!J9-Investimenti!J20-Investimenti!J24-Investimenti!J28-Investimenti!J32)*IN!$C$62*(1+IN!$C$53)),0) -> 71447.827 | G87: =IF(G5<=IN!$C$47,(SUM(G16:G28,G35)*IN!$C$62*(1+IN!$C$53)+(Investimenti!K9-Investimenti!K20-Investimenti!K24-Investimenti!K28-Investimenti!K32)*IN!$C$62*(1+IN!$C$53)),0) -> 72551.181 | H87: =IF(H5<=IN!$C$47,(SUM(H16:H28,H35)*IN!$C$62*(1+IN!$C$53)+(Investimenti!L9-Investimenti!L20-Investimenti!L24-Investimenti!L28-Investimenti!L32)*IN!$C$62*(1+IN!$C$53)),0) -> 73673.346 | I87: =IF(I5<=IN!$C$47,(SUM(I16:I28,I35)*IN!$C$62*(1+IN!$C$53)+(Investimenti!M9-Investimenti!M20-Investimenti!M24-Investimenti!M28-Investimenti!M32)*IN!$C$62*(1+IN!$C$53)),0) -> 74814.666 | J87: =IF(J5<=IN!$C$47,(SUM(J16:J28,J35)*IN!$C$62*(1+IN!$C$53)+(Investimenti!N9-Investimenti!N20-Investimenti!N24-Investimenti!N28-Investimenti!N32)*IN!$C$62*(1+IN!$C$53)),0) -> 81991.929 | ... AF87: =IF(AF5<=IN!$C$47,(SUM(AF16:AF28,AF35)*IN!$C$62*(1+IN!$C$53)+(Investimenti!AJ9-Investimenti!AJ20-Investimenti!AJ24-Investimenti!AJ28-Investimenti!AJ32)*IN!$C$62*(1+IN!$C$53)),0) -> 0
B89: Anno | C89: anno 1 | D89: anno 2 | E89: anno 3 | F89: anno 4 | G89: anno 5 | H89: anno 6 | I89: anno 7 | J89: anno 8 | K89: anno 9 | L89: anno 10 | M89: anno 11 | N89: anno 12 | O89: anno 13 | P89: anno 14 | Q89: anno 15 | R89: anno 16 | S89: anno 17 | T89: anno 18 | U89: anno 19 | V89: anno 20 | W89: anno 21 | X89: anno 22 | Y89: anno 23 | Z89: =Y89+1 -> #VALUE! | AA89: =Z89+1 -> #VALUE! | AB89: =AA89+1 -> #VALUE! | AC89: =AB89+1 -> #VALUE! | AD89: =AC89+1 -> #VALUE! | AE89: =AD89+1 -> #VALUE! | AF89: =AE89+1 -> #VALUE! | AG89: =AE89+1 -> #VALUE!
C90: =C5 -> 1 | D90: =D5 -> 2 | E90: =E5 -> 3 | F90: =F5 -> 4 | G90: =G5 -> 5 | H90: =H5 -> 6 | I90: =I5 -> 7 | J90: =J5 -> 8 | ... AG90: =AG5 -> 31
B91: Variazione Capitale Circolante | C91: =C84 -> -1082506.7 | D91: =IF(D5<=(IN!$C$47+1),(D84-C84),0) -> 1177737.6 | E91: =IF(E5<=(IN!$C$47+1),(E84-D84),0) -> 224.71623 | F91: =IF(F5<=(IN!$C$47+1),(F84-E84),0) -> 226.99661 | G91: =IF(G5<=(IN!$C$47+1),(G84-F84),0) -> 229.30047 | H91: =IF(H5<=(IN!$C$47+1),(H84-G84),0) -> 231.62804 | I91: =IF(I5<=(IN!$C$47+1),(I84-H84),0) -> 233.97958 | J91: =IF(J5<=(IN!$C$47+1),(J84-I84),0) -> -5780.083 | K91: =IF(K5<=(IN!$C$47+1),(K84-J84),0) -> 6255.1939 | ... AG91: =IF(AG5<=(IN!$C$47+1),(AG84-AF84),0) -> 0

Sheet RF VAL_INV opz2
B2: RENDICONTO FINANZIARIO (VAN E TIR DI PROGETTO)
B3: Dati in €
B4: Anno | C4: anno 1 | D4: anno 2 | E4: anno 3 | F4: anno 4 | G4: anno 5 | H4: anno 6 | I4: anno 7 | J4: anno 8 | K4: anno 9 | L4: anno 10 | M4: anno 11 | N4: anno 12 | O4: anno 13 | P4: anno 14 | Q4: anno 15 | R4: anno 16 | S4: anno 17 | T4: anno 18 | U4: anno 19 | V4: anno 20 | W4: anno 21 | X4: anno 22 | Y4: anno 23 | Z4: anno 24 | AA4: =Z4+1 -> #VALUE! | AB4: =AA4+1 -> #VALUE! | AC4: =AB4+1 -> #VALUE! | AD4: =AC4+1 -> #VALUE! | AE4: =AD4+1 -> #VALUE! | AF4: =AE4+1 -> #VALUE! | AG4: =AF4+1 -> #VALUE!
C5: 1 | D5: =C5+1 -> 2 | E5: =D5+1 -> 3 | F5: =E5+1 -> 4 | G5: =F5+1 -> 5 | H5: =G5+1 -> 6 | I5: =H5+1 -> 7 | J5: =I5+1 -> 8 | K5: =J5+1 -> 9 | ... AG5: =AF5+1 -> 31
B6: + EBIT | C6: ='CE CC opz2'!C40 -> -226985.12 | D6: ='CE CC opz2'!D40 -> 237841.57 | E6: ='CE CC opz2'!E40 -> 238943.16 | F6: ='CE CC opz2'!F40 -> 240055.93 | G6: ='CE CC opz2'!G40 -> 241180 | H6: ='CE CC opz2'!H40 -> 242315.49 | I6: ='CE CC opz2'!I40 -> 243462.5 | J6: ='CE CC opz2'!J40 -> 214621.16 | ... AF6: ='CE CC opz2'!AF40 -> 0
B7: + Ammortamenti | C7: ='CE CC opz2'!C39 -> 235119.71 | D7: ='CE CC opz2'!D39 -> 235119.71 | E7: ='CE CC opz2'!E39 -> 235119.71 | F7: ='CE CC opz2'!F39 -> 235119.71 | G7: ='CE CC opz2'!G39 -> 235119.71 | H7: ='CE CC opz2'!H39 -> 235119.71 | I7: ='CE CC opz2'!I39 -> 235119.71 | J7: ='CE CC opz2'!J39 -> 235119.71 | ... AF7: ='CE CC opz2'!AF39 -> 0
B8: - Imposte (su EBIT) | C8: =IF(C5<=IN!$C$47,IF(C6>0,-C6*IN!$C$54,0),0)+IF(C5<=IN!$C$47,IF((C6+'CE CC opz2'!C32)>0,-(C6+'CE CC opz2'!C32)*IN!$C$55,0),0) -> 0 | D8: =IF(D5<=IN!$C$47,IF(D6>0,-D6*IN!$C$54,0),0)+IF(D5<=IN!$C$47,IF((D6+'CE CC opz2'!D32)>0,-(D6+'CE CC opz2'!D32)*IN!$C$55,0),0) -> -67150.785 | E8: =IF(E5<=IN!$C$47,IF(E6>0,-E6*IN!$C$54,0),0)+IF(E5<=IN!$C$47,IF((E6+'CE CC opz2'!E32)>0,-(E6+'CE CC opz2'!E32)*IN!$C$55,0),0) -> -67462.229 | F8: =IF(F5<=IN!$C$47,IF(F6>0,-F6*IN!$C$54,0),0)+IF(F5<=IN!$C$47,IF((F6+'CE CC opz2'!F32)>0,-(F6+'CE CC opz2'!F32)*IN!$C$55,0),0) -> -67776.833 | G8: =IF(G5<=IN!$C$47,IF(G6>0,-G6*IN!$C$54,0),0)+IF(G5<=IN!$C$47,IF((G6+'CE CC opz2'!G32)>0,-(G6+'CE CC opz2'!G32)*IN!$C$55,0),0) -> -68094.631 | H8: =IF(H5<=IN!$C$47,IF(H6>0,-H6*IN!$C$54,0),0)+IF(H5<=IN!$C$47,IF((H6+'CE CC opz2'!H32)>0,-(H6+'CE CC opz2'!H32)*IN!$C$55,0),0) -> -68415.656 | I8: =IF(I5<=IN!$C$47,IF(I6>0,-I6*IN!$C$54,0),0)+IF(I5<=IN!$C$47,IF((I6+'CE CC opz2'!I32)>0,-(I6+'CE CC opz2'!I32)*IN!$C$55,0),0) -> -68739.941 | J8: =IF(J5<=IN!$C$47,IF(J6>0,-J6*IN!$C$54,0),0)+IF(J5<=IN!$C$47,IF((J6+'CE CC opz2'!J32)>0,-(J6+'CE CC opz2'!J32)*IN!$C$55,0),0) -> -60607.519 | ... AF8: =IF(AF5<=IN!$C$47,IF(AF6>0,-AF6*IN!$C$54,0),0)+IF(AF5<=IN!$C$47,IF((AF6+'CE CC opz2'!AF32)>0,-(AF6+'CE CC opz2'!AF32)*IN!$C$55,0),0) -> 0
B9: - Investimenti | C9: =-Investimenti!G7 -> -5407753.2 | D9: =-Investimenti!H7 -> 0 | E9: =-Investimenti!I7 -> 0 | F9: =-Investimenti!J7 -> 0 | G9: =-Investimenti!K7 -> 0 | H9: =-Investimenti!L7 -> 0 | I9: =-Investimenti!M7 -> 0 | J9: =-Investimenti!N7 -> 0 | ... AF9: =-Investimenti!AJ7 -> 0
B10: - Variazione Circolante | C10: =-'CE CC opz2'!C91 -> 1082506.7 | D10: =-'CE CC opz2'!D91 -> -1177737.6 | E10: =-'CE CC opz2'!E91 -> -224.71623 | F10: =-'CE CC opz2'!F91 -> -226.99661 | G10: =-'CE CC opz2'!G91 -> -229.30047 | H10: =-'CE CC opz2'!H91 -> -231.62804 | I10: =-'CE CC opz2'!I91 -> -233.97958 | J10: =-'CE CC opz2'!J91 -> 5780.083 | ... AF10: =-'CE CC opz2'!AF91 -> 0
B11: Cash Flow | C11: =SUM(C6:C10) -> -4317111.9 | D11: =SUM(D6:D10) -> -771927.1 | E11: =SUM(E6:E10) -> 406375.92 | F11: =SUM(F6:F10) -> 407171.81 | G11: =SUM(G6:G10) -> 407975.78 | H11: =SUM(H6:H10) -> 408787.91 | I11: =SUM(I6:I10) -> 409608.28 | J11: =SUM(J6:J10) -> 394913.43 | ... AG11: =SUM(AG6:AG10) -> 0
B12: Discounted Cash Flow | C12: =C11/((1+$C$14)^(C5-1)) -> -4317111.9 | D12: =D11/((1+$C$14)^(D5-1)) -> -735308.73 | E12: =E11/((1+$C$14)^(E5-1)) -> 368735.4 | F12: =F11/((1+$C$14)^(F5-1)) -> 351931.38 | G12: =G11/((1+$C$14)^(G5-1)) -> 335898.53 | H12: =H11/((1+$C$14)^(H5-1)) -> 320601.24 | I12: =I11/((1+$C$14)^(I5-1)) -> 306005.56 | J12: =J11/((1+$C$14)^(J5-1)) -> 281032.1 | ... AG12: =AG11/((1+$C$14)^(AG5-1)) -> 0
B14: WACC | C14: =IN!C44 -> 0.0498
B15: VAN progetto | C15: =C11+NPV(C14,D11:AG11) -> 11362.223
B16: TIR progetto | C16: =IRR(C11:AG11,0.1%) -> 0.050029921
B19: RENDICONTO FINANZIARIO (VAN E TIR DELL'AZIONISTA)
B20: Dati in €
B21: Anno | C21: anno 1 | D21: anno 2 | E21: anno 3 | F21: anno 4 | G21: anno 5 | H21: anno 6 | I21: anno 7 | J21: anno 8 | K21: anno 9 | L21: anno 10 | M21: anno 11 | N21: anno 12 | O21: anno 13 | P21: anno 14 | Q21: anno 15 | R21: anno 16 | S21: anno 17 | T21: anno 18 | U21: anno 19 | V21: anno 20 | W21: anno 21 | X21: anno 22 | Y21: anno 23 | Z21: anno 24 | AA21: =Z21+1 -> #VALUE! | AB21: =AA21+1 -> #VALUE! | AC21: =AB21+1 -> #VALUE! | AD21: =AC21+1 -> #VALUE! | AE21: =AD21+1 -> #VALUE! | AF21: =AE21+1 -> #VALUE! | AG21: =AF21+1 -> #VALUE!
C22: 1 | D22: =C22+1 -> 2 | E22: =D22+1 -> 3 | F22: =E22+1 -> 4 | G22: =F22+1 -> 5 | H22: =G22+1 -> 6 | I22: =H22+1 -> 7 | J22: =I22+1 -> 8 | K22: =J22+1 -> 9 | ... AG22: =AF22+1 -> 31
B23: + EBIT | C23: ='CE CC opz2'!C40 -> -226985.12 | D23: ='CE CC opz2'!D40 -> 237841.57 | E23: ='CE CC opz2'!E40 -> 238943.16 | F23: ='CE CC opz2'!F40 -> 240055.93 | G23: ='CE CC opz2'!G40 -> 241180 | H23: ='CE CC opz2'!H40 -> 242315.49 | I23: ='CE CC opz2'!I40 -> 243462.5 | J23: ='CE CC opz2'!J40 -> 214621.16 | ... AF23: ='CE CC opz2'!AF40 -> 0
B24: + Ammortamenti | C24: ='CE CC opz2'!C39 -> 235119.71 | D24: ='CE CC opz2'!D39 -> 235119.71 | E24: ='CE CC opz2'!E39 -> 235119.71 | F24: ='CE CC opz2'!F39 -> 235119.71 | G24: ='CE CC opz2'!G39 -> 235119.71 | H24: ='CE CC opz2'!H39 -> 235119.71 | I24: ='CE CC opz2'!I39 -> 235119.71 | J24: ='CE CC opz2'!J39 -> 235119.71 | ... AF24: ='CE CC opz2'!AF39 -> 0
B25: - Imposte | C25: =IF(C22<=IN!$C$47,('CE CC opz2'!C45+'CE CC opz2'!C46)*-1,0) -> 71958.77 | D25: =IF(D22<=IN!$C$47,('CE CC opz2'!D45+'CE CC opz2'!D46)*-1,0) -> -50220.778 | E25: =IF(E22<=IN!$C$47,('CE CC opz2'!E45+'CE CC opz2'!E46)*-1,0) -> -51099.965 | F25: =IF(F22<=IN!$C$47,('CE CC opz2'!F45+'CE CC opz2'!F46)*-1,0) -> -51998.153 | G25: =IF(G22<=IN!$C$47,('CE CC opz2'!G45+'CE CC opz2'!G46)*-1,0) -> -52915.817 | H25: =IF(H22<=IN!$C$47,('CE CC opz2'!H45+'CE CC opz2'!H46)*-1,0) -> -53853.443 | I25: =IF(I22<=IN!$C$47,('CE CC opz2'!I45+'CE CC opz2'!I46)*-1,0) -> -54811.533 | J25: =IF(J22<=IN!$C$47,('CE CC opz2'!J45+'CE CC opz2'!J46)*-1,0) -> -47330.599 | ... AF25: =IF(AF22<=IN!$C$47,('CE CC opz2'!AF45+'CE CC opz2'!AF46)*-1,0) -> 0
B26: - Investimenti | C26: =-Investimenti!G7 -> -5407753.2 | D26: =-Investimenti!H7 -> 0 | E26: =-Investimenti!I7 -> 0 | F26: =-Investimenti!J7 -> 0 | G26: =-Investimenti!K7 -> 0 | H26: =-Investimenti!L7 -> 0 | I26: =-Investimenti!M7 -> 0 | J26: =-Investimenti!N7 -> 0 | ... AF26: =-Investimenti!AJ7 -> 0
B27: - Variazione Circolante | C27: =-'CE CC opz2'!C91 -> 1082506.7 | D27: =-'CE CC opz2'!D91 -> -1177737.6 | E27: =-'CE CC opz2'!E91 -> -224.71623 | F27: =-'CE CC opz2'!F91 -> -226.99661 | G27: =-'CE CC opz2'!G91 -> -229.30047 | H27: =-'CE CC opz2'!H91 -> -231.62804 | I27: =-'CE CC opz2'!I91 -> -233.97958 | J27: =-'CE CC opz2'!J91 -> 5780.083 | ... AF27: =-'CE CC opz2'!AF91 -> 0
B28: + Erogazione finanziamenti | C28: =IN!Q52 -> 2610863.3
B29: - Rimborso finanziamenti | C29: =IN!O57*-1 -> -155330.15 | D29: =IN!O58*-1 -> -155330.15 | E29: =IN!O59*-1 -> -155330.15 | F29: =IN!O60*-1 -> -155330.15 | G29: =IN!O61*-1 -> -155330.15 | H29: =IN!O62*-1 -> -155330.15 | I29: =IN!O63*-1 -> -155330.15 | J29: =IN!O64*-1 -> -155330.15 | K29: =IN!O65*-1 -> -155330.15 | L29: =IN!O66*-1 -> -155330.15 | M29: =IN!O67*-1 -> -155330.15 | N29: =IN!O68*-1 -> -155330.15 | O29: =IN!O69*-1 -> -155330.15 | P29: =IN!O70*-1 -> -155330.15 | Q29: =IN!O71*-1 -> -155330.15 | R29: =IN!O72*-1 -> -155330.15 | S29: =IN!O73*-1 -> -155330.15 | T29: =IN!O74*-1 -> -155330.15 | U29: =IN!O75*-1 -> -155330.15 | V29: =IN!O76*-1 -> -155330.15 | W29: =IN!O77*-1 -> -155330.15 | X29: =IN!O78*-1 -> -155330.15 | Y29: =IN!O79*-1 -> -155330.15 | Z29: =IN!O80*-1 -> 0 | AA29: =IN!O81*-1 -> 0 | AB29: =IN!O82*-1 -> 0 | AC29: =IN!O83*-1 -> 0 | AD29: =IN!O84*-1 -> 0 | AE29: =IN!O85*-1 -> 0 | AF29: =IN!O86*-1 -> 0
B30: Cash Flow | C30: =SUM(C23:C29) -> -1789620 | D30: =SUM(D23:D29) -> -910327.24 | E30: =SUM(E23:E29) -> 267408.04 | F30: =SUM(F23:F29) -> 267620.34 | G30: =SUM(G23:G29) -> 267824.44 | H30: =SUM(H23:H29) -> 268019.97 | I30: =SUM(I23:I29) -> 268206.55 | J30: =SUM(J23:J29) -> 252860.21 | ... AG30: =SUM(AG23:AG29) -> 0
B31: Discounted Cash Flow | C31: =C30/((1+$C$33)^(C22-1)) -> -1789620 | D31: =D30/((1+$C$33)^(D22-1)) -> -850575.93 | E31: =E30/((1+$C$33)^(E22-1)) -> 233456.28 | F31: =F30/((1+$C$33)^(F22-1)) -> 218306.05 | G31: =G30/((1+$C$33)^(G22-1)) -> 204132.62 | H31: =H30/((1+$C$33)^(H22-1)) -> 190873.17 | I31: =I30/((1+$C$33)^(I22-1)) -> 178468.94 | J31: =J30/((1+$C$33)^(J22-1)) -> 157213.31 | ... AG31: =AG30/((1+$C$33)^(AG22-1)) -> 0
B33: Ke | C33: =IN!C45 -> 0.070248069
B34: VAN azionista | C34: =C30+NPV(C33,D30:AG30) -> 73280.879
B35: TIR azionista | C35: =IRR(C30:AG30,0.1%) -> 0.073390158
B38: PAYBACK PERIOD
B40: PAYBACK PERIOD (anni) Discounted Cash Flow | C40: =SUM(C48:AG48)+1 -> 24
B41: PAYBACK PERIOD (anni) Cash Flow | C41: =SUM(C53:AG53)+1 -> 15
B45: PAYBACK PERIOD (anni) Discounted Cash Flow
B46: ANNO | C46: 1 | D46: =C46+1 -> 2 | E46: =D46+1 -> 3 | F46: =E46+1 -> 4 | G46: =F46+1 -> 5 | H46: =G46+1 -> 6 | I46: =H46+1 -> 7 | J46: =I46+1 -> 8 | K46: =J46+1 -> 9 | ... AG46: =AF46+1 -> 31
B47: RITORNO DEGLI INVESTIMENTI | C47: =C12 -> -4317111.9 | D47: =IF(D46<=(IN!$C$47+1),SUM($C$12:D12),0) -> -5052420.6 | E47: =IF(E46<=(IN!$C$47+1),SUM($C$12:E12),0) -> -4683685.2 | F47: =IF(F46<=(IN!$C$47+1),SUM($C$12:F12),0) -> -4331753.8 | G47: =IF(G46<=(IN!$C$47+1),SUM($C$12:G12),0) -> -3995855.3 | H47: =IF(H46<=(IN!$C$47+1),SUM($C$12:H12),0) -> -3675254.1 | I47: =IF(I46<=(IN!$C$47+1),SUM($C$12:I12),0) -> -3369248.5 | J47: =IF(J46<=(IN!$C$47+1),SUM($C$12:J12),0) -> -3088216.4 | K47: =IF(K46<=(IN!$C$47+1),SUM($C$12:K12),0) -> -2813503.7 | ... AG47: =IF(AG46<=(IN!$C$47+1),SUM($C$12:AG12),0) -> 0
B48: NR. ANNI | C48: =IF(AND(C46<=IN!$C$47,'RF VAL_INV opz2'!C47<=0),1,0) -> 1 | D48: =IF(AND(D46<=IN!$C$47,'RF VAL_INV opz2'!D47<=0),1,0) -> 1 | E48: =IF(AND(E46<=IN!$C$47,'RF VAL_INV opz2'!E47<=0),1,0) -> 1 | F48: =IF(AND(F46<=IN!$C$47,'RF VAL_INV opz2'!F47<=0),1,0) -> 1 | G48: =IF(AND(G46<=IN!$C$47,'RF VAL_INV opz2'!G47<=0),1,0) -> 1 | H48: =IF(AND(H46<=IN!$C$47,'RF VAL_INV opz2'!H47<=0),1,0) -> 1 | I48: =IF(AND(I46<=IN!$C$47,'RF VAL_INV opz2'!I47<=0),1,0) -> 1 | J48: =IF(AND(J46<=IN!$C$47,'RF VAL_INV opz2'!J47<=0),1,0) -> 1 | ... AG48: =IF(AND(AG46<=IN!$C$47,'RF VAL_INV opz2'!AG47<=0),1,0) -> 0
B50: PAYBACK PERIOD (anni) Cash Flow
B51: ANNO | C51: 1 | D51: =C51+1 -> 2 | E51: =D51+1 -> 3 | F51: =E51+1 -> 4 | G51: =F51+1 -> 5 | H51: =G51+1 -> 6 | I51: =H51+1 -> 7 | J51: =I51+1 -> 8 | K51: =J51+1 -> 9 | ... AG51: =AF51+1 -> 31
B52: RITORNO DEGLI INVESTIMENTI | C52: =C11 -> -4317111.9 | D52: =IF(D51<=(IN!$C$47+1),SUM($C$11:D11),0) -> -5089039 | E52: =IF(E51<=(IN!$C$47+1),SUM($C$11:E11),0) -> -4682663.1 | F52: =IF(F51<=(IN!$C$47+1),SUM($C$11:F11),0) -> -4275491.3 | G52: =IF(G51<=(IN!$C$47+1),SUM($C$11:G11),0) -> -3867515.5 | H52: =IF(H51<=(IN!$C$47+1),SUM($C$11:H11),0) -> -3458727.6 | I52: =IF(I51<=(IN!$C$47+1),SUM($C$11:I11),0) -> -3049119.3 | J52: =IF(J51<=(IN!$C$47+1),SUM($C$11:J11),0) -> -2654205.9 | K52: =IF(K51<=(IN!$C$47+1),SUM($C$11:K11),0) -> -2248948.2 | ... AG52: =IF(AG51<=(IN!$C$47+1),SUM($C$11:AG11),0) -> 0
B53: NR. ANNI | C53: =IF(AND(C51<=IN!$C$47,'RF VAL_INV opz2'!C52<=0),1,0) -> 1 | D53: =IF(AND(D51<=IN!$C$47,'RF VAL_INV opz2'!D52<=0),1,0) -> 1 | E53: =IF(AND(E51<=IN!$C$47,'RF VAL_INV opz2'!E52<=0),1,0) -> 1 | F53: =IF(AND(F51<=IN!$C$47,'RF VAL_INV opz2'!F52<=0),1,0) -> 1 | G53: =IF(AND(G51<=IN!$C$47,'RF VAL_INV opz2'!G52<=0),1,0) -> 1 | H53: =IF(AND(H51<=IN!$C$47,'RF VAL_INV opz2'!H52<=0),1,0) -> 1 | I53: =IF(AND(I51<=IN!$C$47,'RF VAL_INV opz2'!I52<=0),1,0) -> 1 | J53: =IF(AND(J51<=IN!$C$47,'RF VAL_INV opz2'!J52<=0),1,0) -> 1 | ... AG53: =IF(AND(AG51<=IN!$C$47,'RF VAL_INV opz2'!AG52<=0),1,0) -> 0
B55: INDICATORI DI SOLIDITÀ
B57: ADSCR | C57: =IF(IN!P52<>0,C71,"") -> 2.516077
B58: LLCR | C58: =IF(IN!P52<>0,C72,"") -> 1.9651558
B61: CALCOLO ADSCR E LLCR
B63: Anno | C63: =C4 -> anno 1 | D63: =D4 -> anno 2 | E63: =E4 -> anno 3 | F63: =F4 -> anno 4 | G63: =G4 -> anno 5 | H63: =H4 -> anno 6 | I63: =I4 -> anno 7 | J63: =J4 -> anno 8 | ... AG63: =AG4 -> #VALUE!
B64: Anno | C64: 1 | D64: =C64+1 -> 2 | E64: =D64+1 -> 3 | F64: =E64+1 -> 4 | G64: =F64+1 -> 5 | H64: =G64+1 -> 6 | I64: =H64+1 -> 7 | J64: =I64+1 -> 8 | K64: =J64+1 -> 9 | ... AG64: =AF64+1 -> 31
B66: Flusso di cassa a servizio del debito | C66: =C11-C9 -> 1090641.3 | D66: =D11-D9 -> -771927.1 | E66: =E11-E9 -> 406375.92 | F66: =F11-F9 -> 407171.81 | G66: =G11-G9 -> 407975.78 | H66: =H11-H9 -> 408787.91 | I66: =I11-I9 -> 409608.28 | J66: =J11-J9 -> 394913.43 | ... AG66: =AG11-AG9 -> 0
B67: Rata | C67: =IN!O57 -> 155330.15 | D67: =IN!O58 -> 155330.15 | E67: =IN!O59 -> 155330.15 | F67: =IN!O60 -> 155330.15 | G67: =IN!O61 -> 155330.15 | H67: =IN!O62 -> 155330.15 | I67: =IN!O63 -> 155330.15 | J67: =IN!O64 -> 155330.15 | K67: =IN!O65 -> 155330.15 | L67: =IN!O66 -> 155330.15 | M67: =IN!O67 -> 155330.15 | N67: =IN!O68 -> 155330.15 | O67: =IN!O69 -> 155330.15 | P67: =IN!O70 -> 155330.15 | Q67: =IN!O71 -> 155330.15 | R67: =IN!O72 -> 155330.15 | S67: =IN!O73 -> 155330.15 | T67: =IN!O74 -> 155330.15 | U67: =IN!O75 -> 155330.15 | V67: =IN!O76 -> 155330.15 | W67: =IN!O77 -> 155330.15 | X67: =IN!O78 -> 155330.15 | Y67: =IN!O79 -> 155330.15 | Z67: =IN!O80 -> 0 | AA67: =IN!O81 -> 0 | AB67: =IN!O82 -> 0 | AC67: =IN!O83 -> 0 | AD67: =IN!O84 -> 0 | AE67: =IN!O85 -> 0 | AF67: =IN!O86 -> 0
B69: DSCR | C69: =IF(C64<=IN!$C$48,C66/C67,0) -> 7.0214402 | D69: =IF(D64<=IN!$C$48,D66/D67,0) -> -4.9695898 | E69: =IF(E64<=IN!$C$48,E66/E67,0) -> 2.6162077 | F69: =IF(F64<=IN!$C$48,F66/F67,0) -> 2.6213315 | G69: =IF(G64<=IN!$C$48,G66/G67,0) -> 2.6265074 | H69: =IF(H64<=IN!$C$48,H66/H67,0) -> 2.6317358 | I69: =IF(I64<=IN!$C$48,I66/I67,0) -> 2.6370173 | J69: =IF(J64<=IN!$C$48,J66/J67,0) -> 2.5424133 | ... AF69: =IF(AF64<=IN!$C$48,AF66/AF67,0) -> 0
B71: ADSCR | C71: =SUM($C$69:$AF$69)/IN!$C$48 -> 2.516077
B72: LLCR | C72: =NPV(IN!$C$44,$C$66:$Y$66)/(IN!$Q$52) -> 1.9651558

Sheet SP opz2
B4: DINAMICA PATRIMONIALE
B5: Dati in €
B6: Anno | C6: anno 1 | D6: anno 2 | E6: anno 3 | F6: anno 4 | G6: anno 5 | H6: anno 6 | I6: anno 7 | J6: anno 8 | K6: anno 9 | L6: anno 10 | M6: anno 11 | N6: anno 12 | O6: anno 13 | P6: anno 14 | Q6: anno 15 | R6: anno 16 | S6: anno 17 | T6: anno 18 | U6: anno 19 | V6: anno 20 | W6: anno 21 | X6: anno 22 | Y6: anno 23 | Z6: =Y6+1 -> #VALUE! | AA6: =Z6+1 -> #VALUE! | AB6: =AA6+1 -> #VALUE! | AC6: =AB6+1 -> #VALUE! | AD6: =AC6+1 -> #VALUE! | AE6: =AD6+1 -> #VALUE! | AF6: =AE6+1 -> #VALUE!
C7: 1 | D7: =C7+1 -> 2 | E7: =D7+1 -> 3 | F7: =E7+1 -> 4 | G7: =F7+1 -> 5 | H7: =G7+1 -> 6 | I7: =H7+1 -> 7 | J7: =I7+1 -> 8 | K7: =J7+1 -> 9 | ... AF7: =AE7+1 -> 30
B8: Immobilizzazioni nette | C8: =Investimenti!G33-Investimenti!G41 -> 5172633.5 | D8: =IF(D7<=IN!$C$47,SUM(Investimenti!$G$33:H33)-SUM(Investimenti!$G$41:H41),0) -> 4937513.8 | E8: =IF(E7<=IN!$C$47,SUM(Investimenti!$G$33:I33)-SUM(Investimenti!$G$41:I41),0) -> 4702394.1 | F8: =IF(F7<=IN!$C$47,SUM(Investimenti!$G$33:J33)-SUM(Investimenti!$G$41:J41),0) -> 4467274.4 | G8: =IF(G7<=IN!$C$47,SUM(Investimenti!$G$33:K33)-SUM(Investimenti!$G$41:K41),0) -> 4232154.7 | H8: =IF(H7<=IN!$C$47,SUM(Investimenti!$G$33:L33)-SUM(Investimenti!$G$41:L41),0) -> 3997035 | I8: =IF(I7<=IN!$C$47,SUM(Investimenti!$G$33:M33)-SUM(Investimenti!$G$41:M41),0) -> 3761915.3 | J8: =IF(J7<=IN!$C$47,SUM(Investimenti!$G$33:N33)-SUM(Investimenti!$G$41:N41),0) -> 3526795.6 | K8: =IF(K7<=IN!$C$47,SUM(Investimenti!$G$33:O33)-SUM(Investimenti!$G$41:O41),0) -> 3291675.9 | ... AF8: =IF(AF7<=IN!$C$47,SUM(Investimenti!$G$33:AJ33)-SUM(Investimenti!$G$41:AJ41),0) -> 0
B9: CCN | C9: ='CE CC opz2'!C84 -> -1082506.7 | D9: ='CE CC opz2'!D84 -> 95230.842 | E9: ='CE CC opz2'!E84 -> 95455.559 | F9: ='CE CC opz2'!F84 -> 95682.555 | G9: ='CE CC opz2'!G84 -> 95911.856 | H9: ='CE CC opz2'!H84 -> 96143.484 | I9: ='CE CC opz2'!I84 -> 96377.463 | J9: ='CE CC opz2'!J84 -> 90597.38 | ... AF9: ='CE CC opz2'!AF84 -> 0
B10: CIN | C10: =C8+C9 -> 4090126.8 | D10: =D8+D9 -> 5032744.7 | E10: =E8+E9 -> 4797849.7 | F10: =F8+F9 -> 4562957 | G10: =G8+G9 -> 4328066.6 | H10: =H8+H9 -> 4093178.5 | I10: =I8+I9 -> 3858292.7 | J10: =J8+J9 -> 3617393 | ... AF10: =AF8+AF9 -> 0
B11: Capitale sociale | C11: =-'RF VAL_INV opz2'!C30 -> 1789620 | D11: =IN!Q53 -> 2796890 | E11: =D11 -> 2796890 | F11: =E11 -> 2796890 | G11: =F11 -> 2796890 | H11: =G11 -> 2796890 | I11: =H11 -> 2796890 | J11: =I11 -> 2796890 | K11: =J11 -> 2796890 | L11: =K11 -> 2796890 | ... Y11: =X11 -> 2796890
B12: Riserve | C12: 0 | D12: =IF(D7<=IN!$C$47,SUM(C12:C13),0) -> -227869.44 | E12: =IF(E7<=IN!$C$47,SUM(D12:D13),0) -> -110790.34 | F12: =IF(F7<=IN!$C$47,SUM(E12:E13),0) -> 8876.7527 | G12: =IF(G7<=IN!$C$47,SUM(F12:F13),0) -> 131190.03 | H12: =IF(H7<=IN!$C$47,SUM(G12:G13),0) -> 256209.16 | I12: =IF(I7<=IN!$C$47,SUM(H12:H13),0) -> 383995.31 | J12: =IF(J7<=IN!$C$47,SUM(I12:I13),0) -> 514611.25 | K12: =IF(K7<=IN!$C$47,SUM(J12:J13),0) -> 626581.31 | ... AF12: =IF(AF7<=IN!$C$47,SUM(AE12:AE13),0) -> 0
B13: Utile/Perdita d'esercizio | C13: =IF(C7<=IN!$C$47,'CE CC opz2'!C47,0) -> -227869.44 | D13: =IF(D7<=IN!$C$47,'CE CC opz2'!D47,0) -> 117079.09 | E13: =IF(E7<=IN!$C$47,'CE CC opz2'!E47,0) -> 119667.1 | F13: =IF(F7<=IN!$C$47,'CE CC opz2'!F47,0) -> 122313.28 | G13: =IF(G7<=IN!$C$47,'CE CC opz2'!G47,0) -> 125019.13 | H13: =IF(H7<=IN!$C$47,'CE CC opz2'!H47,0) -> 127786.16 | I13: =IF(I7<=IN!$C$47,'CE CC opz2'!I47,0) -> 130615.93 | J13: =IF(J7<=IN!$C$47,'CE CC opz2'!J47,0) -> 111970.06 | ... AF13: =IF(AF7<=IN!$C$47,'CE CC opz2'!AF47,0) -> 0
B14: Finanziamento a M/L Termine | C14: {=TRANSPOSE(IN!R57:R86)} -> 2528376.2 | D14: 2443587.7 | E14: 2356433.7 | F14: 2266848 | G14: 2174763 | H14: 2080108.7 | I14: 1982813.6 | J14: 1882803.9 | K14: 1780004 | L14: 1674336 | M14: 1565719.8 | N14: 1454073.3 | O14: 1339311.8 | P14: 1221348.4 | Q14: 1100093.9 | R14: 975456.36 | S14: 847341.45 | T14: 715652.13 | U14: 580288.67 | V14: 441148.58 | W14: 298126.48 | X14: 151114.06 | Y14: 2.5320332e-09 | Z14: 0 | AA14: 0 | AB14: 0 | AC14: 0 | AD14: 0 | AE14: 0 | AF14: 0
B15: Saldo Banche a B/T/ (Cassa) | C15: =IF(C7<=IN!$C$47,-'RF VAL_INV opz2'!C30,0)-C11 -> 0 | D15: =IF(D7<=IN!$C$47,-'RF VAL_INV opz2'!C30-'RF VAL_INV opz2'!D30,0)-D11 -> -96942.712 | E15: =IF(E7<=IN!$C$47,D15-'RF VAL_INV opz2'!E30,0) -> -364350.75 | F15: =IF(F7<=IN!$C$47,E15-'RF VAL_INV opz2'!F30,0) -> -631971.09 | G15: =IF(G7<=IN!$C$47,F15-'RF VAL_INV opz2'!G30,0) -> -899795.54 | H15: =IF(H7<=IN!$C$47,G15-'RF VAL_INV opz2'!H30,0) -> -1167815.5 | I15: =IF(I7<=IN!$C$47,H15-'RF VAL_INV opz2'!I30,0) -> -1436022.1 | J15: =IF(J7<=IN!$C$47,I15-'RF VAL_INV opz2'!J30,0) -> -1688882.3 | K15: =IF(K7<=IN!$C$47,J15-'RF VAL_INV opz2'!K30,0) -> -1951417.1 | L15: =IF(L7<=IN!$C$47,K15-'RF VAL_INV opz2'!L30,0) -> -2220125.6 | ... AF15: =IF(AF7<=IN!$C$47,AE15-'RF VAL_INV opz2'!AF30,0) -> 0
B16: Fabbisogno finanziario | C16: =SUM(C14:C15) -> 2528376.2 | D16: =SUM(D14:D15) -> 2346645 | E16: =SUM(E14:E15) -> 1992082.9 | F16: =SUM(F14:F15) -> 1634877 | G16: =SUM(G14:G15) -> 1274967.4 | H16: =SUM(H14:H15) -> 912293.19 | I16: =SUM(I14:I15) -> 546791.53 | J16: =SUM(J14:J15) -> 193921.68 | ... AF16: =SUM(AF14:AF15) -> 0
B17: Fonti di copertura | C17: =SUM(C11:C13,C16) -> 4090126.8 | D17: =SUM(D11:D13,D16) -> 5032744.7 | E17: =SUM(E11:E13,E16) -> 4797849.7 | F17: =SUM(F11:F13,F16) -> 4562957 | G17: =SUM(G11:G13,G16) -> 4328066.6 | H17: =SUM(H11:H13,H16) -> 4093178.5 | I17: =SUM(I11:I13,I16) -> 3858292.7 | J17: =SUM(J11:J13,J16) -> 3617393 | ... Y17: =SUM(Y11:Y13,Y16) -> 100461.52 | Z17: =SUM(Z12:Z13,Z16) -> 0 | AA17: =SUM(AA12:AA13,AA16) -> 0 | AB17: =SUM(AB12:AB13,AB16) -> 0 | AC17: =SUM(AC12:AC13,AC16) -> 0 | AD17: =SUM(AD12:AD13,AD16) -> 0 | AE17: =SUM(AE12:AE13,AE16) -> 0 | AF17: =SUM(AF12:AF13,AF16) -> 0
B23: check | C23: =C17-C10 -> 0 | D23: =D17-D10 -> 0 | E23: =E17-E10 -> 0 | F23: =F17-F10 -> 0 | G23: =G17-G10 -> 0 | H23: =H17-H10 -> 0 | I23: =I17-I10 -> 0 | J23: =J17-J10 -> 0 | ... Y23: =Y17-Y10 -> -1.4842954e-09

Sheet QUADRO ECONOMICO
A1: QUADRO ECONOMICO
A2: I | B2: IMPORTO LAVORI
A3: I.1 | B3: Importo per lavori di ristrutturazione | C3: 4982526
A4: I.2 | B4: Oneri per la sicurezza, per lavori di ristrutturazione, non soggetti a ribasso d'asta | C4: 99650.52
B5: totale importo lavori | C5: =SUM(C3:C4) -> 5082176.5
A7: II | B7: SPESE TECNICHE
A8: II.1 | B8: Spese predisposizione offerta e progetto di fattibilità | C8: 116563.15
A9: II.2 | B9: Corrispettivi Progettazione esecutiva | C9: 186501.04
A10: II.3 | B10: Corrispettivi coordinamento sicurezza in fase di progettazione | C10: 69937.89
B11: totale spese tecniche | C11: =SUM(C8:C10) -> 373002.08
A13: III | B13: SOMME A DISPOSIZIONE PER L'AMMINISTRAZIONE COMUNALE
A14: III.1 | B14: Somme a disposizione per la procedura di gara e contratto | C14: 60000
A15: III.2 | B15: indennizzo ex art. 19 del D.Lgs 23 dicembre 2022 n.201 | C15: 879781.74
A16: III.3 | B16: Corrispettivi per la verifica del progetto esecutivo (QbIII.09) | C16: 46625.26
A17: III.4 | B17: Corrispettivi Direzione lavori (QcI.01 - QcI.10) | C17: 116563.15
A18: III.5 | B18: Spese per collaudi | C18: 93250.52
B19: totale somme a disposizione | C19: =SUM(C14:C18) -> 1196220.7
B21: TOTALE QUADRO ECONOMICO | C21: =C19+C11+C5 -> 6651399.3

Sheet WACC+FONTI
A2: WACC= Ke*(E/(D+E))+Kd*(1-t)*(D/(D+E))
A4: E | B4: Capitale di rischio
A5: D | B5: Indebitamento
A6: Ke | B6: Tasso di rendimento del capitale di rischio
A7: Kd | B7: Tasso di rendimento sull'indebitamento
A8: t | B8: aliquota fiscale per il calcolo del beneficio derivante dalla deducibilità,
B9: ai fini delle imposte dirette IRES, degli oneri finanziari (scudo fiscale)
A11: WACC post-tax
A13: Calcolo del costo del capitale di rischio (Ke) | C13: 2025
A14: Rf | B14: Risk Free Rate | C14: 0.0356 | D14: Media BTP 10Y
A15: (Rm - Rf) | B15: Equity Risk Premium | C15: 0.04999 | D15: Damodaran
A16: Beta | B16: Beta re-levered | C16: 0.6931 | D16: Elaborazione dati Bloomberg
B17: Costo del capitale di rischio (Ke) | C17: =C14+C15*C16 -> 0.070248069
B18: Rischio non sistematico | C18: 0
B19: Patrimonio netto su totale fonti | C19: =IN!P53 -> 0.5172 | D19: PN / Tot fonti GHera 4Q 2024
B20: Incidenza del capitale sul WACC | C20: =C17*C19 -> 0.036332301
A22: Calcolo del costo dell'indebitamento (Kd)
B23: Costo indebitamento finanziario | C23: 0.0367 | D23: Costo indebitamento M/L GHera forecast
B24: Scudo fiscale | C24: 0.24 | D24: Teorico IRES
B25: Costo dell'indebitamento (Kd) | C25: =(C23-(C23*C24)) -> 0.027892
B26: PFN su totale fonti | C26: =IN!P52 -> 0.4828
B27: Incidenza del debito sul WACC | C27: =(C23*(1-C24))*C26 -> 0.013466258
B29: WACC post-tax "Utility" | C29: =ROUND((C20+C27),4) -> 0.0498

Sheet Riepilogo Servizio
A1: ANALISI DEI COSTI DI GESTIONE E DI ESERCIZIO DA SOSTENERE
A3: ELEMENTI BASE | B3: Q.tà
A4: Pubblica Illuminazione
A5: punti luce | B5: 6237 | D5: costo orario della mano d'opera (tab. ministero) | G5: 25.53
A6: cabine alimentazione | B6: 231
A7: percentuale apparecchi a scarica | B7: 0.001
A8: LIVELLO DI SERVIZIO (scheda 8 CAM Servizi IP) | B8: 3 | G8: operaio livello C2
A11: RIEPILOGO costi diretti | B11: Ore | D11: Costo totale manodopera | F11: materiale | G11: Totale
A12: IP - Illuminazione Pubblica
A13: servizio
A14: livello 1 | B14: 1591.55 | D14: ='IP servizio'!D6 -> 40142.1 | E14: =ROUND(G14/$B$5,2) -> 9.22 | F14: ='IP servizio'!I6 -> 17372.355 | G14: =+F14+D14 -> 57514.455
A15: livello 2 | B15: 2482.11 | D15: ='IP servizio'!E6 -> 62874.77 | E15: =ROUND(G15/$B$5,2) -> 12.87 | F15: =+F14 -> 17372.355 | G15: =+F15+D15 -> 80247.125
A16: livello 3 | B16: 2785.56 | D16: ='IP servizio'!F6 -> 53015.85 | E16: =ROUND(G16/$B$5,2) -> 11.29 | F16: =+F15 -> 17372.355 | G16: =+F16+D16 -> 70388.205
A18: attrezzature
A19: livello 1 | E19: 0.65 | G19: =B5*E19 -> 4054.05
A20: livello 2 | E20: 0.92 | G20: =B5*E20 -> 5738.04
A21: livello 3 | E21: 1.16 | G21: =B5*E21 -> 7234.92
A23: Servizi Centralizzati: | B23: punti luce | C23: % | D23: elementi | F23: costo unitario
A24: pubblica illuminazione
A25: spese tecniche | C25: 0.1 | D25: =+G14 -> 57514.455 | G25: =ROUND(D25*C25,2) -> 5751.45
A26: call center | B26: =+B5 -> 6237 | C26: 0.1 | D26: =ROUND(C26*B26,0) -> 624 | F26: 4 | G26: =ROUND(F26*D26,2) -> 2496
A27: sistema informativo | B27: =+B5 -> 6237 | F27: 0.5 | G27: =+ROUND(F27*B27,2) -> 3118.5
A28: reperibilità e pronto intervento | B28: =+B5 -> 6237 | F28: 2 | G28: =+ROUND(F28*B28,2) -> 12474
A29: materiale di consumo | B29: =+B5 -> 6237 | F29: 0.5 | G29: =+ROUND(F29*B29,2) -> 3118.5
A31: totale parziale | E31: =ROUND(G31/$B$5,2) -> 4.32 | G31: =SUM(G25:G30) -> 26958.45
A33: TOTALE COSTI PI | B33: livello | C33: =B8 -> 3 | E33: =ROUND(G33/$B$5,2) -> 16.77 | G33: =IF(C33=1,G14+G19+G31,IF(C33=2,G15+G20+G31,IF(C33=3,G16+G21+G31,))) -> 104581.57

Sheet IP servizio
A1: ILLUMINAZIONE PUBBLICA - GESTIONE
C2: DURATA INTERVENTO | D2: CADENZA ANNUALE | H2: n° elementi | I2: Materiale
C3: tempo per prestazione individuale | D3: livello 1 | E3: livello 2 | F3: livello 3
C4: minuti | H4: n.
A6: RIEPILOGO, costo | D6: =+D9+D12+D15 -> 40142.1 | E6: =+E9+E12+E15 -> 62874.77 | F6: =+F9+F12+F15 -> 53015.85 | I6: =SUM(I9:I15) -> 17372.355
A7: RIEPILOGO, ore lavoro/anno | D7: =+D10+D13+D16 -> 1572.35 | E7: =+E10+E13+E16 -> 2462.78 | F7: =+F10+F13+F16 -> 2076.61
A9: CABINE, costo | D9: =ROUND(D10*'Riepilogo Servizio'!$G$5,2) -> 2064.1 | E9: =ROUND(E10*'Riepilogo Servizio'!$G$5,2) -> 4496.85 | F9: =ROUND(F10*'Riepilogo Servizio'!$G$5,2) -> 3258.39 | I9: =+I22 -> 2310
A10: CABINE, ore lavoro/anno | D10: =(ROUND(SUMPRODUCT(D23:D60,$H$23:$H$60)*(1-'IP servizio'!$D$19)/60,2)) -> 80.85 | E10: =(ROUND(SUMPRODUCT(E23:E60,$H$23:$H$60)*(1-'IP servizio'!$E$19)/60,2)) -> 176.14 | F10: =(ROUND(SUMPRODUCT(F23:F60,$H$23:$H$60)*(1-'IP servizio'!$F$19)/60,2)) -> 127.63
A12: PUNTI LUCE, costo | D12: =ROUND(D13*'Riepilogo Servizio'!$G$5,2) -> 30837.69 | E12: =ROUND(E13*'Riepilogo Servizio'!$G$5,2) -> 52171.83 | F12: =ROUND(F13*'Riepilogo Servizio'!$G$5,2) -> 46654.54 | I12: =+I64 -> 0
A13: PUNTI LUCE, ore lavoro/anno | D13: =ROUND(SUMPRODUCT(D65:D90,$H$65:$H$90)*(1-'IP servizio'!$D$19)/60,2) -> 1207.9 | E13: =ROUND(SUMPRODUCT(E65:E90,$H$65:$H$90)*(1-'IP servizio'!$E$19)/60,2) -> 2043.55 | F13: =ROUND(SUMPRODUCT(F65:F90,$H$65:$H$90)*(1-'IP servizio'!$F$19)/60,2) -> 1827.44
A15: MANUTENZIONE, costo | D15: =ROUND(D16*'Riepilogo Servizio'!$G$5,2) -> 7240.31 | E15: =ROUND(E16*'Riepilogo Servizio'!$G$5,2) -> 6206.09 | F15: =ROUND(F16*'Riepilogo Servizio'!$G$5,2) -> 3102.92 | I15: =+I96 -> 15062.355
A16: MANUTENZIONE, ore lavoro/anno | D16: =ROUND(SUMPRODUCT(D97,$H$97)*(1-'IP servizio'!$D$19)/60,2) -> 283.6 | E16: =ROUND(SUMPRODUCT(E97,$H$97)*(1-'IP servizio'!$E$19)/60,2) -> 243.09 | F16: =ROUND(SUMPRODUCT(F97,$H$97)*(1-'IP servizio'!$F$19)/60,2) -> 121.54
A18: FATTORE DI CONTEMPORANEITA' ed OTTIMIZZAZIONE
A19: calcolo ore lavoro seriale IP | D19: 0.3 | E19: 0.4 | F19: 0.7
A22: CABINE ALIMENTAZIONE | C22: Tempo per intervento (min/cab/op) | D22: Somma Tempi Anno (min/cab/yrs) | E22: Somma Tempi Anno (min/cab/yrs) | F22: Somma Tempi Anno (min/cab/yrs) | G22: Descrizione CADENZA Annotazioni | H22: n° elementi | I22: =SUM(I23:I60) -> 2310
A23: Armadio di comando e protezione | C23: =SUM(C25) -> 5 | D23: =SUMPRODUCT($B$25,$C$25,D25) -> 5 | E23: =SUMPRODUCT($B$25,$C$25,E25) -> 30 | F23: =SUMPRODUCT($B$25,$C$25,F25) -> 30 | H23: ='Riepilogo Servizio'!B6 -> 231 | K23: livello 1 | L23: livello 2 | M23: livello 3
B24: N.ro operai | C24: Tempo per intervento (min/cab/op) | D24: N.ro interventi per anno | E24: N.ro interventi per anno | F24: N.ro interventi per anno | K24: Intervento ogni X anni
A25: Verifica funzionale involucro | B25: 1 | C25: 5 | D25: 1 | E25: 6 | F25: 6 | G25: prestazione effettuata in occasione della lettura del contatore | K25: =1/D25 -> 1 | L25: =1/E25 -> 0.16666667 | M25: =1/F25 -> 0.16666667
A26: Verifica funzionale chiusura a chiave della portella
A27: Verifica del grado di isolamento interno ed esterno
A28: Lettura del gruppo di misura
A29: Apparecchiature in cabina | C29: =SUM(C32:C44) -> 50 | D29: =SUMPRODUCT($B$32:$B$44,$C$32:$C$44,D32:D44) -> 15.5 | E29: =SUMPRODUCT($B$32:$B$44,$C$32:$C$44,E32:E44) -> 27.75 | F29: =SUMPRODUCT($B$32:$B$44,$C$32:$C$44,F32:F44) -> 44.5 | H29: ='Riepilogo Servizio'!B6 -> 231 | I29: =ROUND(H29*H30,2) -> 1155
C30: materiali manutenzioni | H30: 5
B31: N.ro operai | C31: Tempo per intervento (min/cab/op) | D31: N.ro interventi per anno | E31: N.ro interventi per anno | F31: N.ro interventi per anno | K31: Intervento ogni X anni
A32: Pulizia generale | B32: 1 | C32: 5 | D32: 0.2 | E32: 0.33 | F32: 0.5 | K32: =1/D32 -> 5 | L32: =1/E32 -> 3.030303 | M32: =1/F32 -> 2
A33: Verifica dello stato di conservazione carpenterie | B33: 1 | C33: 5 | D33: 0.2 | E33: 0.33 | F33: 0.5 | K33: =1/D33 -> 5 | L33: =1/E33 -> 3.030303 | M33: =1/F33 -> 2
A34: Verifica funzionale strumentazione | B34: 1 | C34: 5 | D34: 0.2 | E34: 0.33 | F34: 0.5 | K34: =1/D34 -> 5 | L34: =1/E34 -> 3.030303 | M34: =1/F34 -> 2
A35: Controllo surriscaldamenti | B35: 1 | C35: 5 | D35: 0.2 | E35: 0.33 | F35: 0.5 | K35: =1/D35 -> 5 | L35: =1/E35 -> 3.030303 | M35: =1/F35 -> 2
A36: Verifica dello stato collegamenti di terra | B36: 1 | C36: 5 | D36: 0.2 | E36: 0.33 | F36: 0.5 | K36: =1/D36 -> 5 | L36: =1/E36 -> 3.030303 | M36: =1/F36 -> 2
A37: Verifica funzionale interruttore accensione ed eventuale taratura | B37: 1 | C37: 5 | D37: 0.5 | E37: 1 | F37: 1 | K37: =1/D37 -> 2 | L37: =1/E37 -> 1 | M37: =1/F37 -> 1
A38: Verifica dello stato di conservazione di cavi e cablaggi | B38: 1 | C38: 5 | D38: 0.2 | E38: 0.2 | F38: 0.2 | K38: =1/D38 -> 5 | L38: =1/E38 -> 5 | M38: =1/F38 -> 5
A39: Verifica dello stato di conservazione delle morsettiere | B39: 1 | C39: 5 | D39: 0.2 | E39: 0.2 | F39: 0.2 | K39: =1/D39 -> 5 | L39: =1/E39 -> 5 | M39: =1/F39 -> 5
A40: Verifica funzionale fusibili | B40: 1 | C40: 5 | D40: 0.2 | E40: 0.5 | F40: 1 | K40: =1/D40 -> 5 | L40: =1/E40 -> 2 | M40: =1/F40 -> 1
A41: Verifica funzionale differenziali | B41: 1 | C41: 5 | D41: 1 | E41: 2 | F41: 4 | K41: =1/D41 -> 1 | L41: =1/E41 -> 0.5 | M41: =1/F41 -> 0.25
A42: Verifica funzionale quadro sinottico
A43: Misura del fattore di potenza delle linee
A44: Verifica funzionale delle protezioni e il loro coordinamento
A45: Rifasamento in cabina | C45: =SUM(C48) -> 5 | D45: =SUMPRODUCT($B$48,$C$48,D48) -> 5 | E45: =SUMPRODUCT($B$48,$C$48,E48) -> 10 | F45: =SUMPRODUCT($B$48,$C$48,F48) -> 20 | H45: ='Riepilogo Servizio'!B6 -> 231 | I45: =ROUND(H45*H46,2) -> 1155
C46: materiali manutenzioni | H46: 5
B47: N.ro operai | C47: Tempo per intervento (min/cab/op) | D47: N.ro interventi per anno | E47: N.ro interventi per anno | F47: N.ro interventi per anno | K47: Intervento ogni X anni
A48: Verifica funzionale impianto | B48: 1 | C48: 5 | D48: 1 | E48: 2 | F48: 4 | K48: =1/D48 -> 1 | L48: =1/E48 -> 0.5 | M48: =1/F48 -> 0.25
A49: Verifica funzionale centralina
A50: Verifica ed equilibratura fasi
A51: Verifica funzionale condensatori
A52: Verifica funzionale fusibili
A53: Controlli Cabina | C53: =SUM(C55) -> 5 | D53: =SUMPRODUCT($B$55,$C$55,D55) -> 1 | E53: =SUMPRODUCT($B$55,$C$55,E55) -> 1 | F53: =SUMPRODUCT($B$55,$C$55,F55) -> 1 | H53: ='Riepilogo Servizio'!B6 -> 231
B54: N.ro operai | C54: Tempo per intervento (min/cab/op) | D54: N.ro interventi per anno | E54: N.ro interventi per anno | F54: N.ro interventi per anno | K54: Intervento ogni X anni
A55: Controllo rispondenze schema elettrico | B55: 1 | C55: 5 | D55: 0.2 | E55: 0.2 | F55: 0.2 | K55: =1/D55 -> 5 | L55: =1/E55 -> 5 | M55: =1/F55 -> 5
A56: Verifica rispondenza targhette identificativi circuiti ed eventuale integrazione, sostituzione, correzione
A57: Rete elettrica | C57: =SUM(C59) -> 5 | D57: =SUMPRODUCT($B$59,$C$59,D59) -> 1 | E57: =SUMPRODUCT($B$59,$C$59,E59) -> 2.5 | F57: =SUMPRODUCT($B$59,$C$59,F59) -> 5 | H57: ='Riepilogo Servizio'!B6 -> 231
B58: N.ro operai | C58: Tempo per intervento (min/cab/op) | D58: N.ro interventi per anno | E58: N.ro interventi per anno | F58: N.ro interventi per anno | K58: Intervento ogni X anni
A59: verifiche | B59: 1 | C59: 5 | D59: 0.2 | E59: 0.5 | F59: 1 | K59: =1/D59 -> 5 | L59: =1/E59 -> 2 | M59: =1/F59 -> 1
A60: Impianti di terra | C60: =SUM(C62) -> 10 | D60: =SUMPRODUCT($B$62,$C$62,D62,$I$62) -> 2.5 | E60: =SUMPRODUCT($B$62,$C$62,E62,$I$62) -> 5 | F60: =SUMPRODUCT($B$62,$C$62,F62,$I$62) -> 10 | H60: ='Riepilogo Servizio'!B6 -> 231
B61: N.ro operai | C61: Tempo per intervento (min/cab/op) | D61: N.ro interventi per anno | E61: N.ro interventi per anno | F61: N.ro interventi per anno | I61: % cab interessate | K61: Intervento ogni X anni
A62: verifiche messa a terra | B62: 1 | C62: 10 | D62: 0.25 | E62: 0.5 | F62: 1 | I62: 1 | K62: =1/D62 -> 4 | L62: =1/E62 -> 2 | M62: =1/F62 -> 1
A64: PUNTI LUCE | C64: Tempo per intervento (min/pl) | D64: Somma Tempi Anno (min/pl/yrs) | E64: Somma Tempi Anno (min/pl/yrs) | F64: Somma Tempi Anno (min/pl/yrs) | G64: Descrizione CADENZA Annotazioni | H64: n° elementi | I64: =SUM(I65:I90) -> 0
A65: Corpo dell’apparecchio | C65: =SUM(C68:C77) -> 5.6 | D65: =SUMPRODUCT($B$68:$B$77,$C$68:$C$77,D68:D77) -> 3.1 | E65: =SUMPRODUCT($B$68:$B$77,$C$68:$C$77,E68:E77) -> 6.1 | F65: =SUMPRODUCT($B$68:$B$77,$C$68:$C$77,F68:F77) -> 6.1 | H65: ='Riepilogo Servizio'!B5 -> 6237 | I65: =ROUND(H65*H66,2) -> 0
C66: materiali manutenzioni
B67: N.ro operai | C67: Tempo per intervento (min/pl/op) | D67: N.ro interventi per anno | E67: N.ro interventi per anno | F67: N.ro interventi per anno | K67: Intervento ogni X anni
A68: Controllo visivo integrità dei corpi illuminanti | B68: 1 | C68: =60/100 -> 0.6 | D68: 1 | E68: 6 | F68: 6 | G68: Giro Del Guardiano | K68: =1/D68 -> 1 | L68: =1/E68 -> 0.16666667 | M68: =1/F68 -> 0.16666667
A69: Pulizia dell’involucro esterno | B69: 2 | C69: 5 | D69: 0.25 | E69: 0.25 | F69: 0.25 | K69: =1/D69 -> 4 | L69: =1/E69 -> 4 | M69: =1/F69 -> 4
A70: Verifica funzionale dell’involucro esterno
A71: Pulizia dei riflettori e rifrattori
A72: Verifica della chiusura e dell’integrità dei rifrattori/riflettori
A73: Pulizia dei diffusori
A74: Pulizia di coppe di chiusura
A75: Verifica della chiusura e dell’integrità delle coppe di chiusura
A76: Verifica funzionale
A77: Verifica stato di usura dei portalampada
A78: Pozzetti dell’impianto | C78: =SUM(C80) -> 5 | D78: =SUMPRODUCT($B$80,$C$80,D80) -> 1 | E78: =SUMPRODUCT($B$80,$C$80,E80) -> 1.665 | F78: =SUMPRODUCT($B$80,$C$80,F80) -> 2.5 | H78: ='Riepilogo Servizio'!B5 -> 6237
B79: N.ro operai | C79: Tempo per intervento (min/pl/op) | D79: N.ro interventi per anno | E79: N.ro interventi per anno | F79: N.ro interventi per anno | K79: Intervento ogni X anni
A80: Verifica che i pozzetti siano nella posizione originaria nella quale sono stati installati, ossia non devono affiorare o affondare a seguito di assestamenti o cedimenti del terreno | B80: 1 | C80: 5 | D80: 0.2 | E80: 0.333 | F80: 0.5 | G80: Giro Del Guardiano | K80: =1/D80 -> 5 | L80: =1/E80 -> 3.003003 | M80: =1/F80 -> 2
A81: Verifica che i pozzetti in calcestruzzo o in muratura presentino segni o rotture o fessurazioni a seguito di schiacciamenti dovuti al transito di autoveicoli pesanti o all’esecuzione di opere edili stradali nelle immediate vicinanze
A82: Pali e sbracci | C82: =SUM(C84:C89) -> 35 | D82: =SUMPRODUCT($B$84:$B$89,$C$84:$C$89,D84:D89) -> 8.75 | E82: =SUMPRODUCT($B$84:$B$89,$C$84:$C$89,E84:E89) -> 17.5 | F82: =SUMPRODUCT($B$84:$B$89,$C$84:$C$89,F84:F89) -> 35 | H82: ='Riepilogo Servizio'!B5 -> 6237
B83: N.ro operai | C83: Tempo per intervento (min/pl/op) | D83: N.ro interventi per anno | E83: N.ro interventi per anno | F83: N.ro interventi per anno | K83: Intervento ogni X anni
A84: Controllo visivo integrità dei pali e dei sostegni o integrità e copertura dell'armatura dei pali CAC | B84: 1 | C84: 5 | D84: 0.25 | E84: 0.5 | F84: 1 | G84: Giro Del Guardiano | K84: =1/D84 -> 4 | L84: =1/E84 -> 2 | M84: =1/F84 -> 1
A85: Verifica delle basi, in vicinanza della sezione di incastro | B85: 1 | C85: 5 | D85: 0.25 | E85: 0.5 | F85: 1 | G85: Giro Del Guardiano | K85: =1/D85 -> 4 | L85: =1/E85 -> 2 | M85: =1/F85 -> 1
A86: Verifica dello stato degli attacchi degli sbracci e delle paline installae a muro e su pali CAC | B86: 1 | C86: 5 | D86: 0.25 | E86: 0.5 | F86: 1 | G86: Giro Del Guardiano | K86: =1/D86 -> 4 | L86: =1/E86 -> 2 | M86: =1/F86 -> 1
A87: Verifica dell'allineamento dell'asse rispetto alla verticale | B87: 1 | C87: 5 | D87: 0.25 | E87: 0.5 | F87: 1 | G87: Giro Del Guardiano | K87: =1/D87 -> 4 | L87: =1/E87 -> 2 | M87: =1/F87 -> 1
A88: Verifica delle condizioni di sicurezza statica | B88: 1 | C88: 10 | D88: 0.25 | E88: 0.5 | F88: 1 | G88: Giro Del Guardiano | K88: =1/D88 -> 4 | L88: =1/E88 -> 2 | M88: =1/F88 -> 1
A89: Controllo della portella di chiusura dei pali | B89: 1 | C89: 5 | D89: 0.25 | E89: 0.5 | F89: 1 | G89: Giro Del Guardiano | K89: =1/D89 -> 4 | L89: =1/E89 -> 2 | M89: =1/F89 -> 1
A90: Sospensioni | C90: =SUM(C92:C94) -> 15 | D90: =SUMPRODUCT($B$92:$B$94,$C$92:$C$94,D92:D94) -> 3.75 | E90: =SUMPRODUCT($B$92:$B$94,$C$92:$C$94,E92:E94) -> 7.5 | F90: =SUMPRODUCT($B$92:$B$94,$C$92:$C$94,F92:F94) -> 15 | H90: ='Riepilogo Servizio'!B5 -> 6237
B91: N.ro operai | C91: Tempo per intervento (min/pl/op) | D91: N.ro interventi per anno | E91: N.ro interventi per anno | F91: N.ro interventi per anno | K91: Intervento ogni X anni
A92: Verifica visiva degli attacchi | B92: 1 | C92: 5 | D92: 0.25 | E92: 0.5 | F92: 1 | G92: Giro Del Guardiano | K92: =1/D92 -> 4 | L92: =1/E92 -> 2 | M92: =1/F92 -> 1
A93: Verifica visiva delle condizioni di sicurezza statica | B93: 1 | C93: 5 | D93: 0.25 | E93: 0.5 | F93: 1 | K93: =1/D93 -> 4 | L93: =1/E93 -> 2 | M93: =1/F93 -> 1
A94: Verifica visiva dello stato di funi e ganci | B94: 1 | C94: 5 | D94: 0.25 | E94: 0.5 | F94: 1 | K94: =1/D94 -> 4 | L94: =1/E94 -> 2 | M94: =1/F94 -> 1
A96: MANUTENZIONI | C96: Tempo per intervento (min/pl) | D96: Somma Tempi Anno (min/pl/yrs) | E96: Somma Tempi Anno (min/pl/yrs) | F96: Somma Tempi Anno (min/pl/yrs) | G96: Descrizione CADENZA Annotazioni | H96: n° elementi | I96: =SUM(I97) -> 15062.355
A97: Manutenzioni | C97: =SUM(C100:C105) -> 175 | D97: =SUMPRODUCT($B$100:$B$105,$C$100:$C$105,D100:D105,$I$100:$I$105) -> 3.8975 | E97: =SUMPRODUCT($B$100:$B$105,$C$100:$C$105,E100:E105,$I$100:$I$105) -> 3.8975 | F97: =SUMPRODUCT($B$100:$B$105,$C$100:$C$105,F100:F105,$I$100:$I$105) -> 3.8975 | H97: ='Riepilogo Servizio'!B5 -> 6237 | I97: =ROUND(H97*H98,29) -> 15062.355
C98: materiali manutenzioni | H98: =SUMPRODUCT(H100:H105,I100:I105) -> 2.415
B99: N.ro operai | C99: Tempo per intervento (min/pl/op) | D99: N.ro interventi per anno | E99: N.ro interventi per anno | F99: N.ro interventi per anno | H99: costo f.p.o. esclusa manodopera e noli | I99: % pl interessati | K99: Intervento ogni X anni
A100: cambio lampade | B100: 2 | C100: 15 | D100: 0.25 | E100: 0.25 | F100: 0.25 | H100: 10 | I100: ='Riepilogo Servizio'!B7 -> 0.001 | K100: =1/D100 -> 4 | L100: =1/E100 -> 4 | M100: =1/F100 -> 4
A101: altra manutenzione ordinaria (accenditori, condensatori, fusibili, minuteria quadri, ecc.) | B101: 2 | C101: 5 | D101: 1 | E101: 1 | F101: 1 | H101: 5 | I101: ='Riepilogo Servizio'!B7 -> 0.001 | K101: =1/D101 -> 1 | L101: =1/E101 -> 1 | M101: =1/F101 -> 1
A102: cambio armatura | B102: 2 | C102: 30 | D102: 1 | E102: 1 | F102: 1 | H102: 100 | I102: 0.001 | K102: =1/D102 -> 1 | L102: =1/E102 -> 1 | M102: =1/F102 -> 1
A103: cambio sostegni | B103: 2 | C103: 60 | D103: 1 | E103: 1 | F103: 1 | H103: 250 | I103: 0.001 | K103: =1/D103 -> 1 | L103: =1/E103 -> 1 | M103: =1/F103 -> 1
A104: verniciatura sostegni | B104: 1 | C104: 60 | D104: 1 | E104: 1 | F104: 1 | H104: 40 | I104: 0.02 | K104: =1/D104 -> 1 | L104: =1/E104 -> 1 | M104: =1/F104 -> 1
A105: altra manutenzione straordinaria conservativa (interventi su linee, quadri, pali) | B105: 2 | C105: 5 | D105: 1 | E105: 1 | F105: 1 | H105: 5 | I105: 0.25 | K105: =1/D105 -> 1 | L105: =1/E105 -> 1 | M105: =1/F105 -> 1
